Workbook

Sheet Planilha de custos
A1: LOTE ÚNICO – Serviços veterinários e de atendimento de animais
A2: 1.1 Fornecimento de Mão-de-Obra:
A3: Item: | B3: Descrição: | C3: Un. de medida: | D3: Quant. mensal: | E3: Valor unitário: | F3: Valor total mensal: | G3: Valor total para contratação pelo período de 12 (doze) meses:
A4: a | B4: b | C4: c | D4: d | E4: e | F4: f = d x e | G4: g = f x 12
A5: 1.1.1 | B5: ADESTRADOR DE ANIMAIS (CBO: 6230-05), SEM DEDICAÇÃO EXCLUSIVA Incluso fornecimento de uniforme, crachá e EPIs para execução das atividades. CATSER: 25143 | C5: Hora | D5: 100 | F5: =ROUND(D5*E5,2) -> 0 | G5: =ROUND(F5*12,2) -> 0
A6: 1.1.2 | B6: MÉDICO-VETERINÁRIO (CBO: 2233-05), TIPO I, SEM DEDICAÇÃO EXCLUSIVA Incluso fornecimento de uniforme, crachá e EPIs para execução das atividades. CATSER: 14001 | C6: Hora | D6: 2250 | F6: =ROUND(D6*E6,2) -> 0 | G6: =ROUND(F6*12,2) -> 0
A7: 1.1.3 | B7: MÉDICO-VETERINÁRIO (CBO: 2233-05), TIPO II, COM RESPONSABILIDADE TÉCNICA - RT, COM DEDICAÇÃO EXCLUSIVA 40h semanais, 200h mensais, incluindo fornecimento de uniforme, crachá e EPIs para execução das atividades, e encargos trabalhistas e sociais referentes à função. CATSER: 14001 | C7: Posto de trabalho | D7: 2 | F7: =ROUND(D7*E7,2) -> 0 | G7: =ROUND(F7*12,2) -> 0
A8: 1.1.4 | B8: ENCARREGADO OPERACIONAL (CBO 1412-05), COM DEDICAÇÃO EXCLUSIVA 44h semanais, 220h mensais, incluindo fornecimento de uniforme, crachá e EPIs para execução das atividades, e encargos trabalhistas e sociais referentes à função. CATSER: 25623 | C8: Posto de trabalho | D8: 2 | F8: =ROUND(D8*E8,2) -> 0 | G8: =ROUND(F8*12,2) -> 0
A9: 1.1.5 | B9: AUXILIAR DE VETERINÁRIA (CBO: 5193-05), COM DEDICAÇÃO EXCLUSIVA 44h semanais, 220h mensais, incluindo fornecimento de uniforme, crachá e EPIs para execução das atividades, e encargos trabalhistas e sociais referentes à função. | C9: Posto de trabalho | D9: 8 | F9: =ROUND(D9*E9,2) -> 0 | G9: =ROUND(F9*12,2) -> 0
A10: 1.1.6 | B10: AUXILIAR DE FARMÁCIA (CBO 5211-30), COM DEDICAÇÃO EXCLUSIVA 44h semanais, 220h mensais, incluindo fornecimento de uniforme, crachá e EPIs para execução das atividades, e encargos trabalhistas e sociais referentes à função. | C10: Posto de trabalho | D10: 1 | F10: =ROUND(D10*E10,2) -> 0 | G10: =ROUND(F10*12,2) -> 0
A11: 1.1.7 | B11: TRATADOR DE ANIMAIS (CBO: 6230-20), COM DEDICAÇÃO EXCLUSIVA 44h semanais, 220h mensais, incluindo fornecimento de uniforme, crachá e EPIs para execução das atividades, e encargos trabalhistas e sociais referentes à função. CATSER: 25143 | C11: Posto de trabalho | D11: 20 | F11: =ROUND(D11*E11,2) -> 0 | G11: =ROUND(F11*12,2) -> 0
A12: 1.1.8 | B12: RECEPCIONISTA (CBO: 4221-05), COM DEDICAÇÃO EXCLUSIVA 44h semanais, 220h mensais, incluindo fornecimento de uniforme, crachá e EPIs para execução das atividades, e encargos trabalhistas e sociais referentes à função. CATSER: 8729 | C12: Posto de trabalho | D12: 2 | F12: =ROUND(D12*E12,2) -> 0 | G12: =ROUND(F12*12,2) -> 0
A13: 1.1.9 | B13: ASSISTENTE ADMINISTRATIVO (CBO: 4110-10), COM DEDICAÇÃO EXCLUSIVA 44h semanais, 220h mensais, incluindo fornecimento de uniforme, crachá e EPIs para execução das atividades, e encargos trabalhistas e sociais referentes à função. CATSER: 5380 | C13: Posto de trabalho | D13: 1 | F13: =ROUND(D13*E13,2) -> 0 | G13: =ROUND(F13*12,2) -> 0
A14: 1.1.10 | B14: AUXILIAR DE LIMPEZA (CBO: 5143-20), COM DEDICAÇÃO EXCLUSIVA 44h semanais, 220h mensais, incluindo fornecimento de uniforme, crachá e EPIs para execução das atividades, e encargos trabalhistas e sociais referentes à função. CATSER: 25194 | C14: Posto de trabalho | D14: 4 | F14: =ROUND(D14*E14,2) -> 0 | G14: =ROUND(F14*12,2) -> 0
A15: 1.1.11 | B15: AUXILIAR DE MANUTENÇÃO (CBO: 5143-10), COM DEDICAÇÃO EXCLUSIVA 44 horas semanais, 220h mensais, incluindo fornecimento de uniforme, crachá e EPIs para execução das atividades, e encargos trabalhistas e sociais referentes à função. | C15: Posto de trabalho | D15: 1 | F15: =ROUND(D15*E15,2) -> 0 | G15: =ROUND(F15*12,2) -> 0
A16: SUB-TOTAL 1.1: | F16: =ROUND(SUM(F5:F15),2) -> 0 | G16: =SUM(G5:G15) -> 0
A18: 1.2 Fornecimento de Medicamentos, Insumos e Materiais Ambulatoriais:
A19: Item: | B19: Descrição: | C19: Un. de medida: | D19: Quant. mensal: | E19: Valor unitário: | F19: Valor total mensal: | G19: Valor total para contratação pelo período de 12 (doze) meses:
A20: a | B20: b | C20: c | D20: d | E20: e | F20: f = d x e | G20: g = f x 12
A21: 1.2.1 | B21: ACETATO DE METILPREDNISOLONA 40 MG/ML Forma Farmacêutica: Suspensão Injetável Apresentação: Frasco de 2 ml CATMAT: 299690 | C21: Frasco de 2 ml | D21: 5 | F21: =ROUND(D21*E21,2) -> 0 | G21: =ROUND(F21*12,2) -> 0
A22: 1.2.2 | B22: ACETILCISTEÍNA 100 MG/ML (10%) Forma Farmacêutica: Solução Injetável Apresentação: Ampola de 3 ml CATMAT: 335091 | C22: Ampola de 3 ml | D22: 15 | F22: =ROUND(D22*E22,2) -> 0 | G22: =ROUND(F22*12,2) -> 0
A23: 1.2.3 | B23: ACETILCISTEÍNA 20 MG/ML Uso: Oral (Xarope) Apresentação: Frasco de 120 ml CATMAT: 270558 | C23: Frasco de 120 ml | D23: 1 | F23: =ROUND(D23*E23,2) -> 0 | G23: =ROUND(F23*12,2) -> 0
A24: 1.2.4 | B24: ÁCIDO TRANEXÂMICO 250 MG Apresentação: Comprimido CATMAT: 278338 | C24: Comprimido | D24: 12 | F24: =ROUND(D24*E24,2) -> 0 | G24: =ROUND(F24*12,2) -> 0
B25: ÁCIDO TRANEXÂMICO 50 MG/ML Forma Farmacêutica: Solução Injetável Apresentação: Ampola de 5 ml CATMAT: 327566 | C25: Ampola de 5 ml | D25: 50 | F25: =ROUND(D25*E25,2) -> 0 | G25: =ROUND(F25*12,2) -> 0
A26: 1.2.6 | B26: AGLEPRISTONE Indicação: Antiprogestativo para cadelas e gatas a base de Aglepristone Forma Farmacêutica: Solução Injetável Apresentação: Frasco de 10 ml CATMAT: 415435 | C26: Frasco de 10 ml | D26: 3 | F26: =ROUND(D26*E26,2) -> 0 | G26: =ROUND(F26*12,2) -> 0
A27: 1.2.7 | B27: ÁGUA DESTILADA PARA AUTOCLAVE Aspecto Físico: Estéril e Apirogênica Indicação: Água destilada própria para esterilização em autoclave. Apresentação: Galão de 5 litros CATMAT: 276839 | C27: Galão de 5 litros | D27: 6 | F27: =ROUND(D27*E27,2) -> 0 | G27: =ROUND(F27*12,2) -> 0
A28: 1.2.8 | B28: ÁGUA OXIGENADA, 1 L SOLUÇÃO DE PERÓXIDO DE HIDROGÊNIO Concentração: 3% Tipo: 10 Volumes Indicação: Antisséptico Apresentação: Frasco de 1 litro CATMAT: 277319 | C28: Frasco de 1 litro | D28: 8 | F28: =ROUND(D28*E28,2) -> 0 | G28: =ROUND(F28*12,2) -> 0
A29: 1.2.9 | B29: AGULHA HIPODÉRMICA 18 G X 1 ½” Material: Aço Inoxidável Siliconizado Dimensão: 18 G X 1 ½", 40X1,2 MM Tipo Ponta: Bisel Curto Trifacetado Tipo Conexão: Conector Luer Lock Ou Slip Em Plástico Tipo Fixação: Protetor Plástico Tipo Uso: Estéril, Descartável, Embalagem Individual Apresentação: Caixa com 100 unidades CATMAT: 439799 | C29: Caixa com 100 unidades | D29: 6 | F29: =ROUND(D29*E29,2) -> 0 | G29: =ROUND(F29*12,2) -> 0
A30: 1.2.10 | B30: AGULHA HIPODÉRMICA 21 G X 1 ¼" Material: Aço Inoxidável Siliconizado Dimensão: 21 G X 1 ¼", 30X0,8 MM Tipo Ponta: Bisel Curto Trifacetado Tipo Conexão: Conector Luer Lock Ou Slip Em Plástico Tipo Fixação: Protetor Plástico Tipo Uso: Estéril, Descartável, Embalagem Individual Apresentação: Caixa com 100 unidades CATMAT: 439805 | C30: Caixa com 100 unidades | D30: 4 | F30: =ROUND(D30*E30,2) -> 0 | G30: =ROUND(F30*12,2) -> 0
A31: 1.2.11 | B31: AGULHA HIPODÉRMICA 22 G X 1" Material: Aço Inoxidável Siliconizado Dimensão: 22 G X 1", 25X0,7 MM Tipo Ponta: Bisel Curto Trifacetado Tipo Conexão: Conector Luer Lock Ou Slip Em Plástico Tipo Fixação: Protetor Plástico Tipo Uso: Estéril, Descartável, Embalagem Individual Apresentação: Caixa com 100 unidades CATMAT: 439807 | C31: Caixa com 100 unidades | D31: 8 | F31: =ROUND(D31*E31,2) -> 0 | G31: =ROUND(F31*12,2) -> 0
A32: 1.2.12 | B32: AGULHA HIPODÉRMICA 26 G X ½" Material: Aço Inoxidável Siliconizado Dimensão: 26 G X ½", 13X0,45 MM Tipo Ponta: Bisel Curto Trifacetado Tipo Conexão: Conector Luer Lock Ou Slip Em Plástico Tipo Fixação: Protetor Plástico Tipo Uso: Estéril, Descartável, Embalagem Individual Apresentação: Caixa com 100 unidades CATMAT: 439812 | C32: Caixa com 100 unidades | D32: 1 | F32: =ROUND(D32*E32,2) -> 0 | G32: =ROUND(F32*12,2) -> 0
A33: 1.2.13 | B33: AGULHA PERIDURAL 18 G Ponta: Tuohy Diâmetro Agulha: 18 G Comprimento Agulha: Cerca De 2" - 50 Mm Característica Agulha: Graduada Material Agulha: Aço Inoxidável Tipo Conector: Luer Transparente Componente: C/ Mandril Esterilidade: Estéril, Uso Único Apresentação: Unidade CATMAT: 626638 | C33: Unidade | D33: 1 | F33: =ROUND(D33*E33,2) -> 0 | G33: =ROUND(F33*12,2) -> 0
A34: 1.2.14 | B34: AGULHA PERIDURAL 20 G Ponta: Tuohy Diâmetro Agulha: 20 G Comprimento Agulha: Cerca De 2" - 50 Mm Característica Agulha: Graduada Material Agulha: Aço Inoxidável Tipo Conector: Luer Transparente Componente: C/ Mandril Esterilidade: Estéril, Uso Único Apresentação: Unidade CATMAT: 626647 | C34: Unidade | D34: 1 | F34: =ROUND(D34*E34,2) -> 0 | G34: =ROUND(F34*12,2) -> 0
A35: 1.2.15 | B35: AGULHA PERIDURAL 22 G Ponta: Tuohy Diâmetro Agulha: 22 G Comprimento Agulha: Cerca De 2" - 50 Mm Característica Agulha: Graduada Material Agulha: Aço Inoxidável Tipo Conector: Luer Transparente Componente: C/ Mandril Esterilidade: Estéril, Uso Único Apresentação: Unidade CATMAT: 626649 | C35: Unidade | D35: 1 | F35: =ROUND(D35*E35,2) -> 0 | G35: =ROUND(F35*12,2) -> 0
A36: 1.2.16 | B36: ÁLCOOL ETÍLICO 70% Tipo: Hidratado Teor Alcoólico: 70% Apresentação: Frasco de 1 litro CATMAT: 269941 | C36: Frasco de 1 litro | D36: 30 | F36: =ROUND(D36*E36,2) -> 0 | G36: =ROUND(F36*12,2) -> 0
A37: 1.2.17 | B37: ÁLCOOL IODADO 0,1% Concentração: 0,1 % Forma Farmacêutica: Iodo em solução de Álcool Etílico a 50% V/V Apresentação: Frasco de 1 litro CATMAT: 440573 | C37: Frasco de 1 litro | D37: 2 | F37: =ROUND(D37*E37,2) -> 0 | G37: =ROUND(F37*12,2) -> 0
... A328: 1.2.308 | B328: SORO CONTRA CINOMOSE, HEPATITE INFECCIOSA CANINA E LEPTOSPIROSE Caracteristica: Soro rico em imunoglobulinas purificadas e concentradas, específicas contra Cinomose, Hepatite Infecciosa canina e Leptospirose. Além disto, possui anticorpos auxiliares contra os agentes secundários Bordetella bronchiseptica, Streptococcus sp (pyogenes) e Salmonella thyphimurium. Apresentação: Frasco de 10 ml CATMAT: 486295 | C328: Frasco de 10 ml | D328: 10 | F328: =ROUND(D328*E328,2) -> 0 | G328: =ROUND(F328*12,2) -> 0
A329: SUB-TOTAL 1.2: | B329: =SUM(B21:B328) -> 0 | C329: =SUM(C21:C328) -> 0 | D329: =SUM(D21:D328) -> 28497 | E329: =SUM(E21:E328) -> 0 | F329: =ROUND(SUM(F21:F328),2) -> 0 | G329: =ROUND(SUM(G21:G328),2) -> 0
A331: 1.3 Fornecimento de Exames Veterinários de Laboratório, com laudo, incluso no fornecimento o material para coleta e despesas de transporte:
A332: Item: | B332: Descrição: | C332: Un. de medida: | D332: Quant. mensal: | E332: Valor unitário: | F332: Valor total mensal: | G332: Valor total para contratação pelo período de 12 (doze) meses:
A333: a | B333: b | C333: c | D333: d | E333: e | F333: f = d x e | G333: g = f x 12
A334: 1.3.1 | B334: EXAME 4DX – DIAGNÓSTICO RÁPIDO DE ANTICORPOS PARA DIROFILARIA, EHRLICHIA, LYME E ANAPLASMA. | C334: Unidade | D334: 1 | F334: =ROUND(D334*E334,2) -> 0 | G334: =ROUND(F334*12,2) -> 0
A335: 1.3.2 | B335: EXAME ÁCIDO ÚRICO CATSER: 21601 | C335: Unidade | D335: 3 | F335: =ROUND(D335*E335,2) -> 0 | G335: =ROUND(F335*12,2) -> 0
A336: 1.3.3 | B336: EXAME ALBUMINA CATSER: 30167 | C336: Unidade | D336: 20 | F336: =ROUND(D336*E336,2) -> 0 | G336: =ROUND(F336*12,2) -> 0
A337: 1.3.4 | B337: EXAME ALT (TGP) - ALANINA AMINOTRANSFERASE | C337: Unidade | D337: 120 | F337: =ROUND(D337*E337,2) -> 0 | G337: =ROUND(F337*12,2) -> 0
A338: 1.3.5 | B338: EXAME AMILASE CATSER: 30090 | C338: Unidade | D338: 5 | F338: =ROUND(D338*E338,2) -> 0 | G338: =ROUND(F338*12,2) -> 0
A339: 1.3.6 | B339: EXAME ANÁLISE DE CÁLCULO URINÁRIO/VESICAL (QUALITATIVA) | C339: Unidade | D339: 3 | F339: =ROUND(D339*E339,2) -> 0 | G339: =ROUND(F339*12,2) -> 0
A340: 1.3.7 | B340: EXAME ANÁLISE DE EFUSÃO | C340: Unidade | D340: 1 | F340: =ROUND(D340*E340,2) -> 0 | G340: =ROUND(F340*12,2) -> 0
A341: 1.3.8 | B341: EXAME ANÁLISE DE LÍQUIDO CAVITÁRIO | C341: Unidade | D341: 1 | F341: =ROUND(D341*E341,2) -> 0 | G341: =ROUND(F341*12,2) -> 0
A342: 1.3.9 | B342: EXAME ANAPLASMA PLATYS QPCR | C342: Unidade | D342: 3 | F342: =ROUND(D342*E342,2) -> 0 | G342: =ROUND(F342*12,2) -> 0
A343: 1.3.10 | B343: EXAME ANEMIA INFECCIOSA EM EQUINOS (AIE) Descrição: Serviço de exame para diagnóstico de anemia infecciosa equina (AIE) em amostra de soro de equinos, pelo método de Imuno Difusão em Gel de Àgar (IDGA) ou Elisa, em laboratório acreditado pelo inmetro e credenciado pelo mapa, com emissão de relatório de ensaio de exame conforme normas vigentes do mapa, com validade de 60 dias a contar da data da coleta. | C343: Unidade | D343: 3 | F343: =ROUND(D343*E343,2) -> 0 | G343: =ROUND(F343*12,2) -> 0
A344: 1.3.11 | B344: EXAME ANTIBIOGRAMA PARA SANGUE (CULTURA BACTERIOLÓGICA) CATSER: 30174 | C344: Unidade | D344: 3 | F344: =ROUND(D344*E344,2) -> 0 | G344: =ROUND(F344*12,2) -> 0
A345: 1.3.12 | B345: EXAME ANTIBIOGRAMA PARA URINA (CULTURA BACTERIOLÓGICA) CATSER: 30149 | C345: Unidade | D345: 3 | F345: =ROUND(D345*E345,2) -> 0 | G345: =ROUND(F345*12,2) -> 0
... A395: 1.3.62 | B395: EXAME UROCULTURA CATSER: 30160 | C395: Unidade | D395: 5 | F395: =ROUND(D395*E395,2) -> 0 | G395: =ROUND(F395*12,2) -> 0
A396: SUB-TOTAL 1.3: | F396: =ROUND(SUM(F334:F395),2) -> 0 | G396: =ROUND(SUM(G334:G395),2) -> 0
A398: 1.4 Fornecimento de Exames Veterinários de Imagem e de Eletrocardiografia, com laudo:
A399: Item: | B399: Descrição: | C399: Un. de medida: | D399: Quant. mensal: | E399: Valor unitário: | F399: Valor total mensal: | G399: Valor total para contratação pelo período de 12 (doze) meses:
A400: a | B400: b | C400: c | D400: d | E400: e | F400: f = d x e | G400: g = f x 12
A401: 1.4.1 | B401: ECOCARDIOGRAFIA Inclui-se materiais de consumo necessário e laudo realizado por médico-veterinário. CATSER: 30205 | C401: Unidade | D401: 5 | F401: =ROUND(D401*E401,2) -> 0 | G401: =ROUND(F401*12,2) -> 0
A402: 1.4.2 | B402: ELETROCARDIOGRAFIA Inclui-se materiais de consumo necessário e laudo realizado por médico-veterinário. CATSER: 30206 | C402: Unidade | D402: 5 | F402: =ROUND(D402*E402,2) -> 0 | G402: =ROUND(F402*12,2) -> 0
A403: 1.4.3 | B403: RADIOGRAFIA, POR ESTUDO Inclui-se materiais de consumo necessário e laudo realizado por médico-veterinário. CATSER: 5550 | C403: Unidade | D403: 70 | F403: =ROUND(D403*E403,2) -> 0 | G403: =ROUND(F403*12,2) -> 0
A404: 1.4.4 | B404: ULTRASSONOGRAFIA Inclui-se materiais de consumo necessário, gel condutor e laudo realizado por médico-veterinário. CATSER: 10189 | C404: Unidade | D404: 70 | F404: =ROUND(D404*E404,2) -> 0 | G404: =ROUND(F404*12,2) -> 0
A405: SUB-TOTAL 1.4: | F405: =ROUND(SUM(F401:F404),2) -> 0 | G405: =ROUND(SUM(G401:G404),2) -> 0
A407: 1.5 Fornecimento de cirurgias complexas e outros serviços especializados:
A408: Item: | B408: Descrição: | C408: Un. de medida: | D408: Quant. mensal: | E408: Valor unitário: | F408: Valor total mensal: | G408: Valor total para contratação pelo período de 12 (doze) meses:
A409: a | B409: b | C409: c | D409: d | E409: e | F409: f = d x e | G409: g = f x 12
A410: 1.5.1 | B410: CIRURGIA ORTOPÉDICA EM CANINOS E FELINOS O procedimento deverá ser realizado, mediante agendamento, no estabelecimento da prestadora de serviço. O local deve estar regularizado perante o CRMV e a Vigilância Sanitária. Incluso transporte de ida e volta entre SMBEA e Centro cirúrgico. CATSER: 30212 | C410: Unidade | D410: 15 | F410: =ROUND(D410*E410,2) -> 0 | G410: =ROUND(F410*12,2) -> 0
A411: 1.5.2 | B411: EXTRAÇÃO DENTÁRIA EM CANINOS E FELINOS O procedimento deverá ser realizado, mediante agendamento, no estabelecimento da prestadora de serviço. O local deve estar regularizado perante o CRMV e a Vigilância Sanitária. Incluso transporte de ida e volta entre SMBEA e Centro cirúrgico. CATSER: 30196 | C411: Unidade | D411: 3 | F411: =ROUND(D411*E411,2) -> 0 | G411: =ROUND(F411*12,2) -> 0
A412: 1.5.3 | B412: CIRURGIA GERAL, ORTOPÉDICA OU DE ORQUIECTOMIA EM EQUINOS O procedimento deverá ser realizado, mediante agendamento, no estabelecimento da prestadora de serviço. O local deve estar regularizado perante o CRMV e a Vigilância Sanitária. Incluso transporte de ida e volta entre SMBEA e Centro cirúrgico. | C412: Unidade | D412: 2 | F412: =ROUND(D412*E412,2) -> 0 | G412: =ROUND(F412*12,2) -> 0
A413: SUB-TOTAL 1.5: | F413: =ROUND(SUM(F410:F412),2) -> 0 | G413: =ROUND(SUM(G410:G412),2) -> 0
A415: 1.6 Fornecimento de serviços de manutenção:
A416: Item: | B416: Descrição: | C416: Un. de medida: | D416: Quant. mensal: | E416: Valor unitário: | F416: Valor total mensal: | G416: Valor total para contratação pelo período de 12 (doze) meses:
A417: a | B417: b | C417: c | D417: d | E417: e | F417: f = d x e | G417: g = f x 12
A418: 1.6.1 | B418: Verba pré-definida para manutenção de instrumentais e equipamentos | C418: Mensal | D418: 1 | F418: =ROUND(D418*E418,2) -> 0 | G418: =ROUND(F418*12,2) -> 0
A419: 1.6.2 | B419: Verba pré-definida para manutenções gerais | C419: Mensal | D419: 1 | F419: =ROUND(D419*E419,2) -> 0 | G419: =ROUND(F419*12,2) -> 0
A420: SUB-TOTAL 1.6: | F420: =ROUND(SUM(F418:F419),2) -> 0 | G420: =ROUND(SUM(G418:G419),2) -> 0
A422: 1.7 Custos indiretos, tributos e lucro
F423: Percentual (%) | G423: Valor (R$)
A424: BASE DE CÁLCULO DOS CUSTOS INDIRETOS = (sub-total 1.1 + sub-total 1.2 + sub-total 1.3 + sub-total 1.4 + sub-total 1.5+ sub-total 1.6) | G424: =ROUND(F16+F329+F396+F405+F413+F420,2) -> 0
A425: A | B425: CUSTOS INDIRETOS | G425: =ROUND(F425*G424,2) -> 0
A426: BASE DE CÁLCULO DO LUCRO = (sub-total 1.1 + sub-total 1.2 + sub-total 1.3 + sub-total 1.4 + sub-total 1.5+ sub-total 1.6 + Custos Indiretos (7A)) | G426: =G424+G425 -> 0
A427: B | B427: LUCRO | G427: =ROUND(F427*G426,2) -> 0
A428: BASE DE CÁLCULO DOS TRIBUTOS = (sub-total 1.1 + sub-total 1.2 + sub-total 1.3 + sub-total 1.4 + sub-total 1.5+ sub-total 1.6 + Custos Indiretos (7A) + Lucro (7B)) | G428: =G424+G425+G427 -> 0
A429: C | B429: TRIBUTOS
A430: C.1 | B430: Tributos Federais:
B431: a) Cofins | G431: =ROUND(($G$428/(1-$F$439))*F431,2) -> 0
B432: b) PIS | G432: =ROUND(($G$428/(1-$F$439))*F432,2) -> 0
B433: c) Outros – Especificar: CSLL | G433: =ROUND(($G$428/(1-$F$439))*F433,2) -> 0
A434: C.2 | B434: Tributos Estaduais:
B435: a) Especificar: | G435: =ROUND(($G$428/(1-$F$439))*F435,2) -> 0
A436: C.3 | B436: Tributos Municipais:
B437: a) ISSQN – Lei Municipal 4818/2003 | G437: =ROUND(($G$428/(1-$F$439))*F437,2) -> 0
B438: b) Outros – Especificar: IRPJ | G438: =ROUND(($G$428/(1-$F$439))*F438,2) -> 0
A439: Percentual Total e Valor Total de Tributos | F439: =SUM(F431:F438) -> 0 | G439: =ROUND(SUM(G431:G438),2) -> 0
A440: Cálculo Tributo = ( Base de Cálculo para os Tributos ÷ ( 1 - ( Total dos Tributos ÷ 100))) x Alíquota do Tributo
A441: SUB-TOTAL 1.7: | F441: =ROUND(G425+G427+G439,2) -> 0 | G441: =ROUND(F441*12,2) -> 0
A443: VALOR MENSAL MÁXIMO DO CONTRATO (sub-total 1.1 + sub-total 1.2 + sub-total 1.3 + sub-total 1.4 + sub-total 1.5+ sub-total 1.6 + sub-total 1.7): | G443: =ROUND(F16+F329+F396+F405+F413+F420+F441,2) -> 0
A444: VALOR ANUAL MÁXIMO DO CONTRATO (valor máximo mensal X 12 meses): | G444: =ROUND(G16+G329+G396+G405+G413+G420+G441,2) -> 0

Sheet SERVENTE
A1: RECEPCIONISTAS E TELEFONISTAS - Regime de Tributação: Lucro Real
A2: ANEXO III do Pregão TCERS nº xx/2019 PLANILHA DE CUSTOS E FORMAÇÃO DE PREÇOS
A3: Nº do processo: | F3: XXXXXX-0200/19-X
A4: Licitação nº: | F4: Pregão Eletrônico nº XX/2019
A5: Dia: XX/XX/2019 - Hora: XXhXXmin
A6: Discriminação dos Serviços (dados referentes à contratação)
A7: A | B7: Data de apresentação da proposta (dia/mês/ano) | H7: XX/XX/2019
A8: B | B8: Município/UF | H8: PORTO ALEGRE/RS
A9: C | B9: Ano do Acordo, Convenção Coletiva ou Sentença Normativa em Dissídio Coletivo | H9: 01/01 a 31/12/19 SEEAC/RS
A10: D | B10: Número de meses de execução contratual | H10: 12
A12: ANEXO III - A MÃO DE OBRA Mão de obra vinculada à execução contratual
A13: Dados complementares para composição dos custos referente à mão de obra
A14: 1 | B14: Tipo de serviço | H14: Recepcionista
A15: 2 | B15: Salário normativo da categoria profissional - para a jornada de 44 h/sem | H15: 1225.49
A16: 3 | B16: Categoria profissional CBO:
A17: 4 | B17: Data base da categoria (dia/mês/ano) | H17: 43466
A18: Nota 1: Deverá ser elaborado um quadro para cada tipo de serviço
A19: Nota 2: A planilha será calculada considerando o valor mensal do empregado
A20: MÓDULO 1: COMPOSIÇÃO DA REMUNERAÇÃO
A21: 1 | B21: Composição da Remuneração | E21: Nº de dias úteis | F21: Nº Serventes | G21: Nº Horas/Mês | H21: % | I21: Valor (R$)
A22: A | B22: Salário-base (para a jornada de 44 horas semanais) | E22: 21 | F22: 1 | G22: 220 | I22: =H15 -> 1225.49
A23: B | B23: Insalubridade | H23: 0.2 | I23: =ROUND(H23*I22,2) -> 245.1
A24: C | B24: Outros
A25: Total da Remuneração | I25: =SUM(I22:I24) -> 1470.59
A26: Nota 1: O Módulo 1 refere-se ao valor devido ao empregado pela prestação do serviço no período de 12 meses
A27: Nota 2: Para o empregado que labora a jornada 12x36, em caso da não concessão ou concessão parcial do intervalo intrajornada (§4º do art. 71 da CLT), o valor a ser pago será inserido na remuneração utilizando a alínea C
A28: MÓDULO 2 : ENCARGOS E BENEFÍCIOS ANUAIS, MENSAIS E DIÁRIOS
A29: Submódulo 2.1 - 13º Salário e Adicional de Férias
A30: 2.1 | B30: 13º Salário, Férias e Adicional de Férias | H30: Percentual (%) | I30: Valor (R$)
A31: A | B31: 13º Salário | H31: 0.083333 | I31: =ROUND($I$25*H31,2) -> 122.55
A32: B | B32: Férias e Adicional de Férias | H32: 0.111111 | I32: =ROUND($I$25*H32,2) -> 163.4
A33: TOTAL | H33: =SUM(H31:H32) -> 0.194444 | I33: =SUM(I31:I32) -> 285.95
A34: Nota 1: Como a planilha de custos e formação de preços é calculada mensalmente, provisiona-se proporcionalmente 1/12 (um doze avos) dos valores referentes á gratificação natalina e ao adicional de férias
A35: Nota 2: O adicional de férias contido no submódulo 2.1 corresponde a 1/3 (um terço) da remuneração, que, por sua vez, é dividido por 12, conforme Nota 1
A36: Submódulo 2.2 - Encargos Previdenciários, FGTS e outras contribuições:
A37: 2.2 | B37: Encargos Previdenciários e FGTS | H37: Percentual (%) | I37: Valor (R$)
A38: A | B38: INSS | H38: 0.2 | I38: =ROUND(($I$25+$I$33)*H38,2) -> 351.31
A39: B | B39: SESI ou SESC | H39: 0.015 | I39: =ROUND(($I$25+$I$33)*H39,2) -> 26.35
A40: C | B40: SENAI ou SENAC | H40: 0.01 | I40: =ROUND(($I$25+$I$33)*H40,2) -> 17.57
A41: D | B41: INCRA | H41: 0.002 | I41: =ROUND(($I$25+$I$33)*H41,2) -> 3.51
A42: E | B42: Salário educação | H42: 0.025 | I42: =ROUND(($I$25+$I$33)*H42,2) -> 43.91
A43: F | B43: FGTS | H43: 0.08 | I43: =ROUND(($I$25+$I$33)*H43,2) -> 140.52
A44: G | B44: Seguro Acidente de Trabalho = SAT = (RAT x FAP) SAT = ( %Riscos Ambientais do Trabalho x Fator Acidentário de Prevenção de cada empresa ) | D44: RAT = | E44: 0.03 | F44: FAP = | G44: 1 | H44: =ROUND((E44*G44),6) -> 0.03 | I44: =ROUND(($I$25+$I$33)*H44,2) -> 52.7
A45: H | B45: SEBRAE | H45: 0.006 | I45: =ROUND(($I$25+$I$33)*H45,2) -> 10.54
A46: TOTAL | H46: =SUM(H38:H45) -> 0.368 | I46: =SUM(I38:I45) -> 646.41
A47: Nota 1: Os percentuais dos encargos previdenciários, do FGTS e das demais contribuições são aqueles estabelecidos pela legislação vigente.
A48: Nota 2: O SAT, a depender do grau de risco do serviço, irá variar entre 1% para risco leve, 2% para risco médio e 3% para risco grave
A49: Nota 3: Esses percentuais incidem sobre algumas rubricas constantes nos Módulos 3 e 4
A50: Submódulo 2.3 - Benefícios Mensais e Diários
A51: 2.3 | B51: Benefícios Mensais e Diários | H51: Valor unit.(R$) | I51: Valor (R$)
A52: A | B52: Transporte Cálculo do valor: [(QtdexVTx21) – (%xSB)] | I52: =ROUND(((H54*H53*E22)-(I64*I22)),2) -> 123.87
B53: A.1) Valor da passagem do transporte coletivo no município de prestação dos serviços: | H53: 4.7 | I53: -
B54: A.2) Quantidade de passagens por dia por empregado: | H54: 2
A55: B | B55: Auxílio alimentação (vales, cesta básica, entre outros) Cálculo do valor = [(21xVA)x(1-%)] | I55: =ROUND(((E22*H56*(1-I65))),2) -> 284.58
B56: B.1) Valor do auxílio alimentação (cláusula 19 da CCT ): | H56: 16.73 | I56: -
A57: C | B57: Plano de Saúde | I57: =H57 -> 0
A58: D | B58: Auxílio-creche | I58: =H58 -> 0
A59: E | B59: Outros - Plano de Benefício Familiar (cláusula 22 da CCT) | H59: 15.02 | I59: =H59 -> 15.02
A60: F | B60: Outros - especificar | I60: =H60 -> 0
B61: Total de Benefícios Mensais e Diários | I61: =SUM(I52:I60) -> 423.47
A62: Nota 1: Podem ser incluídos nesta rubrica itens como seguro de vida, invalidez, outros conforme ACT/CCT e ainda eventuais benefícios devidos ao substituto
A63: Nota 2: O valor informado deverá ser o custo real do benefício (desdcontado o valor eventualmente pelo empregado)
A64: Nota 3: O percentual de desconto do Vale Transporte deve estar de acordo com a CCT. | H64: Percentual: | I64: 0.06
A65: Nota 4: O percentual de desconto do Vale Alimentação/Refeição deve estar de acordo com a CCT. | H65: Percentual: | I65: 0.19
A66: Quadro-Resumo - Módulo 2 - Encargos e Benefícios Anuais, Mensais e Diários
A67: 2 | B67: Encargos e Benefícios Anuais, Mensais e Diários | I67: Valor (R$)
A68: 2.1 | B68: 13º Salário, Férias e Adicional de Férias | I68: =+I33 -> 285.95
A69: 2.2 | B69: Encargos Previdenciários, FGTS e outras contribuições | I69: =+I46 -> 646.41
A70: 2.3 | B70: Benefícios Mensais e Diários | I70: =+I61 -> 423.47
A71: TOTAL | I71: =SUM(I68:I70) -> 1355.83
A72: MÓDULO 3: PROVISÃO PARA RESCISÃO
A73: 3 | B73: Provisão para rescisão | I73: Valor (R$)
A74: A | B74: Aviso-prévio indenizado Cálculo do valor = (Rem/12)x(nº de dias de indenização/30)x (Estatística de rotatividade anual) - utilizado 33 dias | I74: =ROUND(($I$25/12)*(33/30)*I81,2) -> 6.74
A75: B | B75: Incidência do FGTS sobre aviso-prévio indenizado | I75: =ROUND($H$43*I74,2) -> 0.54
A76: C | B76: Multa sobre FGTS e contribuições sociais sobre o aviso-prévio indenizado Cálculo do valor: Rem + 13º + férias (40% + 10%) x 8% x (Estatística de rotatividade anual) | I76: =ROUND(($I$25+$I$33)*(40%+10%)*8%*I81,2) -> 3.51
A77: D | B77: Aviso-previo trabalhado Cálculo do valor= [(Rem/30)x7]/12 meses do contrato | I77: =ROUND(((($I$25/30)*7)/$H$10),2) -> 28.59
A78: E | B78: Incidência dos encargos do submódulo 2.2 sobre o aviso-prévio trabalhado | I78: =ROUND($H$46*I77,2) -> 10.52
A79: F | B79: Multa sobre FGTS e contribuições sociais sobre o aviso-prévio trabalhado Cálculo do valor: Rem + 13º salário + férias (40% + 10%) x 8% x 100% | I79: =ROUND(($I$25+$I$33)*(40%+10%)*8%*100%,2) -> 70.26
A80: TOTAL | I80: =SUM(I74:I79) -> 120.16
A81: Nota 1: A ocorrência de aviso-prévio indenizado deverá ser apurada com uso de dados referenciais levantados no histórico de contratos. Para construção do exemplo, utilizamos a estimativa que 5% dos empregados serão substituídos durante um ano. | H81: Estatística: | I81: 0.05
A82: MÓDULO 4: CUSTO DE REPOSIÇÃO DO PROFISSIONAL AUSENTE
A83: Submódulo 4.1 - Ausências Legais
A84: 4.1 | B84: Ausências Legais | I84: Valor (R$)
A85: A | B85: Férias Considerado no Submódulo 2.1 | I85: 0
A86: B | B86: Ausências legais Cálculo do valor = [(Rem/30)x(Estatística)]/12 | I86: =ROUND((($I$25/30)*I95)/12,2) -> 12.09
A87: C | B87: Licença-paternidade Cálculo do valor = {[(Rem/30)x5dias]/12}x[Estatística] | I87: =ROUND((($I$25/30)*5)/12*I96,2) -> 0.31
A88: D | B88: Ausência por acidente de trabalho Cálculo do valor = {[(Rem/30)x15dias]/12}x[Estatística] | I88: =ROUND(((($I$25/30)*15)/12)*I97,2) -> 0.48
A89: E | B89: Ausência por doença Cálculo do valor = [(Rem/30)x(Estatística)]/12 | I89: =ROUND(((($I$25/30)*I98)/12),2) -> 20.42
A90: F | B90: Outros (especificar) | I90: 0
A91: Subtotal | I91: =SUM(I85:I90) -> 33.3
A92: G | B92: Incidência dos encargos do submódulo 4.1 sobre o custo de reposição do profissional ausente | I92: =ROUND(H46*I91,2) -> 12.25
A93: TOTAL | I93: =SUM(I91:I92) -> 45.55
A94: Nota 1: Férias - considernado que o valor pago ao substituto durante as férias do empregado já consta na remuneração (Módulo 1) e que o valor pago ao empregado para fazer frente ao custo de suas férias acrescidas de um terço constitucional já foram apuradas na letra B do submódulo 2.1., não existe o custo a ser aportado nesta rubrica
A95: Nota 2: As ausências legais (faltas justificadas por lei) deverão ser apuradas com uso de dados referenciais levantados no histórico de contratos. Para construção do exemplo, utilizamos 2,96 dias. | H95: Estatística: | I95: 2.96
A96: Nota 3: A licença-paternidade deverá ser apurada com uso de dados referenciais levantados no histórico de contratos. Para construção do exemplo, utilizamos 1,5%. | H96: Estatística: | I96: 0.015
A97: Nota 4: A ocorrência das ausências por acidente de trabalho deverá ser apurada com uso de dados referenciais levantados no histórico de contratos. Para construção do exemplo, utilizamos 15 dias de média de dias pagos pela empresa e 0,78% de incidência de ocorrência | H97: Estatística: | I97: 0.0078
A98: Nota 5: A ocorrência das ausências por doença deverá ser apurada com uso de dados referenciais levantados no histórico de contratos. Para construção do exemplo, utilizamos 5 dias de média de dias pagos pela empresa | H98: Estatística: | I98: 5
A99: Submódulo 4.1.1. - Afastamento Maternidade (120 dias)
A100: 4.1.1 | B100: Afastamento Maternidade | I100: Valor (R$)
A101: A | B101: Férias Pagas ao Substituto pelos 120 dias de Reposição Cálculo do valor = {[(Rem + Rem/3)*4/12]/12}x(Estatística) | I101: =ROUND(((($I$25+$I$25/3)*4/12)/12)*I106,2) -> 1.09
...

Sheet mem calculo
A2: ANEXO IV
A3: MEMÓRIA DE CÁLCULO
A5: PREGÃO ELETRÔNICO Nº xx/2021
A7: MÓDULO 1 – COMPOSIÇÃO DA REMUNERAÇÃO
A9: ITEM | B9: % | C9: Memória de Cálculo | D9: Fundamento
A10: Salário Base Mensal (220hs) | C10: SB220/220 x 220 | D10: CCT empresa ou categoria vigente
A12: MÓDULO 2 - ENCARGOS E BENEFÍCIOS ANUAIS, MENSAIS E DIÁRIOS.
A14: 13º SALÁRIO
A15: ITEM | B15: % | C15: Memória de Cálculo | D15: Fundamento
A16: 13º salário | B16: 8.333 | C16: [(1/12) x 100] = 8,333% | D16: CF, Art. 7º, VIII
A18: ENCARGOS PREVIDENCIÁRIOS, FGTS e outras contribuições
A19: ITEM | B19: % | C19: Memória de Cálculo | D19: Fundamento
A20: INSS | B20: 20 | C20: Rem x 20% | D20: Lei 8212/91, art. 22, I
A21: SESI/SESC | B21: 1.5 | C21: Rem x 1,5% | D21: IN RFB nº 971/2009 - Anexos I e II
A22: SENAI/SENAC | B22: 1 | C22: Rem x 1% | D22: IN RFB nº 971/2009 - Anexos I e II
A23: INCRA | B23: 0.2 | C23: Rem x 0,20% | D23: IN RFB nº 971/2009 - Anexos I e II
A24: Salário Educação | B24: 2.5 | C24: Rem x 2,5% | D24: IN RFB nº 971/2009 - Anexos I e II
A25: FGTS | B25: 8 | C25: Rem x 8% | D25: Lei 8036/90, art. 15
A26: SAT (RAT + FAP) | B26: 3 | C26: (3% x 1% = 3%) - Rem x 3% | D26: IN RFB nº 971/2009 - Anexos I e II e Decreto 3048/99 Anexo V
D27: Lei 8212/91, art. 22, II – Decreto 3048/99
D28: IN RFB nº 971/2009 - Anexos I e II
A29: SEBRAE | B29: 0.6 | C29: Rem x 0,60% | D29: IN RFB nº 971/2009 - Anexos I e II
A30: VALE TRANSPORTE
A31: ITEM | B31: % | C31: Memória de Cálculo | D31: Fundamento
A32: Valor Tarifa Transporte urbano de Porto Alegre | C32: 4.8 | D32: DECRETO MUNICIPAL Nº 252/2021
A33: Passagens/mês (2 passagens/dia) | C33: 2 x 21 (dias úteis)
A34: % do empregado (% SB) | B34: 6 | C34: SB220 x % | D34: CCT empresa ou categoria vigente
A36: VALE ALIMENTAÇÃO
A37: ITEM | B37: % | C37: Memória de Cálculo | D37: Fundamento
A38: Valor do Auxílio Alimentação (R$) | C38: 0 | D38: CCT empresa ou categoria vigente
A39: Dias úteis | C39: 21 dias úteis
A40: % do empregado (% Aux. Alim) | B40: 20 | C40: VA x 21 x % | D40: CCT empresa ou categoria vigente
A42: OUTROS BENEFÍCIOS
A43: ITEM | B43: % | C43: Memória de Cálculo | D43: Fundamento
A44: Plano de Benefício Familiar | D44: CCT empresa ou categoria vigente
A45: Assistência Médica e Familiar | D45: CCT empresa ou categoria vigente
A46: Auxílio Creche | D46: CCT empresa ou categoria vigente
A48: MÓDULO 3 - PROVISÃO PARA RESCISÃO
A49: ITEM | B49: % | C49: Memória de Cálculo | D49: Fundamento
A50: Aviso Prévio Indenizado 1 | B50: 0.458 | C50: [(1/12) x (33/30) x 0,05] | D50: CF, Art. 7º, XXI e CLT art. 487 e 491. Lei 12506/2011
A51: Multa do FGTS sobre Aviso Prévio Indenizado 2 | B51: 0.16 | C51: (40% x 8% x 5%) | D51: Lei 8036/90, 9491/97
A52: Aviso Prévio Trabalhado 3 | B52: 1.944 | C52: [(1/30) x 7] / 12 | D52: CF, Art. 7º, XXI
A53: Multa do FGTS sobre Aviso Prévio Trabalhado 4 | B53: 3.2 | C53: (40% x 8% x 100%) | D53: Lei 8036/90, 9491/97
A54: 1 Estimativa que 5% dos empregados serão substituídos durante um ano. Utilizado 33 dias de aviso prévio, conforme Caderno Técnico de Limpeza.
A55: 2 Estimativa que 5% dos empregados serão substituídos durante um ano. 50%, sendo 40% multa FGTS e 10% Contribuição.
A56: 3 7 dias corridos falta ao trabalho – havendo a necessidade de um substituto e 12 meses de contrato.
A57: 4 100% dos empregados serão demitidos no final do contrato.
A59: MÓDULO 4 - CUSTO DE REPOSIÇÃO DO PROFISSIONAL AUSENTE
A61: CUSTO DE REPOSIÇÃO DE PROFISSIONAL AUSENTE
A62: ITEM | B62: % | C62: Memória de Cálculo | D62: Fundamento
A63: Férias e terço constitucional | B63: 11.11 | C63: (1/12) + (1/3)/12 | D63: CF, Art. 7º, XVII
A64: Ausência por doença1 | B64: 1.389 | C64: [(1/30) x 5 dias]/12 | D64: Lei 8213/91, Art. 59 a 64
A65: Licença Paternidade2 | B65: 0.021 | C65: [(1/30) x 5 dias]/12 x 1,5% | D65: CF, art. 7º, XIX
A66: Ausências Legais3 | B66: 0.822 | C66: [(1/30) x 2,96 dias]/12 | D66: CLT, Art. 473
A67: Ausência por acidente de trabalho4 | B67: 0.032 | C67: {[(1/30) x 15 ]/12} x 0,78% | D67: Lei 8213/91, art. 19 a 23
A68: 1 Estimativa de 5 dias de ausência por ano
A69: 2 Estatística: 1,5% dos empregados tornam-se pais no ano
A70: 3 Estatística: 2,96 dias de ausências legais por ano (falecimento, casamento, doação sangue, serviço eleitoral, ...)
A71: 4 Estatística: 0,78% sofrem acidentes durante o ano com afastamento igual ou superior a 15 dias
A73: AFASTAMENTO MATERNIDADE
A74: ITEM | B74: % | C74: Memória de Cálculo | D74: Fundamento
A75: Afastamento maternidade1 | B75: 0.074 | C75: {[(1+1/3) x 4/12]/12} x 0,02 = 0,074% | D75: CF, Art. 7º, XVIII
A76: 1 Estimativa de 2% dos empregados que se ausentam por afastamento maternidade
A78: MÓDULO 5 - INSUMOS DIVERSOS

Sheet Anexo - M5. Materiais
A1: [LOGOTIPO] ------------------- [DADOS DA EMPRESA:RAZÃO SOCIAL/CNPJ/ENDEREÇO/CONTATOS(TELEFONE/EMAIL)]
A2: Anexo auxiliar do módulo 5 da planilha de formação de preços de mão de obra
A3: PLANILHA DE QUANTIDADES E ORÇAMENTO DE MATERIAIS
A5: Instruções para preenchimento:
A6: As quantidades eventualmente preenchidas nesta planilha são apenas as estimadas e podem ser alteradas a critério da Licitante. Os custos unitários eventualmente preenchidos nesta planilha possuem referência rastreável em Compras Públicas pesquisadas no Compras.gov.br (2948152) e homologadas no período entre 01/07/2025 e 28/02/2026, todavia os preços apresentados também podem ser alteradas a critério da Licitante.
A7: As quantidades referem-se ao necessário para os 12(doze) meses de contrato.
A8: Deve-se descrever todos os uniformes/materiais/equipamentos necessários à consecução do serviço.
A10: MÓDULO 5 – INSUMOS DIVERSOS: MATERIAIS
A12: PARA TODOS PROFISSIONAIS:
A13: Qtde | B13: Descrição | C13: Custo unitário | D13: Tempo de consumo (meses) | E13: Custo anual (R$) | F13: Custo mensal (R$)
A14: 6 | B14: PAPEL HIGIÊNICO CATMAT: 238338 Material: Celulose Virgem Características Adicionais: Picotado e Dupla Comprimento: 30 M Largura: 10 CM Cor: Branca Apresentação: Pacote 4 unidade | D14: 12 | E14: =C14*A14 -> 0 | F14: =E14/D14 -> 0
A15: 6 | B15: PAPEL TOALHA CATMAT: 436328 Material: 100% Celulose Virgem Comprimento: 20 CM Largura: 21 CM Características Adicionais: Interfolhada Tipo Folha: 2 Dobras Cor: Branca Apresentação: Pacote 1000 folhas | D15: 12 | E15: =C15*A15 -> 0 | F15: =E15/D15 -> 0
A16: 24 | B16: SABONETE CATMAT: 228271 Aspecto Físico: Sólido Peso: 90 G Tipo: Com Perfume Formato: Retangular Aplicação: Pele Normal Características Adicionais: Glicerinado Apresentação: Unidade | D16: 12 | E16: =C16*A16 -> 0 | F16: =E16/D16 -> 0
A17: 12 | B17: COPO DESCARTÁVEL CATMAT: 332641 Capacidade: 200 ML Material: Plástico Características Adicionais: Atóxico, De Acordo C/ Norma Abnt, Nbr 14865 Cor: Branco Apresentação: Pacote 100 unidades | D17: 12 | E17: =C17*A17 -> 0 | F17: =E17/D17 -> 0
A18: 30 | B18: ÁGUA MINERAL NATURAL CATMAT: 445485 Tipo: Sem Gás Material Embalagem: Plástico Tipo Embalagem: Retornável Apresentação: Garrafão de 20 Litros | D18: 12 | E18: =C18*A18 -> 0 | F18: =E18/D18 -> 0
A19: 1 | B19: Confecção de Crachá CATSER: 10111 | D19: 12 | E19: =C19*A19 -> 0 | F19: =E19/D19 -> 0
A22: Custo Total Mensal | F22: =SUM(F14:F21) -> 0
A25: PONTO ELETRÔNICO:
A26: Qtde | B26: Descrição | C26: Custo unitário mensal | D26: Tempo de uso (meses) | E26: Custo anual (R$) | F26: Custo mensal (R$) | G26: Postos de trabalho | H26: Custo mensal por posto de trabalho
A27: 1 | B27: RELÓGIO PONTO CATMAT: 612320 Mostrador: Digital Tipo: Biométrico Características Adicionais: Teclas Em Padrão Telefônico Alimentação: 110/200 V Apresentação: Unidade | D27: 12 | E27: =A27*C27 -> 0 | F27: =E27/D27 -> 0 | G27: 45 | H27: =F27/G27 -> 0
A28: Custo Total Mensal | L28: =H27 -> 0
A30: CUSTO UNITÁRIO MENSAL | L30: =F22+L28 -> 0

Sheet Anexo - M5. Equipamentos
A1: [LOGOTIPO] ------------------- [DADOS DA EMPRESA:RAZÃO SOCIAL/CNPJ/ENDEREÇO/CONTATOS(TELEFONE/EMAIL)]
A2: Anexo auxiliar do módulo 5 da planilha de formação de preços de mão de obra
A3: PLANILHA DE QUANTIDADES E ORÇAMENTO DE EQUIPAMENTOS
A5: Instruções para preenchimento:
A6: As quantidades eventualmente preenchidas nesta planilha são apenas as estimadas e podem ser alteradas a critério da Licitante. Os custos unitários eventualmente preenchidos nesta planilha possuem referência rastreável em Compras Públicas pesquisadas no Compras.gov.br (2948152) e homologadas no período entre 01/07/2025 e 28/02/2026, todavia os preços apresentados também podem ser alteradas a critério da Licitante.
A7: As quantidades referem-se ao necessário para os 12(doze) meses de contrato.
A8: Avental cirúrgico, Luva Cirúrgica, Touca Hospitalar, Sapatilha Hospitalar e Máscara Cirúrgica: Esses EPIs não devem ser contabilizados na formação de preços de mão de obra, pois serão precificados e adquiridos, conforme demanda, no escopo da contratação, na rubrica para medicamentos, insumos e materiais ambulatoriais.
A9: Deve-se descrever todos os uniformes/materiais/equipamentos necessários à consecução do serviço.
A11: MÓDULO 5 – INSUMOS DIVERSOS: EQUIPAMENTOS
A13: MÉDICO-VETERINÁRIO, TIPO II, RT:
A14: Qtde | B14: Descrição | C14: Custo unitário | D14: Vida útil (meses) | E14: Custo anual (R$) | F14: Custo mensal (R$)
A15: 1 | B15: BOTA IMPERMEÁVEL CATMAT: 620540 Material: PVC Solado: Borracha antiderrapante Cano: Longo Cor: Preta ou Azul com solado amarelo Tamanho: Sob medida Apresentação: Par | D15: 12 | E15: =C15*A15 -> 0 | F15: =E15/D15 -> 0
A16: =2*1 -> 2 | B16: SAPATO DE SEGURANÇA CATMAT: 606877 Tipo: Cano curto com cadarço Material: Microfibra de alta Solado: Poliuretano PU bidensidade Característica: Com Forro, Solado Antiderrapante e Palmilha resistente à perfuração. Tamanho: Sob medida Apresentação: Par | D16: 12 | E16: =C16*A16 -> 0 | F16: =E16/D16 -> 0
A17: 3 | B17: CAPA DE CHUVA IMPERMEÁVEL CATMAT: 450863 Material: PVC Cor: Amarela Característica: Com Forro e Capuz Manga: Longa Tamanho: Sob medida Apresentação: Unidade | D17: 12 | E17: =C17*A17 -> 0 | F17: =E17/D17 -> 0
A18: 0 | B18: MACACÃO IMPERMEÁVEL TIPO JARDINEIRA CATMAT: 445985 Material: PVC Característica: Com botas acopladas Tamanho: Sob medida Apresentação: Unidade | D18: 12 | E18: =C18*A18 -> 0 | F18: =E18/D18 -> 0
A19: 0 | B19: PERNEIRA E MANGA DE ADESTRAMENTO CATMAT: 483720 Material: Confeccionada em tecido de bite suit, recheada com camada de EVA e Feltro. Fechamento: Com velcro Apresentação: Unidade | D19: 12 | F19: =E19/D19 -> 0
A20: 1 | B20: LUVA DE PROTEÇÃO CATMAT: 440936 Material: Raspa Punho: Longo – 20 cm Característica: Reforço interno na palma, e reforço externo entre o polegar e o indicador. Tamanho: Único Apresentação: Par | D20: 12 | E20: =C20*A20 -> 0 | F20: =E20/D20 -> 0
A21: 12 | B21: LUVA NITRÍLICA COM RESISTÊNCIA QUÍMICA CATMAT: 633924 Material: 100% em látex nitrílico Forro interno: Não Cor: Verde Característica: Acabamento clorinado, palma antiderrapante, punho reto, reutilizável. Tamanho: Sob medida Apresentação: Par | D21: 12 | E21: =C21*A21 -> 0 | F21: =E21/D21 -> 0
A22: 1 | B22: LUVA DE LÁTEX PARA USO GERAL CATMAT: 397421 Material: Látex natural com pó bioabsorvível Característica: Não estéril, descartável, ambidestra Tamanho: Sob medida Apresentação: Caixa com 100 unidades | D22: 12 | E22: =C22*A22 -> 0 | F22: =E22/D22 -> 0
A23: 4 | B23: ÓCULOS DE PROTEÇÃO CATMAT: 363744 Material Armação: Policarbonato Tipo Proteção: Lateral/Frontal Tipo Lente: Policarbonato Com Tratamento Anti-Rísco e Anti-Embaçamento Cor Lente: Incolor Características Adicionais: Contra Luminosidade Intensa, raios UVA 60% e UVB 95%. Apresentação: Unidade | D23: 12 | E23: =C23*A23 -> 0 | F23: =E23/D23 -> 0
A24: 12 | B24: PROTETOR SOLAR FPS 60 CATMAT: 405890 Forma: Loção cremosa Característica: Proteção contra a radiação UVB e UVA, rapidamente absorvível pela pele e resistente à água. Apresentação: Frasco de 200 ml | D24: 12 | E24: =C24*A24 -> 0 | F24: =E24/D24 -> 0
A25: 12 | B25: REPELENTE DE INSETOS CATMAT: 432403 Princípio Ativo: À base de Deet Concentração: Até 10% Forma Farmacêutica: Spray Característica Adicional: Isento de óleo Apresentação: Frasco de 200 ml | D25: 12 | E25: =C25*A25 -> 0 | F25: =E25/D25 -> 0
A26: 0 | B26: PROTETOR AUDITIVO CATMAT: 399937 Material: Silicone Característica: Plug auditivo de inserção com nível de atenuação de ruídos de até 14 dB. Tamanho: Único Apresentação: Par | D26: 12 | E26: =C26*A26 -> 0 | F26: =E26/D26 -> 0
A27: 60 | B27: MÁSCARA RESPIRATÓRIA PFF2 CATMAT: 485530 Modelo: Respirador Dobrável, Tipo Bico De Pato Material: Camadas Fibras Sintéticas Filtro: Eficiência Filtração Mín. 94% S Classe: Pff2, N95 Ou Equivalente Componente: Clipe Nasal Tipo Fixação: Tiras Vedação Anatômica Adicional 2: S/ Válvula Cor: C/ Cor Tamanho: Adulto Esterilidade: Descartável Apresentação: Unidade | D27: 12 | E27: =C27*A27 -> 0 | F27: =E27/D27 -> 0
A28: 6 | B28: AVENTAL DE PROTEÇÃO CATMAT: 238638 Material: PVC - Cloreto De Polivinila Tipo: Impermeável Comprimento: 100 CM Largura: 60 CM Características Adicionais: Com Alça E Tiras De Ajuste Apresentação: Unidade | D28: 12 | E28: =C28*A28 -> 0 | F28: =E28/D28 -> 0
A31: Custo Total Mensal | F31: =SUM(F15:F28) -> 0
A32: CUSTO UNITÁRIO MENSAL – MÉDICO-VETERINÁRIO, TIPO II, RT | F32: =ROUND(F31/1,2) -> 0
A35: ENCARREGADO OPERACIONAL:
A36: Qtde | B36: Descrição | C36: Custo unitário | D36: Vida útil (meses) | E36: Custo anual (R$) | F36: Custo mensal (R$)
A37: 1 | B37: BOTA IMPERMEÁVEL CATMAT: 620540 Material: PVC Solado: Borracha antiderrapante Cano: Longo Cor: Preta ou Azul com solado amarelo Tamanho: Sob medida Apresentação: Par | D37: 12 | E37: =C37*A37 -> 0 | F37: =E37/D37 -> 0
A38: 3 | B38: SAPATO DE SEGURANÇA CATMAT: 606877 Tipo: Cano curto com cadarço Material: Microfibra de alta Solado: Poliuretano PU bidensidade Característica: Com Forro, Solado Antiderrapante e Palmilha resistente à perfuração. Tamanho: Sob medida Apresentação: Par | D38: 12 | E38: =C38*A38 -> 0 | F38: =E38/D38 -> 0
A39: 3 | B39: CAPA DE CHUVA IMPERMEÁVEL CATMAT: 450863 Material: PVC Cor: Amarela Característica: Com Forro e Capuz Manga: Longa Tamanho: Sob medida Apresentação: Unidade | D39: 12 | E39: =C39*A39 -> 0 | F39: =E39/D39 -> 0
A40: 0 | B40: MACACÃO IMPERMEÁVEL TIPO JARDINEIRA CATMAT: 445985 Material: PVC Característica: Com botas acopladas Tamanho: Sob medida Apresentação: Unidade | D40: 12 | E40: =C40*A40 -> 0 | F40: =E40/D40 -> 0
A41: 0 | B41: PERNEIRA E MANGA DE ADESTRAMENTO CATMAT: 483720 Material: Confeccionada em tecido de bite suit, recheada com camada de EVA e Feltro. Fechamento: Com velcro Apresentação: Unidade | D41: 12 | F41: =E41/D41 -> 0
A42: 0 | B42: LUVA DE PROTEÇÃO CATMAT: 440936 Material: Raspa Punho: Longo – 20 cm Característica: Reforço interno na palma, e reforço externo entre o polegar e o indicador. Tamanho: Único Apresentação: Par | D42: 12 | E42: =C42*A42 -> 0 | F42: =E42/D42 -> 0
A43: 0 | B43: LUVA NITRÍLICA COM RESISTÊNCIA QUÍMICA CATMAT: 633924 Material: 100% em látex nitrílico Forro interno: Não Cor: Verde Característica: Acabamento clorinado, palma antiderrapante, punho reto, reutilizável. Tamanho: Sob medida Apresentação: Par | D43: 12 | E43: =C43*A43 -> 0 | F43: =E43/D43 -> 0
A44: 12 | B44: LUVA DE LÁTEX PARA USO GERAL CATMAT: 397421 Material: Látex natural com pó bioabsorvível Característica: Não estéril, descartável, ambidestra Tamanho: Sob medida Apresentação: Caixa com 100 unidades | D44: 12 | E44: =C44*A44 -> 0 | F44: =E44/D44 -> 0
A45: 2 | B45: ÓCULOS DE PROTEÇÃO CATMAT: 363744 Material Armação: Policarbonato Tipo Proteção: Lateral/Frontal Tipo Lente: Policarbonato Com Tratamento Anti-Rísco e Anti-Embaçamento Cor Lente: Incolor Características Adicionais: Contra Luminosidade Intensa, raios UVA 60% e UVB 95%. Apresentação: Unidade | D45: 12 | E45: =C45*A45 -> 0 | F45: =E45/D45 -> 0
A46: 12 | B46: PROTETOR SOLAR FPS 60 CATMAT: 405890 Forma: Loção cremosa Característica: Proteção contra a radiação UVB e UVA, rapidamente absorvível pela pele e resistente à água. Apresentação: Frasco de 200 ml | D46: 12 | E46: =C46*A46 -> 0 | F46: =E46/D46 -> 0
A47: 12 | B47: REPELENTE DE INSETOS CATMAT: 432403 Princípio Ativo: À base de Deet Concentração: Até 10% Forma Farmacêutica: Spray Característica Adicional: Isento de óleo Apresentação: Frasco de 200 ml | D47: 12 | E47: =C47*A47 -> 0 | F47: =E47/D47 -> 0
A48: 12 | B48: PROTETOR AUDITIVO CATMAT: 399937 Material: Silicone Característica: Plug auditivo de inserção com nível de atenuação de ruídos de até 14 dB. Tamanho: Único Apresentação: Par | D48: 12 | E48: =C48*A48 -> 0 | F48: =E48/D48 -> 0
A49: =60*1 -> 60 | B49: MÁSCARA RESPIRATÓRIA PFF2 CATMAT: 485530 Modelo: Respirador Dobrável, Tipo Bico De Pato Material: Camadas Fibras Sintéticas Filtro: Eficiência Filtração Mín. 94% S Classe: Pff2, N95 Ou Equivalente Componente: Clipe Nasal Tipo Fixação: Tiras Vedação Anatômica Adicional 2: S/ Válvula Cor: C/ Cor Tamanho: Adulto Esterilidade: Descartável Apresentação: Unidade | D49: 12 | E49: =C49*A49 -> 0 | F49: =E49/D49 -> 0
A50: 1 | B50: AVENTAL DE PROTEÇÃO CATMAT: 238638 Material: PVC - Cloreto De Polivinila Tipo: Impermeável Comprimento: 100 CM Largura: 60 CM Características Adicionais: Com Alça E Tiras De Ajuste Apresentação: Unidade | D50: 12 | E50: =C50*A50 -> 0 | F50: =E50/D50 -> 0
A53: Custo Total Mensal | F53: =SUM(F37:F50) -> 0
A54: CUSTO UNITÁRIO MENSAL – ENCARREGADO OPERACIONAL | F54: =ROUND(F53/1,2) -> 0
A57: AUXILIAR DE VETERINÁRIA:
A58: Qtde | B58: Descrição | C58: Custo unitário | D58: Vida útil (meses) | E58: Custo anual (R$) | F58: Custo mensal (R$)
A59: 1 | B59: BOTA IMPERMEÁVEL CATMAT: 620540 Material: PVC Solado: Borracha antiderrapante Cano: Longo Cor: Preta ou Azul com solado amarelo Tamanho: Sob medida Apresentação: Par | D59: 12 | E59: =C59*A59 -> 0 | F59: =E59/D59 -> 0
A60: 3 | B60: SAPATO DE SEGURANÇA CATMAT: 606877 Tipo: Cano curto com cadarço Material: Microfibra de alta Solado: Poliuretano PU bidensidade Característica: Com Forro, Solado Antiderrapante e Palmilha resistente à perfuração. Tamanho: Sob medida Apresentação: Par | D60: 12 | E60: =C60*A60 -> 0 | F60: =E60/D60 -> 0
A61: 3 | B61: CAPA DE CHUVA IMPERMEÁVEL CATMAT: 450863 Material: PVC Cor: Amarela Característica: Com Forro e Capuz Manga: Longa Tamanho: Sob medida Apresentação: Unidade | D61: 12 | E61: =C61*A61 -> 0 | F61: =E61/D61 -> 0
A62: 0 | B62: MACACÃO IMPERMEÁVEL TIPO JARDINEIRA CATMAT: 445985 Material: PVC Característica: Com botas acopladas Tamanho: Sob medida Apresentação: Unidade | D62: 12 | E62: =C62*A62 -> 0 | F62: =E62/D62 -> 0
A63: 0 | B63: PERNEIRA E MANGA DE ADESTRAMENTO CATMAT: 483720 Material: Confeccionada em tecido de bite suit, recheada com camada de EVA e Feltro. Fechamento: Com velcro Apresentação: Unidade | D63: 12 | F63: =E63/D63 -> 0
A64: 1 | B64: LUVA DE PROTEÇÃO CATMAT: 440936 Material: Raspa Punho: Longo – 20 cm Característica: Reforço interno na palma, e reforço externo entre o polegar e o indicador. Tamanho: Único Apresentação: Par | D64: 12 | E64: =C64*A64 -> 0 | F64: =E64/D64 -> 0
A65: 12 | B65: LUVA NITRÍLICA COM RESISTÊNCIA QUÍMICA CATMAT: 633924 Material: 100% em látex nitrílico Forro interno: Não Cor: Verde Característica: Acabamento clorinado, palma antiderrapante, punho reto, reutilizável. Tamanho: Sob medida Apresentação: Par | D65: 12 | E65: =C65*A65 -> 0 | F65: =E65/D65 -> 0
A66: 1 | B66: LUVA DE LÁTEX PARA USO GERAL CATMAT: 397421 Material: Látex natural com pó bioabsorvível Característica: Não estéril, descartável, ambidestra Tamanho: Sob medida Apresentação: Caixa com 100 unidades | D66: 12 | E66: =C66*A66 -> 0 | F66: =E66/D66 -> 0
A67: 4 | B67: ÓCULOS DE PROTEÇÃO CATMAT: 363744 Material Armação: Policarbonato Tipo Proteção: Lateral/Frontal Tipo Lente: Policarbonato Com Tratamento Anti-Rísco e Anti-Embaçamento Cor Lente: Incolor Características Adicionais: Contra Luminosidade Intensa, raios UVA 60% e UVB 95%. Apresentação: Unidade | D67: 12 | E67: =C67*A67 -> 0 | F67: =E67/D67 -> 0
A68: 12 | B68: PROTETOR SOLAR FPS 60 CATMAT: 405890 Forma: Loção cremosa Característica: Proteção contra a radiação UVB e UVA, rapidamente absorvível pela pele e resistente à água. Apresentação: Frasco de 200 ml | D68: 12 | E68: =C68*A68 -> 0 | F68: =E68/D68 -> 0
A69: 12 | B69: REPELENTE DE INSETOS CATMAT: 432403 Princípio Ativo: À base de Deet Concentração: Até 10% Forma Farmacêutica: Spray Característica Adicional: Isento de óleo Apresentação: Frasco de 200 ml | D69: 12 | E69: =C69*A69 -> 0 | F69: =E69/D69 -> 0
A70: 0 | B70: PROTETOR AUDITIVO CATMAT: 399937 Material: Silicone Característica: Plug auditivo de inserção com nível de atenuação de ruídos de até 14 dB. Tamanho: Único Apresentação: Par | D70: 12 | E70: =C70*A70 -> 0 | F70: =E70/D70 -> 0
A71: 60 | B71: MÁSCARA RESPIRATÓRIA PFF2 CATMAT: 485530 Modelo: Respirador Dobrável, Tipo Bico De Pato Material: Camadas Fibras Sintéticas Filtro: Eficiência Filtração Mín. 94% S Classe: Pff2, N95 Ou Equivalente Componente: Clipe Nasal Tipo Fixação: Tiras Vedação Anatômica Adicional 2: S/ Válvula Cor: C/ Cor Tamanho: Adulto Esterilidade: Descartável Apresentação: Unidade | D71: 12 | E71: =C71*A71 -> 0 | F71: =E71/D71 -> 0
A72: 6 | B72: AVENTAL DE PROTEÇÃO CATMAT: 238638 Material: PVC - Cloreto De Polivinila Tipo: Impermeável Comprimento: 100 CM Largura: 60 CM Características Adicionais: Com Alça E Tiras De Ajuste Apresentação: Unidade | D72: 12 | E72: =C72*A72 -> 0 | F72: =E72/D72 -> 0
A75: Custo Total Mensal | F75: =SUM(F59:F72) -> 0
A76: CUSTO UNITÁRIO MENSAL – AUXILIAR DE VETERINÁRIA | F76: =ROUND(F75/1,2) -> 0
A79: AUXILIAR DE FARMÁCIA:
A80: Qtde | B80: Descrição | C80: Custo unitário | D80: Vida útil (meses) | E80: Custo anual (R$) | F80: Custo mensal (R$)
A81: 0 | B81: BOTA IMPERMEÁVEL CATMAT: 620540 Material: PVC Solado: Borracha antiderrapante Cano: Longo Cor: Preta ou Azul com solado amarelo Tamanho: Sob medida Apresentação: Par | D81: 12 | E81: =C81*A81 -> 0 | F81: =E81/D81 -> 0
A82: 3 | B82: SAPATO DE SEGURANÇA CATMAT: 606877 Tipo: Cano curto com cadarço Material: Microfibra de alta Solado: Poliuretano PU bidensidade Característica: Com Forro, Solado Antiderrapante e Palmilha resistente à perfuração. Tamanho: Sob medida Apresentação: Par | D82: 12 | E82: =C82*A82 -> 0 | F82: =E82/D82 -> 0
A83: 3 | B83: CAPA DE CHUVA IMPERMEÁVEL CATMAT: 450863 Material: PVC Cor: Amarela Característica: Com Forro e Capuz Manga: Longa Tamanho: Sob medida Apresentação: Unidade | D83: 12 | E83: =C83*A83 -> 0 | F83: =E83/D83 -> 0
A84: 0 | B84: MACACÃO IMPERMEÁVEL TIPO JARDINEIRA CATMAT: 445985 Material: PVC Característica: Com botas acopladas Tamanho: Sob medida Apresentação: Unidade | D84: 12 | E84: =C84*A84 -> 0 | F84: =E84/D84 -> 0
A85: 0 | B85: PERNEIRA E MANGA DE ADESTRAMENTO CATMAT: 483720 Material: Confeccionada em tecido de bite suit, recheada com camada de EVA e Feltro. Fechamento: Com velcro Apresentação: Unidade | D85: 12 | F85: =E85/D85 -> 0
A86: 0 | B86: LUVA DE PROTEÇÃO CATMAT: 440936 Material: Raspa Punho: Longo – 20 cm Característica: Reforço interno na palma, e reforço externo entre o polegar e o indicador. Tamanho: Único Apresentação: Par | D86: 12 | E86: =C86*A86 -> 0 | F86: =E86/D86 -> 0
A87: 0 | B87: LUVA NITRÍLICA COM RESISTÊNCIA QUÍMICA CATMAT: 633924 Material: 100% em látex nitrílico Forro interno: Não Cor: Verde Característica: Acabamento clorinado, palma antiderrapante, punho reto, reutilizável. Tamanho: Sob medida Apresentação: Par | D87: 12 | E87: =C87*A87 -> 0 | F87: =E87/D87 -> 0
A88: 0 | B88: LUVA DE LÁTEX PARA USO GERAL CATMAT: 397421 Material: Látex natural com pó bioabsorvível Característica: Não estéril, descartável, ambidestra Tamanho: Sob medida Apresentação: Caixa com 100 unidades | D88: 12 | E88: =C88*A88 -> 0 | F88: =E88/D88 -> 0
A89: 0 | B89: ÓCULOS DE PROTEÇÃO CATMAT: 363744 Material Armação: Policarbonato Tipo Proteção: Lateral/Frontal Tipo Lente: Policarbonato Com Tratamento Anti-Rísco e Anti-Embaçamento Cor Lente: Incolor Características Adicionais: Contra Luminosidade Intensa, raios UVA 60% e UVB 95%. Apresentação: Unidade | D89: 12 | E89: =C89*A89 -> 0 | F89: =E89/D89 -> 0
A90: 12 | B90: PROTETOR SOLAR FPS 60 CATMAT: 405890 Forma: Loção cremosa Característica: Proteção contra a radiação UVB e UVA, rapidamente absorvível pela pele e resistente à água. Apresentação: Frasco de 200 ml | D90: 12 | E90: =C90*A90 -> 0 | F90: =E90/D90 -> 0
A91: 12 | B91: REPELENTE DE INSETOS CATMAT: 432403 Princípio Ativo: À base de Deet Concentração: Até 10% Forma Farmacêutica: Spray Característica Adicional: Isento de óleo Apresentação: Frasco de 200 ml | D91: 12 | E91: =C91*A91 -> 0 | F91: =E91/D91 -> 0
A92: 12 | B92: PROTETOR AUDITIVO CATMAT: 399937 Material: Silicone Característica: Plug auditivo de inserção com nível de atenuação de ruídos de até 14 dB. Tamanho: Único Apresentação: Par | D92: 12 | E92: =C92*A92 -> 0 | F92: =E92/D92 -> 0
A93: 0 | B93: MÁSCARA RESPIRATÓRIA PFF2 CATMAT: 485530 Modelo: Respirador Dobrável, Tipo Bico De Pato Material: Camadas Fibras Sintéticas Filtro: Eficiência Filtração Mín. 94% S Classe: Pff2, N95 Ou Equivalente Componente: Clipe Nasal Tipo Fixação: Tiras Vedação Anatômica Adicional 2: S/ Válvula Cor: C/ Cor Tamanho: Adulto Esterilidade: Descartável Apresentação: Unidade | D93: 12 | E93: =C93*A93 -> 0 | F93: =E93/D93 -> 0
A94: 0 | B94: AVENTAL DE PROTEÇÃO CATMAT: 238638 Material: PVC - Cloreto De Polivinila Tipo: Impermeável Comprimento: 100 CM Largura: 60 CM Características Adicionais: Com Alça E Tiras De Ajuste Apresentação: Unidade | D94: 12 | E94: =C94*A94 -> 0 | F94: =E94/D94 -> 0
A97: Custo Total Mensal | F97: =SUM(F81:F94) -> 0
A98: CUSTO UNITÁRIO MENSAL – AUXILIAR DE FARMÁCIA | F98: =ROUND(F97/1,2) -> 0
A101: TRATADOR DE ANIMAIS:
A102: Qtde | B102: Descrição | C102: Custo unitário | D102: Vida útil (meses) | E102: Custo anual (R$) | F102: Custo mensal (R$)
A103: 2 | B103: BOTA IMPERMEÁVEL CATMAT: 620540 Material: PVC Solado: Borracha antiderrapante Cano: Longo Cor: Preta ou Azul com solado amarelo Tamanho: Sob medida Apresentação: Par | D103: 12 | E103: =C103*A103 -> 0 | F103: =E103/D103 -> 0
A104: 3 | B104: SAPATO DE SEGURANÇA CATMAT: 606877 Tipo: Cano curto com cadarço Material: Microfibra de alta Solado: Poliuretano PU bidensidade Característica: Com Forro, Solado Antiderrapante e Palmilha resistente à perfuração. Tamanho: Sob medida Apresentação: Par | D104: 12 | E104: =C104*A104 -> 0 | F104: =E104/D104 -> 0
A105: 3 | B105: CAPA DE CHUVA IMPERMEÁVEL CATMAT: 450863 Material: PVC Cor: Amarela Característica: Com Forro e Capuz Manga: Longa Tamanho: Sob medida Apresentação: Unidade | D105: 12 | E105: =C105*A105 -> 0 | F105: =E105/D105 -> 0
A106: 1 | B106: MACACÃO IMPERMEÁVEL TIPO JARDINEIRA CATMAT: 445985 Material: PVC Característica: Com botas acopladas Tamanho: Sob medida Apresentação: Unidade | D106: 12 | E106: =C106*A106 -> 0 | F106: =E106/D106 -> 0
A107: 1 | B107: PERNEIRA E MANGA DE ADESTRAMENTO CATMAT: 483720 Material: Confeccionada em tecido de bite suit, recheada com camada de EVA e Feltro. Fechamento: Com velcro Apresentação: Unidade | D107: 12 | F107: =E107/D107 -> 0
A108: 2 | B108: LUVA DE PROTEÇÃO CATMAT: 440936 Material: Raspa Punho: Longo – 20 cm Característica: Reforço interno na palma, e reforço externo entre o polegar e o indicador. Tamanho: Único Apresentação: Par | D108: 12 | E108: =C108*A108 -> 0 | F108: =E108/D108 -> 0
A109: 30 | B109: LUVA NITRÍLICA COM RESISTÊNCIA QUÍMICA CATMAT: 633924 Material: 100% em látex nitrílico Forro interno: Não Cor: Verde Característica: Acabamento clorinado, palma antiderrapante, punho reto, reutilizável. Tamanho: Sob medida Apresentação: Par | D109: 12 | E109: =C109*A109 -> 0 | F109: =E109/D109 -> 0
A110: 12 | B110: LUVA DE LÁTEX PARA USO GERAL CATMAT: 397421 Material: Látex natural com pó bioabsorvível Característica: Não estéril, descartável, ambidestra Tamanho: Sob medida Apresentação: Caixa com 100 unidades | D110: 12 | E110: =C110*A110 -> 0 | F110: =E110/D110 -> 0
A111: 2 | B111: ÓCULOS DE PROTEÇÃO CATMAT: 363744 Material Armação: Policarbonato Tipo Proteção: Lateral/Frontal Tipo Lente: Policarbonato Com Tratamento Anti-Rísco e Anti-Embaçamento Cor Lente: Incolor Características Adicionais: Contra Luminosidade Intensa, raios UVA 60% e UVB 95%. Apresentação: Unidade | D111: 12 | E111: =C111*A111 -> 0 | F111: =E111/D111 -> 0
A112: 12 | B112: PROTETOR SOLAR FPS 60 CATMAT: 405890 Forma: Loção cremosa Característica: Proteção contra a radiação UVB e UVA, rapidamente absorvível pela pele e resistente à água. Apresentação: Frasco de 200 ml | D112: 12 | E112: =C112*A112 -> 0 | F112: =E112/D112 -> 0
A113: 12 | B113: REPELENTE DE INSETOS CATMAT: 432403 Princípio Ativo: À base de Deet Concentração: Até 10% Forma Farmacêutica: Spray Característica Adicional: Isento de óleo Apresentação: Frasco de 200 ml | D113: 12 | E113: =C113*A113 -> 0 | F113: =E113/D113 -> 0
A114: 12 | B114: PROTETOR AUDITIVO CATMAT: 399937 Material: Silicone Característica: Plug auditivo de inserção com nível de atenuação de ruídos de até 14 dB. Tamanho: Único Apresentação: Par | D114: 12 | E114: =C114*A114 -> 0 | F114: =E114/D114 -> 0
A115: =60*1 -> 60 | B115: MÁSCARA RESPIRATÓRIA PFF2 CATMAT: 485530 Modelo: Respirador Dobrável, Tipo Bico De Pato Material: Camadas Fibras Sintéticas Filtro: Eficiência Filtração Mín. 94% S Classe: Pff2, N95 Ou Equivalente Componente: Clipe Nasal Tipo Fixação: Tiras Vedação Anatômica Adicional 2: S/ Válvula Cor: C/ Cor Tamanho: Adulto Esterilidade: Descartável Apresentação: Unidade | D115: 12 | E115: =C115*A115 -> 0 | F115: =E115/D115 -> 0
A116: 2 | B116: AVENTAL DE PROTEÇÃO CATMAT: 238638 Material: PVC - Cloreto De Polivinila Tipo: Impermeável Comprimento: 100 CM Largura: 60 CM Características Adicionais: Com Alça E Tiras De Ajuste Apresentação: Unidade | D116: 12 | E116: =C116*A116 -> 0 | F116: =E116/D116 -> 0
A119: Custo Total Mensal | F119: =SUM(F103:F116) -> 0
A120: CUSTO UNITÁRIO MENSAL – TRATADOR DE ANIMAIS | F120: =ROUND(F119/1,2) -> 0
A123: RECEPCIONISTA:
...

Sheet Anexo - M5. Uniformes
A1: [LOGOTIPO] -------- [DADOS DA EMPRESA:RAZÃO SOCIAL/CNPJ/ENDEREÇO/CONTATOS(TELEFONE/EMAIL)]
A2: Anexo auxiliar do módulo 5 da planilha de formação de preços de mão de obra
A3: PLANILHA DE QUANTIDADES E ORÇAMENTO DE UNIFORMES
A5: Instruções para preenchimento:
A6: As quantidades eventualmente preenchidas nesta planilha são apenas as estimadas e podem ser alteradas a critério da Licitante. Os custos unitários eventualmente preenchidos nesta planilha possuem referência rastreável em Compras Públicas pesquisadas no Compras.gov.br (2948152) e homologadas no período entre 01/07/2025 e 28/02/2026, todavia os preços apresentados também podem ser alteradas a critério da Licitante.
A7: As quantidades referem-se ao necessário para os 12(doze) meses de contrato.
A8: Deve-se descrever todos os uniformes/materiais/equipamentos necessários à consecução do serviço.
A10: MÓDULO 5 – INSUMOS DIVERSOS: UNIFORMES
A12: MÉDICO-VETERINÁRIO, TIPO II, RT
A13: Qtde | B13: Descrição | C13: Custo unitário | D13: Vida útil (meses) | E13: Custo anual (R$) | F13: Custo mensal (R$)
A14: 6 | B14: Conjunto Calça e Jaleco (scrubs), unissex, manga curta, sem botões, com gola V, em tecido Oxford. CATMAT: 463863 Tamanho: Sob medida Apresentação: Unidade | D14: 12 | E14: =C14*A14 -> 0 | F14: =E14/D14 -> 0
A15: 6 | B15: Calça, unissex, com elástico, em brim profissional leve. CATMAT: 230492 Tamanho: Sob medida Apresentação: Unidade | D15: 12 | E15: =C15*A15 -> 0 | F15: =E15/D15 -> 0
A16: 4 | B16: Bata, unissex, mangas compridas, fecho de botão em losango e gola de lapela, em tecido Oxford. CATMAT: 634409 Tamanho: Sob medida Apresentação: Unidade | D16: 12 | E16: =C16*A16 -> 0 | F16: =E16/D16 -> 0
A17: 6 | B17: Camiseta, unissex, mangas curtas, tecido de algodão. CATMAT: 430181 Tamanho: Sob medida Apresentação: Unidade | D17: 12 | E17: =C17*A17 -> 0 | F17: =E17/D17 -> 0
A18: 6 | B18: Camisa, unissex, mangas compridas, tecido de algodão. CATMAT: 460249 Tamanho: Sob medida Apresentação: Unidade | D18: 12 | E18: =C18*A18 -> 0 | F18: =E18/D18 -> 0
A19: 3 | B19: Colete, unissex, sem mangas, em brim profissional leve. CATMAT: 614911 Tamanho: Sob medida Apresentação: Unidade | D19: 12 | E19: =C19*A19 -> 0 | F19: =E19/D19 -> 0
A22: CUSTO TOTAL MENSAL | F22: =SUM(F14:F21) -> 0
A23: CUSTO UNITÁRIO MENSAL - MÉDICO-VETERINÁRIO, TIPO II, RT | F23: =ROUND(F22/1,2) -> 0
A26: ENCARREGADO OPERACIONAL
A27: Qtde | B27: Descrição | C27: Custo unitário | D27: Vida útil (meses) | E27: Custo anual (R$) | F27: Custo mensal (R$)
A28: 0 | B28: Conjunto Calça e Jaleco (scrubs), unissex, manga curta, sem botões, com gola V, em tecido Oxford. CATMAT: 463863 Tamanho: Sob medida Apresentação: Unidade | D28: 12 | E28: =C28*A28 -> 0 | F28: =E28/D28 -> 0
A29: 6 | B29: Calça, unissex, com elástico, em brim profissional leve. CATMAT: 230492 Tamanho: Sob medida Apresentação: Unidade | D29: 12 | E29: =C29*A29 -> 0 | F29: =E29/D29 -> 0
A30: 0 | B30: Bata, unissex, mangas compridas, fecho de botão em losango e gola de lapela, em tecido Oxford. CATMAT: 634409 Tamanho: Sob medida Apresentação: Unidade | D30: 12 | E30: =C30*A30 -> 0 | F30: =E30/D30 -> 0
A31: 12 | B31: Camiseta, unissex, mangas curtas, tecido de algodão. CATMAT: 430181 Tamanho: Sob medida Apresentação: Unidade | D31: 12 | E31: =C31*A31 -> 0 | F31: =E31/D31 -> 0
A32: 6 | B32: Camisa, unissex, mangas compridas, tecido de algodão. CATMAT: 460249 Tamanho: Sob medida Apresentação: Unidade | D32: 12 | E32: =C32*A32 -> 0 | F32: =E32/D32 -> 0
A33: 3 | B33: Colete, unissex, sem mangas, em brim profissional leve. CATMAT: 614911 Tamanho: Sob medida Apresentação: Unidade | D33: 12 | E33: =C33*A33 -> 0 | F33: =E33/D33 -> 0
A36: CUSTO TOTAL MENSAL | F36: =SUM(F28:F35) -> 0
A37: CUSTO UNITÁRIO MENSAL - ENCARREGADO OPERACIONAL | F37: =ROUND(F36/1,2) -> 0
A40: AUXILIAR DE VETERINÁRIA
A41: Qtde | B41: Descrição | C41: Custo unitário | D41: Vida útil (meses) | E41: Custo anual (R$) | F41: Custo mensal (R$)
A42: 6 | B42: Conjunto Calça e Jaleco (scrubs), unissex, manga curta, sem botões, com gola V, em tecido Oxford. CATMAT: 463863 Tamanho: Sob medida Apresentação: Unidade | D42: 12 | E42: =C42*A42 -> 0 | F42: =E42/D42 -> 0
A43: 6 | B43: Calça, unissex, com elástico, em brim profissional leve. CATMAT: 230492 Tamanho: Sob medida Apresentação: Unidade | D43: 12 | E43: =C43*A43 -> 0 | F43: =E43/D43 -> 0
A44: 0 | B44: Bata, unissex, mangas compridas, fecho de botão em losango e gola de lapela, em tecido Oxford. CATMAT: 634409 Tamanho: Sob medida Apresentação: Unidade | D44: 12 | E44: =C44*A44 -> 0 | F44: =E44/D44 -> 0
A45: 12 | B45: Camiseta, unissex, mangas curtas, tecido de algodão. CATMAT: 430181 Tamanho: Sob medida Apresentação: Unidade | D45: 12 | E45: =C45*A45 -> 0 | F45: =E45/D45 -> 0
A46: 6 | B46: Camisa, unissex, mangas compridas, tecido de algodão. CATMAT: 460249 Tamanho: Sob medida Apresentação: Unidade | D46: 12 | E46: =C46*A46 -> 0 | F46: =E46/D46 -> 0
A47: 3 | B47: Colete, unissex, sem mangas, em brim profissional leve. CATMAT: 614911 Tamanho: Sob medida Apresentação: Unidade | D47: 12 | E47: =C47*A47 -> 0 | F47: =E47/D47 -> 0
A50: CUSTO TOTAL MENSAL | F50: =SUM(F42:F49) -> 0
A51: CUSTO UNITÁRIO MENSAL - AUXILIAR DE VETERINÁRIA | F51: =ROUND(F50/1,2) -> 0
A54: AUXILIAR DE FARMÁCIA
A55: Qtde | B55: Descrição | C55: Custo unitário | D55: Vida útil (meses) | E55: Custo anual (R$) | F55: Custo mensal (R$)
A56: 0 | B56: Conjunto Calça e Jaleco (scrubs), unissex, manga curta, sem botões, com gola V, em tecido Oxford. CATMAT: 463863 Tamanho: Sob medida Apresentação: Unidade | D56: 12 | E56: =C56*A56 -> 0 | F56: =E56/D56 -> 0
A57: 6 | B57: Calça, unissex, com elástico, em brim profissional leve. CATMAT: 230492 Tamanho: Sob medida Apresentação: Unidade | D57: 12 | E57: =C57*A57 -> 0 | F57: =E57/D57 -> 0
A58: 0 | B58: Bata, unissex, mangas compridas, fecho de botão em losango e gola de lapela, em tecido Oxford. CATMAT: 634409 Tamanho: Sob medida Apresentação: Unidade | D58: 12 | E58: =C58*A58 -> 0 | F58: =E58/D58 -> 0
A59: 12 | B59: Camiseta, unissex, mangas curtas, tecido de algodão. CATMAT: 430181 Tamanho: Sob medida Apresentação: Unidade | D59: 12 | E59: =C59*A59 -> 0 | F59: =E59/D59 -> 0
A60: 6 | B60: Camisa, unissex, mangas compridas, tecido de algodão. CATMAT: 460249 Tamanho: Sob medida Apresentação: Unidade | D60: 12 | E60: =C60*A60 -> 0 | F60: =E60/D60 -> 0
A61: 3 | B61: Colete, unissex, sem mangas, em brim profissional leve. CATMAT: 614911 Tamanho: Sob medida Apresentação: Unidade | D61: 12 | E61: =C61*A61 -> 0 | F61: =E61/D61 -> 0
A64: CUSTO TOTAL MENSAL | F64: =SUM(F56:F63) -> 0
A65: CUSTO UNITÁRIO MENSAL - AUXILIAR DE FARMÁCIA | F65: =ROUND(F64/1,2) -> 0
A68: TRATADOR DE ANIMAIS
A69: Qtde | B69: Descrição | C69: Custo unitário | D69: Vida útil (meses) | E69: Custo anual (R$) | F69: Custo mensal (R$)
A70: 0 | B70: Conjunto Calça e Jaleco (scrubs), unissex, manga curta, sem botões, com gola V, em tecido Oxford. CATMAT: 463863 Tamanho: Sob medida Apresentação: Unidade | D70: 12 | E70: =C70*A70 -> 0 | F70: =E70/D70 -> 0
A71: 6 | B71: Calça, unissex, com elástico, em brim profissional leve. CATMAT: 230492 Tamanho: Sob medida Apresentação: Unidade | D71: 12 | E71: =C71*A71 -> 0 | F71: =E71/D71 -> 0
A72: 0 | B72: Bata, unissex, mangas compridas, fecho de botão em losango e gola de lapela, em tecido Oxford. CATMAT: 634409 Tamanho: Sob medida Apresentação: Unidade | D72: 12 | E72: =C72*A72 -> 0 | F72: =E72/D72 -> 0
A73: 12 | B73: Camiseta, unissex, mangas curtas, tecido de algodão. CATMAT: 430181 Tamanho: Sob medida Apresentação: Unidade | D73: 12 | E73: =C73*A73 -> 0 | F73: =E73/D73 -> 0
A74: 6 | B74: Camisa, unissex, mangas compridas, tecido de algodão. CATMAT: 460249 Tamanho: Sob medida Apresentação: Unidade | D74: 12 | E74: =C74*A74 -> 0 | F74: =E74/D74 -> 0
A75: 3 | B75: Colete, unissex, sem mangas, em brim profissional leve. CATMAT: 614911 Tamanho: Sob medida Apresentação: Unidade | D75: 12 | E75: =C75*A75 -> 0 | F75: =E75/D75 -> 0
A78: CUSTO TOTAL MENSAL | F78: =SUM(F70:F77) -> 0
A79: CUSTO UNITÁRIO MENSAL - TRATADOR DE ANIMAIS | F79: =ROUND(F78/1,2) -> 0
A82: RECEPCIONISTA
A83: Qtde | B83: Descrição | C83: Custo unitário | D83: Vida útil (meses) | E83: Custo anual (R$) | F83: Custo mensal (R$)
A84: 0 | B84: Conjunto Calça e Jaleco (scrubs), unissex, manga curta, sem botões, com gola V, em tecido Oxford. CATMAT: 463863 Tamanho: Sob medida Apresentação: Unidade | D84: 12 | E84: =C84*A84 -> 0 | F84: =E84/D84 -> 0
A85: 6 | B85: Calça, unissex, com elástico, em brim profissional leve. CATMAT: 230492 Tamanho: Sob medida Apresentação: Unidade | D85: 12 | E85: =C85*A85 -> 0 | F85: =E85/D85 -> 0
A86: 0 | B86: Bata, unissex, mangas compridas, fecho de botão em losango e gola de lapela, em tecido Oxford. CATMAT: 634409 Tamanho: Sob medida Apresentação: Unidade | D86: 12 | E86: =C86*A86 -> 0 | F86: =E86/D86 -> 0
A87: 12 | B87: Camiseta, unissex, mangas curtas, tecido de algodão. CATMAT: 430181 Tamanho: Sob medida Apresentação: Unidade | D87: 12 | E87: =C87*A87 -> 0 | F87: =E87/D87 -> 0
A88: 6 | B88: Camisa, unissex, mangas compridas, tecido de algodão. CATMAT: 460249 Tamanho: Sob medida Apresentação: Unidade | D88: 12 | E88: =C88*A88 -> 0 | F88: =E88/D88 -> 0
A89: 3 | B89: Colete, unissex, sem mangas, em brim profissional leve. CATMAT: 614911 Tamanho: Sob medida Apresentação: Unidade | D89: 12 | E89: =C89*A89 -> 0 | F89: =E89/D89 -> 0
A92: CUSTO TOTAL MENSAL | F92: =SUM(F84:F91) -> 0
A93: CUSTO UNITÁRIO MENSAL – RECEPCIONISTA | F93: =ROUND(F92/1,2) -> 0
A96: ASSISTENTE ADMINISTRATIVO
A97: Qtde | B97: Descrição | C97: Custo unitário | D97: Vida útil (meses) | E97: Custo anual (R$) | F97: Custo mensal (R$)
A98: 0 | B98: Conjunto Calça e Jaleco (scrubs), unissex, manga curta, sem botões, com gola V, em tecido Oxford. CATMAT: 463863 Tamanho: Sob medida Apresentação: Unidade | D98: 12 | E98: =C98*A98 -> 0 | F98: =E98/D98 -> 0
A99: 6 | B99: Calça, unissex, com elástico, em brim profissional leve. CATMAT: 230492 Tamanho: Sob medida Apresentação: Unidade | D99: 12 | E99: =C99*A99 -> 0 | F99: =E99/D99 -> 0
A100: 0 | B100: Bata, unissex, mangas compridas, fecho de botão em losango e gola de lapela, em tecido Oxford. CATMAT: 634409 Tamanho: Sob medida Apresentação: Unidade | D100: 12 | E100: =C100*A100 -> 0 | F100: =E100/D100 -> 0
A101: 12 | B101: Camiseta, unissex, mangas curtas, tecido de algodão. CATMAT: 430181 Tamanho: Sob medida Apresentação: Unidade | D101: 12 | E101: =C101*A101 -> 0 | F101: =E101/D101 -> 0
A102: 6 | B102: Camisa, unissex, mangas compridas, tecido de algodão. CATMAT: 460249 Tamanho: Sob medida Apresentação: Unidade | D102: 12 | E102: =C102*A102 -> 0 | F102: =E102/D102 -> 0
A103: 3 | B103: Colete, unissex, sem mangas, em brim profissional leve. CATMAT: 614911 Tamanho: Sob medida Apresentação: Unidade | D103: 12 | E103: =C103*A103 -> 0 | F103: =E103/D103 -> 0
A106: CUSTO TOTAL MENSAL | F106: =SUM(F98:F105) -> 0
A107: CUSTO UNITÁRIO MENSAL – ASSISTENTE ADMINISTRATIVO | F107: =ROUND(F106/1,2) -> 0
A110: AUXILIAR DE LIMPEZA
A111: Qtde | B111: Descrição | C111: Custo unitário | D111: Vida útil (meses) | E111: Custo anual (R$) | F111: Custo mensal (R$)
A112: 0 | B112: Conjunto Calça e Jaleco (scrubs), unissex, manga curta, sem botões, com gola V, em tecido Oxford. CATMAT: 463863 Tamanho: Sob medida Apresentação: Unidade | D112: 12 | E112: =C112*A112 -> 0 | F112: =E112/D112 -> 0
A113: 6 | B113: Calça, unissex, com elástico, em brim profissional leve. CATMAT: 230492 Tamanho: Sob medida Apresentação: Unidade | D113: 12 | E113: =C113*A113 -> 0 | F113: =E113/D113 -> 0
A114: 0 | B114: Bata, unissex, mangas compridas, fecho de botão em losango e gola de lapela, em tecido Oxford. CATMAT: 634409 Tamanho: Sob medida Apresentação: Unidade | D114: 12 | E114: =C114*A114 -> 0 | F114: =E114/D114 -> 0
A115: 12 | B115: Camiseta, unissex, mangas curtas, tecido de algodão. CATMAT: 430181 Tamanho: Sob medida Apresentação: Unidade | D115: 12 | E115: =C115*A115 -> 0 | F115: =E115/D115 -> 0
A116: 6 | B116: Camisa, unissex, mangas compridas, tecido de algodão. CATMAT: 460249 Tamanho: Sob medida Apresentação: Unidade | D116: 12 | E116: =C116*A116 -> 0 | F116: =E116/D116 -> 0
A117: 3 | B117: Colete, unissex, sem mangas, em brim profissional leve. CATMAT: 614911 Tamanho: Sob medida Apresentação: Unidade | D117: 12 | E117: =C117*A117 -> 0 | F117: =E117/D117 -> 0
A120: CUSTO TOTAL MENSAL | F120: =SUM(F112:F119) -> 0
A121: CUSTO UNITÁRIO MENSAL – AUXILIAR DE LIMPEZA | F121: =ROUND(F120/1,2) -> 0
A124: AUXILIAR DE MANUTENÇÃO
A125: Qtde | B125: Descrição | C125: Custo unitário | D125: Vida útil (meses) | E125: Custo anual (R$) | F125: Custo mensal (R$)
A126: 0 | B126: Conjunto Calça e Jaleco (scrubs), unissex, manga curta, sem botões, com gola V, em tecido Oxford. CATMAT: 463863 Tamanho: Sob medida Apresentação: Unidade | D126: 12 | E126: =C126*A126 -> 0 | F126: =E126/D126 -> 0
A127: 6 | B127: Calça, unissex, com elástico, em brim profissional leve. CATMAT: 230492 Tamanho: Sob medida Apresentação: Unidade | D127: 12 | E127: =C127*A127 -> 0 | F127: =E127/D127 -> 0
A128: 0 | B128: Bata, unissex, mangas compridas, fecho de botão em losango e gola de lapela, em tecido Oxford. CATMAT: 634409 Tamanho: Sob medida Apresentação: Unidade | D128: 12 | E128: =C128*A128 -> 0 | F128: =E128/D128 -> 0
A129: 12 | B129: Camiseta, unissex, mangas curtas, tecido de algodão. CATMAT: 430181 Tamanho: Sob medida Apresentação: Unidade | D129: 12 | E129: =C129*A129 -> 0 | F129: =E129/D129 -> 0
A130: 6 | B130: Camisa, unissex, mangas compridas, tecido de algodão. CATMAT: 460249 Tamanho: Sob medida Apresentação: Unidade | D130: 12 | E130: =C130*A130 -> 0 | F130: =E130/D130 -> 0
A131: 3 | B131: Colete, unissex, sem mangas, em brim profissional leve. CATMAT: 614911 Tamanho: Sob medida Apresentação: Unidade | D131: 12 | E131: =C131*A131 -> 0 | F131: =E131/D131 -> 0
A134: CUSTO TOTAL MENSAL | F134: =SUM(F126:F133) -> 0
A135: CUSTO UNITÁRIO MENSAL – AUXILIAR DE MANUTENÇÃO | F135: =ROUND(F134/1,2) -> 0

Sheet Anexo_sub-item 1.1.3
A1: [LOGOTIPO] ------------------- [DADOS DA EMPRESA:RAZÃO SOCIAL/CNPJ/ENDEREÇO/CONTATOS(TELEFONE/EMAIL)]
A2: Regime de Tributação:
A3: PLANILHA DE CUSTOS E FORMAÇÃO DE PREÇOS Nota 1: Apresentar uma planilha para cada tipo de profissional em regime de dedicação exclusiva (itens 1.1.3 à 1.1.11) Nota 2: A planilha será calculada considerando o valor mensal do serviço Nota 3: Preencher ou editar apenas os campos em amarelo Nota 4: Proibido modificar a estrutura da planilha, acrescentar ou suprimir linhas e/ou colunas
A4: Discriminação dos Serviços (dados referentes à contratação)
A5: A | B5: Data de apresentação da proposta (dia/mês/ano) | H5: ___/____/2026
A6: B | B6: Município de prestação dos serviços | H6: CANOAS/RS
A7: C | B7: Processo de contratação | H7: 26.0.000015198-9
A8: D | B8: Número de meses de execução contratual | H8: 12
A10: Dados complementares para composição dos custos referente à mão de obra
A11: 1. | B11: Tipo de serviço: | H11: Item 03 - Médico-Veterinário, Tipo II, RT
A12: 2. | B12: Classificação Brasileira de Ocupações (CBO): | H12: 2233-05
A13: 3. | B13: Salário Base para Jornada de 40 horas/semanais:
A14: 4. | B14: Informar Sindicato da Categoria Profissional (vinculada à execução contratual) – se houver:
A15: 5. | B15: Possui Acordo, Convenção Coletiva ou Sentença Normativa em Dissídio Coletivo?
A16: 6. | B16: Indicar eventuais instrumentos de referência considerados para elaboração da proposta:
A17: 7. | B17: Indicar data base da categoria (dia/mês/ano):
A18: 8. | B18: Unidade de Medida | H18: Posto de trabalho
A19: 9. | B19: Quantidade Total a Contratar (em função da unidade de medida) | H19: 2
A21: MÓDULO 1: COMPOSIÇÃO DA REMUNERAÇÃO MENSAL
A22: 1 | B22: Composição da Remuneração | E22: Nº de dias úteis | G22: Nº Horas/Mês | H22: % | I22: Valor (R$)
A23: A | B23: Salário-base | E23: 21 | G23: 200 | I23: =ROUND(H13/G23*G23,2) -> 0
A24: B | B24: Adicional de Insalubridade | I24: =IF(H15="Sim",(I23*H24),(I32*H24)) -> 0
A25: C | B25: Adicional de Periculosidade | I25: =I23*H25 -> 0
A26: D | B26: Adicional Noturno | I26: =I23*H26 -> 0
A27: E | B27: Gratificação de Função | I27: =I23*H27 -> 0
A28: F | B28: Outros – especificar: | I28: =I23*H28 -> 0
A29: Total da Remuneração | I29: =SUM(I23:I28) -> 0
A30: Nota 1: O Módulo 1 refere-se ao valor devido ao empregado pela prestação do serviço.
A31: Nota 2: Para o empregado que labora a jornada 12x36, em caso da não concessão ou concessão parcial do intervalo intrajornada (§4º do art. 71 da CLT), o valor a ser pago será inserido na remuneração utilizando a alínea C
A32: Nota 3: O adicional de insalubridade deve observar, se houver, norma coletiva, instrumento de pactuação ou política interna da empresa que fixe base distinta. Na ausência dessas, aplicar-se o cálculo de insalubridade sobre o valor do Salário Mínimo Nacional vigente. | F32: Ano: | G32: 2026 | H32: Salário Mínimo Nacional: | I32: 1621
A33: MÓDULO 2 : ENCARGOS E BENEFÍCIOS ANUAIS, MENSAIS E DIÁRIOS
A34: Submódulo 2.1 - 13º Salário e Adicional de Férias
A35: 2.1 | B35: 13º Salário, Férias e Adicional de Férias | H35: Percentual (%) | I35: Valor (R$)
A36: A | B36: 13º Salário | H36: 0.083333 | I36: =ROUND($I$29*H36,2) -> 0
A37: B | B37: Férias e Adicional de Férias | H37: 0.111111 | I37: =ROUND($I$29*H37,2) -> 0
A38: TOTAL | H38: =SUM(H36:H37) -> 0.194444 | I38: =SUM(I36:I37) -> 0
A39: Nota 1: Como a planilha de custos e formação de preços é calculada mensalmente, provisiona-se proporcionalmente 1/12 (um doze avos) dos valores referentes á gratificação natalina e ao adicional de férias
A40: Nota 2: O adicional de férias contido no submódulo 2.1 corresponde a 1/3 (um terço) da remuneração, que, por sua vez, é dividido por 12, conforme Nota 1
A41: Submódulo 2.2 - Encargos Previdenciários, FGTS e outras contribuições:
A42: 2.2 | B42: Encargos Previdenciários e FGTS | H42: Percentual (%) | I42: Valor (R$)
A43: A | B43: INSS | H43: 0.2 | I43: =ROUND(($I$29+$I$38)*H43,2) -> 0
A44: B | B44: SESI ou SESC | H44: 0.015 | I44: =ROUND(($I$29+$I$38)*H44,2) -> 0
A45: C | B45: SENAI ou SENAC | H45: 0.01 | I45: =ROUND(($I$29+$I$38)*H45,2) -> 0
A46: D | B46: INCRA | H46: 0.002 | I46: =ROUND(($I$29+$I$38)*H46,2) -> 0
A47: E | B47: Salário educação | H47: 0.025 | I47: =ROUND(($I$29+$I$38)*H47,2) -> 0
A48: F | B48: FGTS | H48: 0.08 | I48: =ROUND(($I$29+$I$38)*H48,2) -> 0
A49: G | B49: Seguro Acidente de Trabalho = SAT = (RAT x FAP) SAT = ( %Riscos Ambientais do Trabalho x Fator Acidentário de Prevenção de cada empresa ) | D49: RAT = | F49: FAP = | H49: =ROUND((E49*G49),6) -> 0 | I49: =ROUND(($I$29+$I$38)*H49,2) -> 0
A50: H | B50: SEBRAE | H50: 0.006 | I50: =ROUND(($I$29+$I$38)*H50,2) -> 0
A51: TOTAL | H51: =SUM(H43:H50) -> 0.338 | I51: =SUM(I43:I50) -> 0
A52: Nota 1: Os percentuais dos encargos previdenciários, do FGTS e das demais contribuições são aqueles estabelecidos pela legislação vigente.
A53: Nota 2: O SAT, a depender do grau de risco do serviço, irá variar entre 1% para risco leve, 2% para risco médio e 3% para risco grave
A54: Nota 3: Esses percentuais incidem sobre algumas rubricas constantes nos Módulos 3 e 4
A55: Nota 4: Riscos Ambientais do Trabalho = 1%, 2% ou 3%. Depende do CNAE (Classificação Nacional de Atividade Econômica) da empresa.
A56: Nota 5: Fator Acidentário de Prevenção (particular de cada empresa, vai de 0,50 a 2,00
A57: Submódulo 2.3 - Benefícios Mensais e Diários
A58: 2.3 | B58: Benefícios Mensais e Diários | H58: Valor unit.(R$) | I58: Valor (R$)
A59: A | B59: Transporte: Cálculo do valor: [(QtdexVTxNºdiasÚteis) – (%xSB)] | I59: =ROUND(((H61*H60*E23)-(I71*I23)),2) -> 0
A60: A.1 | B60: Valor da passagem do transporte coletivo no município de prestação dos serviços: CONFORME DECRETO MUNICIPAL Nº 252/2021
A61: A.2 | B61: Quantidade de passagens por dia por empregado:
A62: B | B62: Auxílio-alimentação (vales, cesta básica, entre outros) Cálculo do valor = [(NºdiasÚteisxVA)x(1-%)] | I62: =ROUND(((E23*H63*(1-I72))),2) -> 0
A63: B.1 | B63: Valor do auxílio alimentação diário: (ver existência de acordo ou Cláusula em CCT)
A64: C | B64: Plano de Saúde mensal | I64: =H64 -> 0
A65: D | B65: Auxílio-creche mensal | I65: =H65 -> 0
A66: E | B66: Outros - Plano de Benefício Familiar (ver existência de acordo ou Cláusula em CCT) | I66: =H66 -> 0
A67: F | B67: Outros – especificar: | I67: =H67 -> 0
A68: TOTAL | I68: =SUM(I59:I67) -> 0
A69: Nota 1: Podem ser incluídos nesta rubrica itens como seguro de vida, invalidez, outros conforme ACT/CCT e ainda eventuais benefícios devidos ao substituto
A70: Nota 2: O valor informado deverá ser o custo real do benefício (descontado o valor eventualmente pelo empregado)
A71: Nota 3: O percentual de desconto do Vale Transporte deve estar de acordo com a CCT. Para construção do exemplo, utilizamos 6% | H71: Percentual: | I71: 0.06
A72: Nota 4: O percentual de desconto do Vale Alimentação/Refeição deve estar de acordo com a CCT. Para construção do exemplo, utilizamos a estimativa de 20% | H72: Percentual: | I72: 0.2
A73: Nota 5: Auxílio creche Portaria MTb 3.296/86
A74: Quadro-Resumo - Módulo 2 - Encargos e Benefícios Anuais, Mensais e Diários
A75: 2 | B75: Encargos e Benefícios Anuais, Mensais e Diários | I75: Valor (R$)
A76: 2.1 | B76: 13º Salário, Férias e Adicional de Férias | I76: =+I38 -> 0
A77: 2.2 | B77: Encargos Previdenciários, FGTS e outras contribuições | I77: =+I51 -> 0
A78: 2.3 | B78: Benefícios Mensais e Diários | I78: =+I68 -> 0
A79: TOTAL | I79: =SUM(I76:I78) -> 0
A80: MÓDULO 3: PROVISÃO MENSAL PARA RESCISÃO
A81: 3 | B81: Provisão para rescisão mensal | I81: Valor (R$)
A82: A | B82: Aviso-prévio indenizado: Cálculo do valor = (Rem/12)x(nº de dias de indenização/30)x (Estatística de rotatividade anual) - utilizado 33 dias | I82: =ROUND(($I$29/12)*(33/30)*I89,2) -> 0
A83: B | B83: Incidência do FGTS sobre aviso-prévio indenizado | I83: =ROUND($H$48*I82,2) -> 0
A84: C | B84: Multa sobre FGTS referente ao aviso-prévio indenizado Cálculo do valor: Rem + 13º + férias (40%) x 8% x (Estatística de rotatividade anual) | I84: =ROUND(($I$29+$I$38)*(40%)*8%*I89,2) -> 0
A85: D | B85: Aviso-previo trabalhado Cálculo do valor= [(Rem/30)x7]/nº de meses do contrato | I85: =ROUND(((($I$29/30)*7)/$H$8),2) -> 0
A86: E | B86: Incidência dos encargos do submódulo 2.2 sobre o aviso-prévio trabalhado | I86: =ROUND($H$51*I85,2) -> 0
A87: F | B87: Multa sobre FGTS referente ao aviso-prévio trabalhado Cálculo do valor: Rem + 13º salário + férias (40%) x 8% x 100% | I87: =ROUND(($I$29+$I$38)*(40%)*8%*100%,2) -> 0
A88: TOTAL | I88: =SUM(I82:I87) -> 0
A89: Nota 1: A ocorrência de aviso-prévio indenizado deverá ser apurada com uso de dados referenciais levantados no histórico de contratos. Para construção do exemplo, utilizamos a estimativa que 2,5% dos empregados serão substituídos durante 6 meses. | H89: Estatística: | I89: 0.025
A90: MÓDULO 4: CUSTO MENSAL DE REPOSIÇÃO DO PROFISSIONAL AUSENTE
A91: Submódulo 4.1 - Ausências Legais
A92: 4.1 | B92: Ausências Legais | I92: Valor (R$)
A93: A | B93: Férias: Considerado no Submódulo 2.1
A94: B | B94: Ausências legais: Cálculo do valor = [(Rem/30)x(Estatística)]/12 | I94: =ROUND((($I$29/30)*I103)/12,2) -> 0
A95: C | B95: Licença-paternidade: Cálculo do valor = {[(Rem/30)x5dias]/12}x[Estatística] | I95: =ROUND((($I$29/30)*5)/12*I104,2) -> 0
A96: D | B96: Ausência por acidente de trabalho: Cálculo do valor = {[(Rem/30)x15dias]/12}x[Estatística] | I96: =ROUND(((($I$29/30)*15)/12)*I105,2) -> 0
A97: E | B97: Ausência por doença: Cálculo do valor = [(Rem/30)x(Estatística)]/12 | I97: =ROUND(((($I$29/30)*I106)/12),2) -> 0
A98: F | B98: Outros – especificar:
A99: Subtotal | I99: =SUM(I93:I98) -> 0
A100: G | B100: Incidência dos encargos do submódulo 4.1 sobre o custo de reposição do profissional ausente | I100: =ROUND(H51*I99,2) -> 0
A101: TOTAL | I101: =SUM(I99:I100) -> 0
A102: Nota 1: Férias – considerando que o valor pago ao substituto durante as férias do empregado já consta na remuneração (Módulo 1) e que o valor pago ao empregado para fazer frente ao custo de suas férias acrescidas de um terço constitucional já foram apuradas na letra B do submódulo 2.1., não existe o custo a ser aportado nesta rubrica
...

Sheet Anexo_sub-item 1.1.4
A1: [LOGOTIPO] ------------------- [DADOS DA EMPRESA:RAZÃO SOCIAL/CNPJ/ENDEREÇO/CONTATOS(TELEFONE/EMAIL)]
A2: Regime de Tributação:
A3: PLANILHA DE CUSTOS E FORMAÇÃO DE PREÇOS Nota 1: Apresentar uma planilha para cada tipo de profissional em regime de dedicação exclusiva (itens 1.1.3 à 1.1.11) Nota 2: A planilha será calculada considerando o valor mensal do serviço Nota 3: Preencher ou editar apenas os campos em amarelo Nota 4: Proibido modificar a estrutura da planilha, acrescentar ou suprimir linhas e/ou colunas
A4: Discriminação dos Serviços (dados referentes à contratação)
A5: A | B5: Data de apresentação da proposta (dia/mês/ano) | H5: ___/____/2026
A6: B | B6: Município de prestação dos serviços | H6: CANOAS/RS
A7: C | B7: Processo de contratação | H7: 26.0.000015198-9
A8: D | B8: Número de meses de execução contratual | H8: 12
A10: Dados complementares para composição dos custos referente à mão de obra
A11: 1. | B11: Tipo de serviço: | H11: Item 04 - Encarregado Operacional
A12: 2. | B12: Classificação Brasileira de Ocupações (CBO): | H12: 1412-05
A13: 3. | B13: Salário Base para Jornada de 44 horas/semanais:
A14: 4. | B14: Informar Sindicato da Categoria Profissional (vinculada à execução contratual) – se houver:
A15: 5. | B15: Possui Acordo, Convenção Coletiva ou Sentença Normativa em Dissídio Coletivo?
A16: 6. | B16: Indicar eventuais instrumentos de referência considerados para elaboração da proposta:
A17: 7. | B17: Data base da categoria (dia/mês/ano):
A18: 8. | B18: Unidade de Medida | H18: Posto de trabalho
A19: 9. | B19: Quantidade Total a Contratar (em função da unidade de medida) | H19: 2
A21: MÓDULO 1: COMPOSIÇÃO DA REMUNERAÇÃO MENSAL
A22: 1 | B22: Composição da Remuneração | E22: Nº de dias úteis | G22: Nº Horas/Mês | H22: % | I22: Valor (R$)
A23: A | B23: Salário-base | E23: 21 | G23: 220 | I23: =ROUND(H13/G23*G23,2) -> 0
A24: B | B24: Adicional de Insalubridade | I24: =IF(H15="Sim",(I23*H24),(I32*H24)) -> 0
A25: C | B25: Adicional de Periculosidade | I25: =I23*H25 -> 0
A26: D | B26: Adicional Noturno | I26: =I23*H26 -> 0
A27: E | B27: Gratificação de Função | I27: =I23*H27 -> 0
A28: F | B28: Outros – especificar: | I28: =I23*H28 -> 0
A29: Total da Remuneração | I29: =SUM(I23:I28) -> 0
A30: Nota 1: O Módulo 1 refere-se ao valor devido ao empregado pela prestação do serviço.
A31: Nota 2: Para o empregado que labora a jornada 12x36, em caso da não concessão ou concessão parcial do intervalo intrajornada (§4º do art. 71 da CLT), o valor a ser pago será inserido na remuneração utilizando a alínea C
A32: Nota 3: O adicional de insalubridade deve observar, se houver, norma coletiva, instrumento de pactuação ou política interna da empresa que fixe base distinta. Na ausência dessas, aplicar-se o cálculo de insalubridade sobre o valor do Salário Mínimo Nacional vigente. | F32: Ano: | G32: 2026 | H32: Salário Mínimo Nacional: | I32: 1621
A33: MÓDULO 2 : ENCARGOS E BENEFÍCIOS ANUAIS, MENSAIS E DIÁRIOS
A34: Submódulo 2.1 - 13º Salário e Adicional de Férias
A35: 2.1 | B35: 13º Salário, Férias e Adicional de Férias | H35: Percentual (%) | I35: Valor (R$)
A36: A | B36: 13º Salário | H36: 0.083333 | I36: =ROUND($I$29*H36,2) -> 0
A37: B | B37: Férias e Adicional de Férias | H37: 0.111111 | I37: =ROUND($I$29*H37,2) -> 0
A38: TOTAL | H38: =SUM(H36:H37) -> 0.194444 | I38: =SUM(I36:I37) -> 0
A39: Nota 1: Como a planilha de custos e formação de preços é calculada mensalmente, provisiona-se proporcionalmente 1/12 (um doze avos) dos valores referentes á gratificação natalina e ao adicional de férias
A40: Nota 2: O adicional de férias contido no submódulo 2.1 corresponde a 1/3 (um terço) da remuneração, que, por sua vez, é dividido por 12, conforme Nota 1
A41: Submódulo 2.2 - Encargos Previdenciários, FGTS e outras contribuições:
A42: 2.2 | B42: Encargos Previdenciários e FGTS | H42: Percentual (%) | I42: Valor (R$)
A43: A | B43: INSS | H43: 0.2 | I43: =ROUND(($I$29+$I$38)*H43,2) -> 0
A44: B | B44: SESI ou SESC | H44: 0.015 | I44: =ROUND(($I$29+$I$38)*H44,2) -> 0
A45: C | B45: SENAI ou SENAC | H45: 0.01 | I45: =ROUND(($I$29+$I$38)*H45,2) -> 0
A46: D | B46: INCRA | H46: 0.002 | I46: =ROUND(($I$29+$I$38)*H46,2) -> 0
A47: E | B47: Salário educação | H47: 0.025 | I47: =ROUND(($I$29+$I$38)*H47,2) -> 0
A48: F | B48: FGTS | H48: 0.08 | I48: =ROUND(($I$29+$I$38)*H48,2) -> 0
A49: G | B49: Seguro Acidente de Trabalho = SAT = (RAT x FAP) SAT = ( %Riscos Ambientais do Trabalho x Fator Acidentário de Prevenção de cada empresa ) | D49: RAT = | F49: FAP = | H49: =ROUND((E49*G49),6) -> 0 | I49: =ROUND(($I$29+$I$38)*H49,2) -> 0
A50: H | B50: SEBRAE | H50: 0.006 | I50: =ROUND(($I$29+$I$38)*H50,2) -> 0
A51: TOTAL | H51: =SUM(H43:H50) -> 0.338 | I51: =SUM(I43:I50) -> 0
A52: Nota 1: Os percentuais dos encargos previdenciários, do FGTS e das demais contribuições são aqueles estabelecidos pela legislação vigente.
A53: Nota 2: O SAT, a depender do grau de risco do serviço, irá variar entre 1% para risco leve, 2% para risco médio e 3% para risco grave
A54: Nota 3: Esses percentuais incidem sobre algumas rubricas constantes nos Módulos 3 e 4
A55: Nota 4: Riscos Ambientais do Trabalho = 1%, 2% ou 3%. Depende do CNAE (Classificação Nacional de Atividade Econômica) da empresa.
A56: Nota 5: Fator Acidentário de Prevenção (particular de cada empresa, vai de 0,50 a 2,00
A57: Submódulo 2.3 - Benefícios Mensais e Diários
A58: 2.3 | B58: Benefícios Mensais e Diários | H58: Valor unit.(R$) | I58: Valor (R$)
A59: A | B59: Transporte: Cálculo do valor: [(QtdexVTxNºdiasÚteis) – (%xSB)] | I59: =ROUND(((H61*H60*E23)-(I71*I23)),2) -> 0
A60: A.1 | B60: Valor da passagem do transporte coletivo no município de prestação dos serviços: CONFORME DECRETO MUNICIPAL Nº 252/2021
A61: A.2 | B61: Quantidade de passagens por dia por empregado:
A62: B | B62: Auxílio-alimentação (vales, cesta básica, entre outros) Cálculo do valor = [(NºdiasÚteisxVA)x(1-%)] | I62: =ROUND(((E23*H63*(1-I72))),2) -> 0
A63: B.1 | B63: Valor do auxílio alimentação diário: (ver existência de acordo ou Cláusula em CCT)
A64: C | B64: Plano de Saúde mensal | I64: =H64 -> 0
A65: D | B65: Auxílio-creche mensal | I65: =H65 -> 0
A66: E | B66: Outros - Plano de Benefício Familiar (ver existência de acordo ou Cláusula em CCT) | I66: =H66 -> 0
A67: F | B67: Outros – especificar: | I67: =H67 -> 0
A68: TOTAL | I68: =SUM(I59:I67) -> 0
A69: Nota 1: Podem ser incluídos nesta rubrica itens como seguro de vida, invalidez, outros conforme ACT/CCT e ainda eventuais benefícios devidos ao substituto
A70: Nota 2: O valor informado deverá ser o custo real do benefício (descontado o valor eventualmente pelo empregado)
A71: Nota 3: O percentual de desconto do Vale Transporte deve estar de acordo com a CCT. Para construção do exemplo, utilizamos 6% | H71: Percentual: | I71: 0.06
A72: Nota 4: O percentual de desconto do Vale Alimentação/Refeição deve estar de acordo com a CCT. Para construção do exemplo, utilizamos a estimativa de 20% | H72: Percentual: | I72: 0.2
A73: Nota 5: Auxílio creche Portaria MTb 3.296/86
A74: Quadro-Resumo - Módulo 2 - Encargos e Benefícios Anuais, Mensais e Diários
A75: 2 | B75: Encargos e Benefícios Anuais, Mensais e Diários | I75: Valor (R$)
A76: 2.1 | B76: 13º Salário, Férias e Adicional de Férias | I76: =+I38 -> 0
A77: 2.2 | B77: Encargos Previdenciários, FGTS e outras contribuições | I77: =+I51 -> 0
A78: 2.3 | B78: Benefícios Mensais e Diários | I78: =+I68 -> 0
A79: TOTAL | I79: =SUM(I76:I78) -> 0
A80: MÓDULO 3: PROVISÃO MENSAL PARA RESCISÃO
A81: 3 | B81: Provisão para rescisão mensal | I81: Valor (R$)
A82: A | B82: Aviso-prévio indenizado: Cálculo do valor = (Rem/12)x(nº de dias de indenização/30)x (Estatística de rotatividade anual) - utilizado 33 dias | I82: =ROUND(($I$29/12)*(33/30)*I89,2) -> 0
A83: B | B83: Incidência do FGTS sobre aviso-prévio indenizado | I83: =ROUND($H$48*I82,2) -> 0
A84: C | B84: Multa sobre FGTS referente ao aviso-prévio indenizado Cálculo do valor: Rem + 13º + férias (40%) x 8% x (Estatística de rotatividade anual) | I84: =ROUND(($I$29+$I$38)*(40%)*8%*I89,2) -> 0
A85: D | B85: Aviso-previo trabalhado Cálculo do valor= [(Rem/30)x7]/nº de meses do contrato | I85: =ROUND(((($I$29/30)*7)/$H$8),2) -> 0
A86: E | B86: Incidência dos encargos do submódulo 2.2 sobre o aviso-prévio trabalhado | I86: =ROUND($H$51*I85,2) -> 0
A87: F | B87: Multa sobre FGTS referente ao aviso-prévio trabalhado Cálculo do valor: Rem + 13º salário + férias (40%) x 8% x 100% | I87: =ROUND(($I$29+$I$38)*(40%)*8%*100%,2) -> 0
A88: TOTAL | I88: =SUM(I82:I87) -> 0
A89: Nota 1: A ocorrência de aviso-prévio indenizado deverá ser apurada com uso de dados referenciais levantados no histórico de contratos. Para construção do exemplo, utilizamos a estimativa que 2,5% dos empregados serão substituídos durante 6 meses. | H89: Estatística: | I89: 0.025
A90: MÓDULO 4: CUSTO MENSAL DE REPOSIÇÃO DO PROFISSIONAL AUSENTE
A91: Submódulo 4.1 - Ausências Legais
A92: 4.1 | B92: Ausências Legais | I92: Valor (R$)
A93: A | B93: Férias: Considerado no Submódulo 2.1
A94: B | B94: Ausências legais: Cálculo do valor = [(Rem/30)x(Estatística)]/12 | I94: =ROUND((($I$29/30)*I103)/12,2) -> 0
A95: C | B95: Licença-paternidade: Cálculo do valor = {[(Rem/30)x5dias]/12}x[Estatística] | I95: =ROUND((($I$29/30)*5)/12*I104,2) -> 0
A96: D | B96: Ausência por acidente de trabalho: Cálculo do valor = {[(Rem/30)x15dias]/12}x[Estatística] | I96: =ROUND(((($I$29/30)*15)/12)*I105,2) -> 0
A97: E | B97: Ausência por doença: Cálculo do valor = [(Rem/30)x(Estatística)]/12 | I97: =ROUND(((($I$29/30)*I106)/12),2) -> 0
A98: F | B98: Outros – especificar:
A99: Subtotal | I99: =SUM(I93:I98) -> 0
A100: G | B100: Incidência dos encargos do submódulo 4.1 sobre o custo de reposição do profissional ausente | I100: =ROUND(H51*I99,2) -> 0
A101: TOTAL | I101: =SUM(I99:I100) -> 0
A102: Nota 1: Férias – considerando que o valor pago ao substituto durante as férias do empregado já consta na remuneração (Módulo 1) e que o valor pago ao empregado para fazer frente ao custo de suas férias acrescidas de um terço constitucional já foram apuradas na letra B do submódulo 2.1., não existe o custo a ser aportado nesta rubrica
...

Sheet Anexo_sub-item 1.1.5
A1: [LOGOTIPO] ------------------- [DADOS DA EMPRESA:RAZÃO SOCIAL/CNPJ/ENDEREÇO/CONTATOS(TELEFONE/EMAIL)]
A2: Regime de Tributação:
A3: PLANILHA DE CUSTOS E FORMAÇÃO DE PREÇOS Nota 1: Apresentar uma planilha para cada tipo de profissional em regime de dedicação exclusiva (itens 1.1.3 à 1.1.11) Nota 2: A planilha será calculada considerando o valor mensal do serviço Nota 3: Preencher ou editar apenas os campos em amarelo Nota 4: Proibido modificar a estrutura da planilha, acrescentar ou suprimir linhas e/ou colunas
A4: Discriminação dos Serviços (dados referentes à contratação)
A5: A | B5: Data de apresentação da proposta (dia/mês/ano) | H5: ___/____/2026
A6: B | B6: Município de prestação dos serviços | H6: CANOAS/RS
A7: C | B7: Processo de contratação | H7: 26.0.000015198-9
A8: D | B8: Número de meses de execução contratual | H8: 12
A10: Dados complementares para composição dos custos referente à mão de obra
A11: 1. | B11: Tipo de serviço: | H11: Item 05 - Auxiliar de Veterinária
A12: 2. | B12: Classificação Brasileira de Ocupações (CBO): | H12: 5193-05
A13: 3. | B13: Salário Base para Jornada de 44 horas/semanais:
A14: 4. | B14: Informar Sindicato da Categoria Profissional (vinculada à execução contratual) – se houver:
A15: 5. | B15: Possui Acordo, Convenção Coletiva ou Sentença Normativa em Dissídio Coletivo?
A16: 6. | B16: Indicar eventuais instrumentos de referência considerados para elaboração da proposta:
A17: 7. | B17: Data base da categoria (dia/mês/ano):
A18: 8. | B18: Unidade de Medida | H18: Posto de trabalho
A19: 9. | B19: Quantidade Total a Contratar (em função da unidade de medida) | H19: 8
A21: MÓDULO 1: COMPOSIÇÃO DA REMUNERAÇÃO MENSAL
A22: 1 | B22: Composição da Remuneração | E22: Nº de dias úteis | G22: Nº Horas/Mês | H22: % | I22: Valor (R$)
A23: A | B23: Salário-base | E23: 21 | G23: 220 | I23: =ROUND(H13/G23*G23,2) -> 0
A24: B | B24: Adicional de Insalubridade | I24: =IF(H15="Sim",(I23*H24),(I32*H24)) -> 0
A25: C | B25: Adicional de Periculosidade | I25: =I23*H25 -> 0
A26: D | B26: Adicional Noturno | I26: =I23*H26 -> 0
A27: E | B27: Gratificação de Função | I27: =I23*H27 -> 0
A28: F | B28: Outros – especificar: | I28: =I23*H28 -> 0
A29: Total da Remuneração | I29: =SUM(I23:I28) -> 0
A30: Nota 1: O Módulo 1 refere-se ao valor devido ao empregado pela prestação do serviço.
A31: Nota 2: Para o empregado que labora a jornada 12x36, em caso da não concessão ou concessão parcial do intervalo intrajornada (§4º do art. 71 da CLT), o valor a ser pago será inserido na remuneração utilizando a alínea C
A32: Nota 3: O adicional de insalubridade deve observar, se houver, norma coletiva, instrumento de pactuação ou política interna da empresa que fixe base distinta. Na ausência dessas, aplicar-se o cálculo de insalubridade sobre o valor do Salário Mínimo Nacional vigente. | F32: Ano: | G32: 2026 | H32: Salário Mínimo Nacional: | I32: 1621
A33: MÓDULO 2 : ENCARGOS E BENEFÍCIOS ANUAIS, MENSAIS E DIÁRIOS
A34: Submódulo 2.1 - 13º Salário e Adicional de Férias
A35: 2.1 | B35: 13º Salário, Férias e Adicional de Férias | H35: Percentual (%) | I35: Valor (R$)
A36: A | B36: 13º Salário | H36: 0.083333 | I36: =ROUND($I$29*H36,2) -> 0
A37: B | B37: Férias e Adicional de Férias | H37: 0.111111 | I37: =ROUND($I$29*H37,2) -> 0
A38: TOTAL | H38: =SUM(H36:H37) -> 0.194444 | I38: =SUM(I36:I37) -> 0
A39: Nota 1: Como a planilha de custos e formação de preços é calculada mensalmente, provisiona-se proporcionalmente 1/12 (um doze avos) dos valores referentes á gratificação natalina e ao adicional de férias
A40: Nota 2: O adicional de férias contido no submódulo 2.1 corresponde a 1/3 (um terço) da remuneração, que, por sua vez, é dividido por 12, conforme Nota 1
A41: Submódulo 2.2 - Encargos Previdenciários, FGTS e outras contribuições:
A42: 2.2 | B42: Encargos Previdenciários e FGTS | H42: Percentual (%) | I42: Valor (R$)
A43: A | B43: INSS | H43: 0.2 | I43: =ROUND(($I$29+$I$38)*H43,2) -> 0
A44: B | B44: SESI ou SESC | H44: 0.015 | I44: =ROUND(($I$29+$I$38)*H44,2) -> 0
A45: C | B45: SENAI ou SENAC | H45: 0.01 | I45: =ROUND(($I$29+$I$38)*H45,2) -> 0
A46: D | B46: INCRA | H46: 0.002 | I46: =ROUND(($I$29+$I$38)*H46,2) -> 0
A47: E | B47: Salário educação | H47: 0.025 | I47: =ROUND(($I$29+$I$38)*H47,2) -> 0
A48: F | B48: FGTS | H48: 0.08 | I48: =ROUND(($I$29+$I$38)*H48,2) -> 0
A49: G | B49: Seguro Acidente de Trabalho = SAT = (RAT x FAP) SAT = ( %Riscos Ambientais do Trabalho x Fator Acidentário de Prevenção de cada empresa ) | D49: RAT = | F49: FAP = | H49: =ROUND((E49*G49),6) -> 0 | I49: =ROUND(($I$29+$I$38)*H49,2) -> 0
A50: H | B50: SEBRAE | H50: 0.006 | I50: =ROUND(($I$29+$I$38)*H50,2) -> 0
A51: TOTAL | H51: =SUM(H43:H50) -> 0.338 | I51: =SUM(I43:I50) -> 0
A52: Nota 1: Os percentuais dos encargos previdenciários, do FGTS e das demais contribuições são aqueles estabelecidos pela legislação vigente.
A53: Nota 2: O SAT, a depender do grau de risco do serviço, irá variar entre 1% para risco leve, 2% para risco médio e 3% para risco grave
A54: Nota 3: Esses percentuais incidem sobre algumas rubricas constantes nos Módulos 3 e 4
A55: Nota 4: Riscos Ambientais do Trabalho = 1%, 2% ou 3%. Depende do CNAE (Classificação Nacional de Atividade Econômica) da empresa.
A56: Nota 5: Fator Acidentário de Prevenção (particular de cada empresa, vai de 0,50 a 2,00
A57: Submódulo 2.3 - Benefícios Mensais e Diários
A58: 2.3 | B58: Benefícios Mensais e Diários | H58: Valor unit.(R$) | I58: Valor (R$)
A59: A | B59: Transporte: Cálculo do valor: [(QtdexVTxNºdiasÚteis) – (%xSB)] | I59: =ROUND(((H61*H60*E23)-(I71*I23)),2) -> 0
A60: A.1 | B60: Valor da passagem do transporte coletivo no município de prestação dos serviços: CONFORME DECRETO MUNICIPAL Nº 252/2021
A61: A.2 | B61: Quantidade de passagens por dia por empregado:
A62: B | B62: Auxílio-alimentação (vales, cesta básica, entre outros) Cálculo do valor = [(NºdiasÚteisxVA)x(1-%)] | I62: =ROUND(((E23*H63*(1-I72))),2) -> 0
A63: B.1 | B63: Valor do auxílio alimentação diário: (ver existência de acordo ou Cláusula em CCT)
A64: C | B64: Plano de Saúde mensal | I64: =H64 -> 0
A65: D | B65: Auxílio-creche mensal | I65: =H65 -> 0
A66: E | B66: Outros - Plano de Benefício Familiar (ver existência de acordo ou Cláusula em CCT) | I66: =H66 -> 0
A67: F | B67: Outros – especificar: | I67: =H67 -> 0
A68: TOTAL | I68: =SUM(I59:I67) -> 0
A69: Nota 1: Podem ser incluídos nesta rubrica itens como seguro de vida, invalidez, outros conforme ACT/CCT e ainda eventuais benefícios devidos ao substituto
A70: Nota 2: O valor informado deverá ser o custo real do benefício (descontado o valor eventualmente pelo empregado)
A71: Nota 3: O percentual de desconto do Vale Transporte deve estar de acordo com a CCT. Para construção do exemplo, utilizamos 6% | H71: Percentual: | I71: 0.06
A72: Nota 4: O percentual de desconto do Vale Alimentação/Refeição deve estar de acordo com a CCT. Para construção do exemplo, utilizamos a estimativa de 20% | H72: Percentual: | I72: 0.2
A73: Nota 5: Auxílio creche Portaria MTb 3.296/86
A74: Quadro-Resumo - Módulo 2 - Encargos e Benefícios Anuais, Mensais e Diários
A75: 2 | B75: Encargos e Benefícios Anuais, Mensais e Diários | I75: Valor (R$)
A76: 2.1 | B76: 13º Salário, Férias e Adicional de Férias | I76: =+I38 -> 0
A77: 2.2 | B77: Encargos Previdenciários, FGTS e outras contribuições | I77: =+I51 -> 0
A78: 2.3 | B78: Benefícios Mensais e Diários | I78: =+I68 -> 0
A79: TOTAL | I79: =SUM(I76:I78) -> 0
A80: MÓDULO 3: PROVISÃO MENSAL PARA RESCISÃO
A81: 3 | B81: Provisão para rescisão mensal | I81: Valor (R$)
A82: A | B82: Aviso-prévio indenizado: Cálculo do valor = (Rem/12)x(nº de dias de indenização/30)x (Estatística de rotatividade anual) - utilizado 33 dias | I82: =ROUND(($I$29/12)*(33/30)*I89,2) -> 0
A83: B | B83: Incidência do FGTS sobre aviso-prévio indenizado | I83: =ROUND($H$48*I82,2) -> 0
A84: C | B84: Multa sobre FGTS referente ao aviso-prévio indenizado Cálculo do valor: Rem + 13º + férias (40%) x 8% x (Estatística de rotatividade anual) | I84: =ROUND(($I$29+$I$38)*(40%)*8%*I89,2) -> 0
A85: D | B85: Aviso-previo trabalhado Cálculo do valor= [(Rem/30)x7]/nº de meses do contrato | I85: =ROUND(((($I$29/30)*7)/$H$8),2) -> 0
A86: E | B86: Incidência dos encargos do submódulo 2.2 sobre o aviso-prévio trabalhado | I86: =ROUND($H$51*I85,2) -> 0
A87: F | B87: Multa sobre FGTS referente ao aviso-prévio trabalhado Cálculo do valor: Rem + 13º salário + férias (40%) x 8% x 100% | I87: =ROUND(($I$29+$I$38)*(40%)*8%*100%,2) -> 0
A88: TOTAL | I88: =SUM(I82:I87) -> 0
A89: Nota 1: A ocorrência de aviso-prévio indenizado deverá ser apurada com uso de dados referenciais levantados no histórico de contratos. Para construção do exemplo, utilizamos a estimativa que 2,5% dos empregados serão substituídos durante 6 meses. | H89: Estatística: | I89: 0.025
A90: MÓDULO 4: CUSTO MENSAL DE REPOSIÇÃO DO PROFISSIONAL AUSENTE
A91: Submódulo 4.1 - Ausências Legais
A92: 4.1 | B92: Ausências Legais | I92: Valor (R$)
A93: A | B93: Férias: Considerado no Submódulo 2.1
A94: B | B94: Ausências legais: Cálculo do valor = [(Rem/30)x(Estatística)]/12 | I94: =ROUND((($I$29/30)*I103)/12,2) -> 0
A95: C | B95: Licença-paternidade: Cálculo do valor = {[(Rem/30)x5dias]/12}x[Estatística] | I95: =ROUND((($I$29/30)*5)/12*I104,2) -> 0
A96: D | B96: Ausência por acidente de trabalho: Cálculo do valor = {[(Rem/30)x15dias]/12}x[Estatística] | I96: =ROUND(((($I$29/30)*15)/12)*I105,2) -> 0
A97: E | B97: Ausência por doença: Cálculo do valor = [(Rem/30)x(Estatística)]/12 | I97: =ROUND(((($I$29/30)*I106)/12),2) -> 0
A98: F | B98: Outros – especificar:
A99: Subtotal | I99: =SUM(I93:I98) -> 0
A100: G | B100: Incidência dos encargos do submódulo 4.1 sobre o custo de reposição do profissional ausente | I100: =ROUND(H51*I99,2) -> 0
A101: TOTAL | I101: =SUM(I99:I100) -> 0
A102: Nota 1: Férias – considerando que o valor pago ao substituto durante as férias do empregado já consta na remuneração (Módulo 1) e que o valor pago ao empregado para fazer frente ao custo de suas férias acrescidas de um terço constitucional já foram apuradas na letra B do submódulo 2.1., não existe o custo a ser aportado nesta rubrica
...

Sheet Anexo_sub-item 1.1.6
A1: [LOGOTIPO] ------------------- [DADOS DA EMPRESA:RAZÃO SOCIAL/CNPJ/ENDEREÇO/CONTATOS(TELEFONE/EMAIL)]
A2: Regime de Tributação:
A3: PLANILHA DE CUSTOS E FORMAÇÃO DE PREÇOS Nota 1: Apresentar uma planilha para cada tipo de profissional em regime de dedicação exclusiva (itens 1.1.3 à 1.1.11) Nota 2: A planilha será calculada considerando o valor mensal do serviço Nota 3: Preencher ou editar apenas os campos em amarelo Nota 4: Proibido modificar a estrutura da planilha, acrescentar ou suprimir linhas e/ou colunas
A4: Discriminação dos Serviços (dados referentes à contratação)
A5: A | B5: Data de apresentação da proposta (dia/mês/ano) | H5: ___/____/2026
A6: B | B6: Município de prestação dos serviços | H6: CANOAS/RS
A7: C | B7: Processo de contratação | H7: 26.0.000015198-9
A8: D | B8: Número de meses de execução contratual | H8: 12
A10: Dados complementares para composição dos custos referente à mão de obra
A11: 1. | B11: Tipo de serviço: | H11: Item 06 - Auxiliar de Farmácia
A12: 2. | B12: Classificação Brasileira de Ocupações (CBO): | H12: 5211-30
A13: 3. | B13: Salário Base para Jornada de 44 horas/semanais:
A14: 4. | B14: Informar Sindicato da Categoria Profissional (vinculada à execução contratual) – se houver:
A15: 5. | B15: Possui Acordo, Convenção Coletiva ou Sentença Normativa em Dissídio Coletivo?
A16: 6. | B16: Indicar eventuais instrumentos de referência considerados para elaboração da proposta:
A17: 7. | B17: Data base da categoria (dia/mês/ano):
A18: 8. | B18: Unidade de Medida | H18: Posto de trabalho
A19: 9. | B19: Quantidade Total a Contratar (em função da unidade de medida) | H19: 1
A21: MÓDULO 1: COMPOSIÇÃO DA REMUNERAÇÃO MENSAL
A22: 1 | B22: Composição da Remuneração | E22: Nº de dias úteis | G22: Nº Horas/Mês | H22: % | I22: Valor (R$)
A23: A | B23: Salário-base | E23: 21 | G23: 220 | I23: =ROUND(H13/G23*G23,2) -> 0
A24: B | B24: Adicional de Insalubridade | I24: =IF(H15="Sim",(I23*H24),(I32*H24)) -> 0
A25: C | B25: Adicional de Periculosidade | I25: =I23*H25 -> 0
A26: D | B26: Adicional Noturno | I26: =I23*H26 -> 0
A27: E | B27: Gratificação de Função | I27: =I23*H27 -> 0
A28: F | B28: Outros – especificar: | I28: =I23*H28 -> 0
A29: Total da Remuneração | I29: =SUM(I23:I28) -> 0
A30: Nota 1: O Módulo 1 refere-se ao valor devido ao empregado pela prestação do serviço.
A31: Nota 2: Para o empregado que labora a jornada 12x36, em caso da não concessão ou concessão parcial do intervalo intrajornada (§4º do art. 71 da CLT), o valor a ser pago será inserido na remuneração utilizando a alínea C
A32: Nota 3: O adicional de insalubridade deve observar, se houver, norma coletiva, instrumento de pactuação ou política interna da empresa que fixe base distinta. Na ausência dessas, aplicar-se o cálculo de insalubridade sobre o valor do Salário Mínimo Nacional vigente. | F32: Ano: | G32: 2026 | H32: Salário Mínimo Nacional: | I32: 1621
A33: MÓDULO 2 : ENCARGOS E BENEFÍCIOS ANUAIS, MENSAIS E DIÁRIOS
A34: Submódulo 2.1 - 13º Salário e Adicional de Férias
A35: 2.1 | B35: 13º Salário, Férias e Adicional de Férias | H35: Percentual (%) | I35: Valor (R$)
A36: A | B36: 13º Salário | H36: 0.083333 | I36: =ROUND($I$29*H36,2) -> 0
A37: B | B37: Férias e Adicional de Férias | H37: 0.111111 | I37: =ROUND($I$29*H37,2) -> 0
A38: TOTAL | H38: =SUM(H36:H37) -> 0.194444 | I38: =SUM(I36:I37) -> 0
A39: Nota 1: Como a planilha de custos e formação de preços é calculada mensalmente, provisiona-se proporcionalmente 1/12 (um doze avos) dos valores referentes á gratificação natalina e ao adicional de férias
A40: Nota 2: O adicional de férias contido no submódulo 2.1 corresponde a 1/3 (um terço) da remuneração, que, por sua vez, é dividido por 12, conforme Nota 1
A41: Submódulo 2.2 - Encargos Previdenciários, FGTS e outras contribuições:
A42: 2.2 | B42: Encargos Previdenciários e FGTS | H42: Percentual (%) | I42: Valor (R$)
A43: A | B43: INSS | H43: 0.2 | I43: =ROUND(($I$29+$I$38)*H43,2) -> 0
A44: B | B44: SESI ou SESC | H44: 0.015 | I44: =ROUND(($I$29+$I$38)*H44,2) -> 0
A45: C | B45: SENAI ou SENAC | H45: 0.01 | I45: =ROUND(($I$29+$I$38)*H45,2) -> 0
A46: D | B46: INCRA | H46: 0.002 | I46: =ROUND(($I$29+$I$38)*H46,2) -> 0
A47: E | B47: Salário educação | H47: 0.025 | I47: =ROUND(($I$29+$I$38)*H47,2) -> 0
A48: F | B48: FGTS | H48: 0.08 | I48: =ROUND(($I$29+$I$38)*H48,2) -> 0
A49: G | B49: Seguro Acidente de Trabalho = SAT = (RAT x FAP) SAT = ( %Riscos Ambientais do Trabalho x Fator Acidentário de Prevenção de cada empresa ) | D49: RAT = | F49: FAP = | H49: =ROUND((E49*G49),6) -> 0 | I49: =ROUND(($I$29+$I$38)*H49,2) -> 0
A50: H | B50: SEBRAE | H50: 0.006 | I50: =ROUND(($I$29+$I$38)*H50,2) -> 0
A51: TOTAL | H51: =SUM(H43:H50) -> 0.338 | I51: =SUM(I43:I50) -> 0
A52: Nota 1: Os percentuais dos encargos previdenciários, do FGTS e das demais contribuições são aqueles estabelecidos pela legislação vigente.
A53: Nota 2: O SAT, a depender do grau de risco do serviço, irá variar entre 1% para risco leve, 2% para risco médio e 3% para risco grave
A54: Nota 3: Esses percentuais incidem sobre algumas rubricas constantes nos Módulos 3 e 4
A55: Nota 4: Riscos Ambientais do Trabalho = 1%, 2% ou 3%. Depende do CNAE (Classificação Nacional de Atividade Econômica) da empresa.
A56: Nota 5: Fator Acidentário de Prevenção (particular de cada empresa, vai de 0,50 a 2,00
A57: Submódulo 2.3 - Benefícios Mensais e Diários
A58: 2.3 | B58: Benefícios Mensais e Diários | H58: Valor unit.(R$) | I58: Valor (R$)
A59: A | B59: Transporte: Cálculo do valor: [(QtdexVTxNºdiasÚteis) – (%xSB)] | I59: =ROUND(((H61*H60*E23)-(I71*I23)),2) -> 0
A60: A.1 | B60: Valor da passagem do transporte coletivo no município de prestação dos serviços: CONFORME DECRETO MUNICIPAL Nº 252/2021
A61: A.2 | B61: Quantidade de passagens por dia por empregado:
A62: B | B62: Auxílio-alimentação (vales, cesta básica, entre outros) Cálculo do valor = [(NºdiasÚteisxVA)x(1-%)] | I62: =ROUND(((E23*H63*(1-I72))),2) -> 0
A63: B.1 | B63: Valor do auxílio alimentação diário: (ver existência de acordo ou Cláusula em CCT)
A64: C | B64: Plano de Saúde mensal | I64: =H64 -> 0
A65: D | B65: Auxílio-creche mensal | I65: =H65 -> 0
A66: E | B66: Outros - Plano de Benefício Familiar (ver existência de acordo ou Cláusula em CCT) | I66: =H66 -> 0
A67: F | B67: Outros – especificar: | I67: =H67 -> 0
A68: TOTAL | I68: =SUM(I59:I67) -> 0
A69: Nota 1: Podem ser incluídos nesta rubrica itens como seguro de vida, invalidez, outros conforme ACT/CCT e ainda eventuais benefícios devidos ao substituto
A70: Nota 2: O valor informado deverá ser o custo real do benefício (descontado o valor eventualmente pelo empregado)
A71: Nota 3: O percentual de desconto do Vale Transporte deve estar de acordo com a CCT. Para construção do exemplo, utilizamos 6% | H71: Percentual: | I71: 0.06
A72: Nota 4: O percentual de desconto do Vale Alimentação/Refeição deve estar de acordo com a CCT. Para construção do exemplo, utilizamos a estimativa de 20% | H72: Percentual: | I72: 0.2
A73: Nota 5: Auxílio creche Portaria MTb 3.296/86
A74: Quadro-Resumo - Módulo 2 - Encargos e Benefícios Anuais, Mensais e Diários
A75: 2 | B75: Encargos e Benefícios Anuais, Mensais e Diários | I75: Valor (R$)
A76: 2.1 | B76: 13º Salário, Férias e Adicional de Férias | I76: =+I38 -> 0
A77: 2.2 | B77: Encargos Previdenciários, FGTS e outras contribuições | I77: =+I51 -> 0
A78: 2.3 | B78: Benefícios Mensais e Diários | I78: =+I68 -> 0
A79: TOTAL | I79: =SUM(I76:I78) -> 0
A80: MÓDULO 3: PROVISÃO MENSAL PARA RESCISÃO
A81: 3 | B81: Provisão para rescisão mensal | I81: Valor (R$)
A82: A | B82: Aviso-prévio indenizado: Cálculo do valor = (Rem/12)x(nº de dias de indenização/30)x (Estatística de rotatividade anual) - utilizado 33 dias | I82: =ROUND(($I$29/12)*(33/30)*I89,2) -> 0
A83: B | B83: Incidência do FGTS sobre aviso-prévio indenizado | I83: =ROUND($H$48*I82,2) -> 0
A84: C | B84: Multa sobre FGTS referente ao aviso-prévio indenizado Cálculo do valor: Rem + 13º + férias (40%) x 8% x (Estatística de rotatividade anual) | I84: =ROUND(($I$29+$I$38)*(40%)*8%*I89,2) -> 0
A85: D | B85: Aviso-previo trabalhado Cálculo do valor= [(Rem/30)x7]/nº de meses do contrato | I85: =ROUND(((($I$29/30)*7)/$H$8),2) -> 0
A86: E | B86: Incidência dos encargos do submódulo 2.2 sobre o aviso-prévio trabalhado | I86: =ROUND($H$51*I85,2) -> 0
A87: F | B87: Multa sobre FGTS referente ao aviso-prévio trabalhado Cálculo do valor: Rem + 13º salário + férias (40%) x 8% x 100% | I87: =ROUND(($I$29+$I$38)*(40%)*8%*100%,2) -> 0
A88: TOTAL | I88: =SUM(I82:I87) -> 0
A89: Nota 1: A ocorrência de aviso-prévio indenizado deverá ser apurada com uso de dados referenciais levantados no histórico de contratos. Para construção do exemplo, utilizamos a estimativa que 2,5% dos empregados serão substituídos durante 6 meses. | H89: Estatística: | I89: 0.025
A90: MÓDULO 4: CUSTO MENSAL DE REPOSIÇÃO DO PROFISSIONAL AUSENTE
A91: Submódulo 4.1 - Ausências Legais
A92: 4.1 | B92: Ausências Legais | I92: Valor (R$)
A93: A | B93: Férias: Considerado no Submódulo 2.1
A94: B | B94: Ausências legais: Cálculo do valor = [(Rem/30)x(Estatística)]/12 | I94: =ROUND((($I$29/30)*I103)/12,2) -> 0
A95: C | B95: Licença-paternidade: Cálculo do valor = {[(Rem/30)x5dias]/12}x[Estatística] | I95: =ROUND((($I$29/30)*5)/12*I104,2) -> 0
A96: D | B96: Ausência por acidente de trabalho: Cálculo do valor = {[(Rem/30)x15dias]/12}x[Estatística] | I96: =ROUND(((($I$29/30)*15)/12)*I105,2) -> 0
A97: E | B97: Ausência por doença: Cálculo do valor = [(Rem/30)x(Estatística)]/12 | I97: =ROUND(((($I$29/30)*I106)/12),2) -> 0
A98: F | B98: Outros – especificar:
A99: Subtotal | I99: =SUM(I93:I98) -> 0
A100: G | B100: Incidência dos encargos do submódulo 4.1 sobre o custo de reposição do profissional ausente | I100: =ROUND(H51*I99,2) -> 0
A101: TOTAL | I101: =SUM(I99:I100) -> 0
A102: Nota 1: Férias – considerando que o valor pago ao substituto durante as férias do empregado já consta na remuneração (Módulo 1) e que o valor pago ao empregado para fazer frente ao custo de suas férias acrescidas de um terço constitucional já foram apuradas na letra B do submódulo 2.1., não existe o custo a ser aportado nesta rubrica
...

Sheet Anexo_sub-item 1.1.7
A1: [LOGOTIPO] ------------------- [DADOS DA EMPRESA:RAZÃO SOCIAL/CNPJ/ENDEREÇO/CONTATOS(TELEFONE/EMAIL)]
A2: Regime de Tributação:
A3: PLANILHA DE CUSTOS E FORMAÇÃO DE PREÇOS Nota 1: Apresentar uma planilha para cada tipo de profissional em regime de dedicação exclusiva (itens 1.1.3 à 1.1.11) Nota 2: A planilha será calculada considerando o valor mensal do serviço Nota 3: Preencher ou editar apenas os campos em amarelo Nota 4: Proibido modificar a estrutura da planilha, acrescentar ou suprimir linhas e/ou colunas
A4: Discriminação dos Serviços (dados referentes à contratação)
A5: A | B5: Data de apresentação da proposta (dia/mês/ano) | H5: ___/____/2026
A6: B | B6: Município de prestação dos serviços | H6: CANOAS/RS
A7: C | B7: Processo de contratação | H7: 26.0.000015198-9
A8: D | B8: Número de meses de execução contratual | H8: 12
A10: Dados complementares para composição dos custos referente à mão de obra
A11: 1. | B11: Tipo de serviço: | H11: Item 07 - Tratador de Animais
A12: 2. | B12: Classificação Brasileira de Ocupações (CBO): | H12: 6230-20
A13: 3. | B13: Salário Base para Jornada de 44 horas/semanais:
A14: 4. | B14: Informar Sindicato da Categoria Profissional (vinculada à execução contratual) – se houver:
A15: 5. | B15: Possui Acordo, Convenção Coletiva ou Sentença Normativa em Dissídio Coletivo?
A16: 6. | B16: Indicar eventuais instrumentos de referência considerados para elaboração da proposta:
A17: 7. | B17: Data base da categoria (dia/mês/ano):
A18: 8. | B18: Unidade de Medida | H18: Posto de trabalho
A19: 9. | B19: Quantidade Total a Contratar (em função da unidade de medida) | H19: 20
A21: MÓDULO 1: COMPOSIÇÃO DA REMUNERAÇÃO MENSAL
A22: 1 | B22: Composição da Remuneração | E22: Nº de dias úteis | G22: Nº Horas/Mês | H22: % | I22: Valor (R$)
A23: A | B23: Salário-base | E23: 21 | G23: 220 | I23: =ROUND(H13/G23*G23,2) -> 0
A24: B | B24: Adicional de Insalubridade | I24: =IF(H15="Sim",(I23*H24),(I32*H24)) -> 0
A25: C | B25: Adicional de Periculosidade | I25: =I23*H25 -> 0
A26: D | B26: Adicional Noturno | I26: =I23*H26 -> 0
A27: E | B27: Gratificação de Função | I27: =I23*H27 -> 0
A28: F | B28: Outros – especificar: | I28: =I23*H28 -> 0
A29: Total da Remuneração | I29: =SUM(I23:I28) -> 0
A30: Nota 1: O Módulo 1 refere-se ao valor devido ao empregado pela prestação do serviço.
A31: Nota 2: Para o empregado que labora a jornada 12x36, em caso da não concessão ou concessão parcial do intervalo intrajornada (§4º do art. 71 da CLT), o valor a ser pago será inserido na remuneração utilizando a alínea C
A32: Nota 3: O adicional de insalubridade deve observar, se houver, norma coletiva, instrumento de pactuação ou política interna da empresa que fixe base distinta. Na ausência dessas, aplicar-se o cálculo de insalubridade sobre o valor do Salário Mínimo Nacional vigente. | F32: Ano: | G32: 2026 | H32: Salário Mínimo Nacional: | I32: 1621
A33: MÓDULO 2 : ENCARGOS E BENEFÍCIOS ANUAIS, MENSAIS E DIÁRIOS
A34: Submódulo 2.1 - 13º Salário e Adicional de Férias
A35: 2.1 | B35: 13º Salário, Férias e Adicional de Férias | H35: Percentual (%) | I35: Valor (R$)
A36: A | B36: 13º Salário | H36: 0.083333 | I36: =ROUND($I$29*H36,2) -> 0
A37: B | B37: Férias e Adicional de Férias | H37: 0.111111 | I37: =ROUND($I$29*H37,2) -> 0
A38: TOTAL | H38: =SUM(H36:H37) -> 0.194444 | I38: =SUM(I36:I37) -> 0
A39: Nota 1: Como a planilha de custos e formação de preços é calculada mensalmente, provisiona-se proporcionalmente 1/12 (um doze avos) dos valores referentes á gratificação natalina e ao adicional de férias
A40: Nota 2: O adicional de férias contido no submódulo 2.1 corresponde a 1/3 (um terço) da remuneração, que, por sua vez, é dividido por 12, conforme Nota 1
A41: Submódulo 2.2 - Encargos Previdenciários, FGTS e outras contribuições:
A42: 2.2 | B42: Encargos Previdenciários e FGTS | H42: Percentual (%) | I42: Valor (R$)
A43: A | B43: INSS | H43: 0.2 | I43: =ROUND(($I$29+$I$38)*H43,2) -> 0
A44: B | B44: SESI ou SESC | H44: 0.015 | I44: =ROUND(($I$29+$I$38)*H44,2) -> 0
A45: C | B45: SENAI ou SENAC | H45: 0.01 | I45: =ROUND(($I$29+$I$38)*H45,2) -> 0
A46: D | B46: INCRA | H46: 0.002 | I46: =ROUND(($I$29+$I$38)*H46,2) -> 0
A47: E | B47: Salário educação | H47: 0.025 | I47: =ROUND(($I$29+$I$38)*H47,2) -> 0
A48: F | B48: FGTS | H48: 0.08 | I48: =ROUND(($I$29+$I$38)*H48,2) -> 0
A49: G | B49: Seguro Acidente de Trabalho = SAT = (RAT x FAP) SAT = ( %Riscos Ambientais do Trabalho x Fator Acidentário de Prevenção de cada empresa ) | D49: RAT = | F49: FAP = | H49: =ROUND((E49*G49),6) -> 0 | I49: =ROUND(($I$29+$I$38)*H49,2) -> 0
A50: H | B50: SEBRAE | H50: 0.006 | I50: =ROUND(($I$29+$I$38)*H50,2) -> 0
A51: TOTAL | H51: =SUM(H43:H50) -> 0.338 | I51: =SUM(I43:I50) -> 0
A52: Nota 1: Os percentuais dos encargos previdenciários, do FGTS e das demais contribuições são aqueles estabelecidos pela legislação vigente.
A53: Nota 2: O SAT, a depender do grau de risco do serviço, irá variar entre 1% para risco leve, 2% para risco médio e 3% para risco grave
A54: Nota 3: Esses percentuais incidem sobre algumas rubricas constantes nos Módulos 3 e 4
A55: Nota 4: Riscos Ambientais do Trabalho = 1%, 2% ou 3%. Depende do CNAE (Classificação Nacional de Atividade Econômica) da empresa.
A56: Nota 5: Fator Acidentário de Prevenção (particular de cada empresa, vai de 0,50 a 2,00
A57: Submódulo 2.3 - Benefícios Mensais e Diários
A58: 2.3 | B58: Benefícios Mensais e Diários | H58: Valor unit.(R$) | I58: Valor (R$)
A59: A | B59: Transporte: Cálculo do valor: [(QtdexVTxNºdiasÚteis) – (%xSB)] | I59: =ROUND(((H61*H60*E23)-(I71*I23)),2) -> 0
A60: A.1 | B60: Valor da passagem do transporte coletivo no município de prestação dos serviços: CONFORME DECRETO MUNICIPAL Nº 252/2021
A61: A.2 | B61: Quantidade de passagens por dia por empregado:
A62: B | B62: Auxílio-alimentação (vales, cesta básica, entre outros) Cálculo do valor = [(NºdiasÚteisxVA)x(1-%)] | I62: =ROUND(((E23*H63*(1-I72))),2) -> 0
A63: B.1 | B63: Valor do auxílio alimentação diário: (ver existência de acordo ou Cláusula em CCT)
A64: C | B64: Plano de Saúde mensal | I64: =H64 -> 0
A65: D | B65: Auxílio-creche mensal | I65: =H65 -> 0
A66: E | B66: Outros - Plano de Benefício Familiar (ver existência de acordo ou Cláusula em CCT) | I66: =H66 -> 0
A67: F | B67: Outros – especificar: | I67: =H67 -> 0
A68: TOTAL | I68: =SUM(I59:I67) -> 0
A69: Nota 1: Podem ser incluídos nesta rubrica itens como seguro de vida, invalidez, outros conforme ACT/CCT e ainda eventuais benefícios devidos ao substituto
A70: Nota 2: O valor informado deverá ser o custo real do benefício (descontado o valor eventualmente pelo empregado)
A71: Nota 3: O percentual de desconto do Vale Transporte deve estar de acordo com a CCT. Para construção do exemplo, utilizamos 6% | H71: Percentual: | I71: 0.06
A72: Nota 4: O percentual de desconto do Vale Alimentação/Refeição deve estar de acordo com a CCT. Para construção do exemplo, utilizamos a estimativa de 20% | H72: Percentual: | I72: 0.2
A73: Nota 5: Auxílio creche Portaria MTb 3.296/86
A74: Quadro-Resumo - Módulo 2 - Encargos e Benefícios Anuais, Mensais e Diários
A75: 2 | B75: Encargos e Benefícios Anuais, Mensais e Diários | I75: Valor (R$)
A76: 2.1 | B76: 13º Salário, Férias e Adicional de Férias | I76: =+I38 -> 0
A77: 2.2 | B77: Encargos Previdenciários, FGTS e outras contribuições | I77: =+I51 -> 0
A78: 2.3 | B78: Benefícios Mensais e Diários | I78: =+I68 -> 0
A79: TOTAL | I79: =SUM(I76:I78) -> 0
A80: MÓDULO 3: PROVISÃO MENSAL PARA RESCISÃO
A81: 3 | B81: Provisão para rescisão mensal | I81: Valor (R$)
A82: A | B82: Aviso-prévio indenizado: Cálculo do valor = (Rem/12)x(nº de dias de indenização/30)x (Estatística de rotatividade anual) - utilizado 33 dias | I82: =ROUND(($I$29/12)*(33/30)*I89,2) -> 0
A83: B | B83: Incidência do FGTS sobre aviso-prévio indenizado | I83: =ROUND($H$48*I82,2) -> 0
A84: C | B84: Multa sobre FGTS referente ao aviso-prévio indenizado Cálculo do valor: Rem + 13º + férias (40%) x 8% x (Estatística de rotatividade anual) | I84: =ROUND(($I$29+$I$38)*(40%)*8%*I89,2) -> 0
A85: D | B85: Aviso-previo trabalhado Cálculo do valor= [(Rem/30)x7]/nº de meses do contrato | I85: =ROUND(((($I$29/30)*7)/$H$8),2) -> 0
A86: E | B86: Incidência dos encargos do submódulo 2.2 sobre o aviso-prévio trabalhado | I86: =ROUND($H$51*I85,2) -> 0
A87: F | B87: Multa sobre FGTS referente ao aviso-prévio trabalhado Cálculo do valor: Rem + 13º salário + férias (40%) x 8% x 100% | I87: =ROUND(($I$29+$I$38)*(40%)*8%*100%,2) -> 0
A88: TOTAL | I88: =SUM(I82:I87) -> 0
A89: Nota 1: A ocorrência de aviso-prévio indenizado deverá ser apurada com uso de dados referenciais levantados no histórico de contratos. Para construção do exemplo, utilizamos a estimativa que 2,5% dos empregados serão substituídos durante 6 meses. | H89: Estatística: | I89: 0.025
A90: MÓDULO 4: CUSTO MENSAL DE REPOSIÇÃO DO PROFISSIONAL AUSENTE
A91: Submódulo 4.1 - Ausências Legais
A92: 4.1 | B92: Ausências Legais | I92: Valor (R$)
A93: A | B93: Férias: Considerado no Submódulo 2.1
A94: B | B94: Ausências legais: Cálculo do valor = [(Rem/30)x(Estatística)]/12 | I94: =ROUND((($I$29/30)*I103)/12,2) -> 0
A95: C | B95: Licença-paternidade: Cálculo do valor = {[(Rem/30)x5dias]/12}x[Estatística] | I95: =ROUND((($I$29/30)*5)/12*I104,2) -> 0
A96: D | B96: Ausência por acidente de trabalho: Cálculo do valor = {[(Rem/30)x15dias]/12}x[Estatística] | I96: =ROUND(((($I$29/30)*15)/12)*I105,2) -> 0
A97: E | B97: Ausência por doença: Cálculo do valor = [(Rem/30)x(Estatística)]/12 | I97: =ROUND(((($I$29/30)*I106)/12),2) -> 0
A98: F | B98: Outros – especificar:
A99: Subtotal | I99: =SUM(I93:I98) -> 0
A100: G | B100: Incidência dos encargos do submódulo 4.1 sobre o custo de reposição do profissional ausente | I100: =ROUND(H51*I99,2) -> 0
A101: TOTAL | I101: =SUM(I99:I100) -> 0
A102: Nota 1: Férias – considerando que o valor pago ao substituto durante as férias do empregado já consta na remuneração (Módulo 1) e que o valor pago ao empregado para fazer frente ao custo de suas férias acrescidas de um terço constitucional já foram apuradas na letra B do submódulo 2.1., não existe o custo a ser aportado nesta rubrica
...

Sheet Anexo_sub-item 1.1.8
A1: [LOGOTIPO] ------------------- [DADOS DA EMPRESA:RAZÃO SOCIAL/CNPJ/ENDEREÇO/CONTATOS(TELEFONE/EMAIL)]
A2: Regime de Tributação:
A3: PLANILHA DE CUSTOS E FORMAÇÃO DE PREÇOS Nota 1: Apresentar uma planilha para cada tipo de profissional em regime de dedicação exclusiva (itens 1.1.3 à 1.1.11) Nota 2: A planilha será calculada considerando o valor mensal do serviço Nota 3: Preencher ou editar apenas os campos em amarelo Nota 4: Proibido modificar a estrutura da planilha, acrescentar ou suprimir linhas e/ou colunas
A4: Discriminação dos Serviços (dados referentes à contratação)
A5: A | B5: Data de apresentação da proposta (dia/mês/ano) | H5: ___/____/2026
A6: B | B6: Município de prestação dos serviços | H6: CANOAS/RS
A7: C | B7: Processo de contratação | H7: 26.0.000015198-9
A8: D | B8: Número de meses de execução contratual | H8: 12
A10: Dados complementares para composição dos custos referente à mão de obra
A11: 1. | B11: Tipo de serviço: | H11: Item 08 - Recepcionista
A12: 2. | B12: Classificação Brasileira de Ocupações (CBO): | H12: 4221-05
A13: 3. | B13: Salário Base para Jornada de 44 horas/semanais:
A14: 4. | B14: Informar Sindicato da Categoria Profissional (vinculada à execução contratual) – se houver:
A15: 5. | B15: Possui Acordo, Convenção Coletiva ou Sentença Normativa em Dissídio Coletivo?
A16: 6. | B16: Indicar eventuais instrumentos de referência considerados para elaboração da proposta:
A17: 7. | B17: Data base da categoria (dia/mês/ano):
A18: 8. | B18: Unidade de Medida | H18: Posto de trabalho
A19: 9. | B19: Quantidade Total a Contratar (em função da unidade de medida) | H19: 2
A21: MÓDULO 1: COMPOSIÇÃO DA REMUNERAÇÃO MENSAL
A22: 1 | B22: Composição da Remuneração | E22: Nº de dias úteis | G22: Nº Horas/Mês | H22: % | I22: Valor (R$)
A23: A | B23: Salário-base | E23: 21 | G23: 220 | I23: =ROUND(H13/G23*G23,2) -> 0
A24: B | B24: Adicional de Insalubridade | I24: =IF(H15="Sim",(I23*H24),(I32*H24)) -> 0
A25: C | B25: Adicional de Periculosidade | I25: =I23*H25 -> 0
A26: D | B26: Adicional Noturno | I26: =I23*H26 -> 0
A27: E | B27: Gratificação de Função | I27: =I23*H27 -> 0
A28: F | B28: Outros – especificar: | I28: =I23*H28 -> 0
A29: Total da Remuneração | I29: =SUM(I23:I28) -> 0
A30: Nota 1: O Módulo 1 refere-se ao valor devido ao empregado pela prestação do serviço.
A31: Nota 2: Para o empregado que labora a jornada 12x36, em caso da não concessão ou concessão parcial do intervalo intrajornada (§4º do art. 71 da CLT), o valor a ser pago será inserido na remuneração utilizando a alínea C
A32: Nota 3: O adicional de insalubridade deve observar, se houver, norma coletiva, instrumento de pactuação ou política interna da empresa que fixe base distinta. Na ausência dessas, aplicar-se o cálculo de insalubridade sobre o valor do Salário Mínimo Nacional vigente. | F32: Ano: | G32: 2026 | H32: Salário Mínimo Nacional: | I32: 1621
A33: MÓDULO 2 : ENCARGOS E BENEFÍCIOS ANUAIS, MENSAIS E DIÁRIOS
A34: Submódulo 2.1 - 13º Salário e Adicional de Férias
A35: 2.1 | B35: 13º Salário, Férias e Adicional de Férias | H35: Percentual (%) | I35: Valor (R$)
A36: A | B36: 13º Salário | H36: 0.083333 | I36: =ROUND($I$29*H36,2) -> 0
A37: B | B37: Férias e Adicional de Férias | H37: 0.111111 | I37: =ROUND($I$29*H37,2) -> 0
A38: TOTAL | H38: =SUM(H36:H37) -> 0.194444 | I38: =SUM(I36:I37) -> 0
A39: Nota 1: Como a planilha de custos e formação de preços é calculada mensalmente, provisiona-se proporcionalmente 1/12 (um doze avos) dos valores referentes á gratificação natalina e ao adicional de férias
A40: Nota 2: O adicional de férias contido no submódulo 2.1 corresponde a 1/3 (um terço) da remuneração, que, por sua vez, é dividido por 12, conforme Nota 1
A41: Submódulo 2.2 - Encargos Previdenciários, FGTS e outras contribuições:
A42: 2.2 | B42: Encargos Previdenciários e FGTS | H42: Percentual (%) | I42: Valor (R$)
A43: A | B43: INSS | H43: 0.2 | I43: =ROUND(($I$29+$I$38)*H43,2) -> 0
A44: B | B44: SESI ou SESC | H44: 0.015 | I44: =ROUND(($I$29+$I$38)*H44,2) -> 0
A45: C | B45: SENAI ou SENAC | H45: 0.01 | I45: =ROUND(($I$29+$I$38)*H45,2) -> 0
A46: D | B46: INCRA | H46: 0.002 | I46: =ROUND(($I$29+$I$38)*H46,2) -> 0
A47: E | B47: Salário educação | H47: 0.025 | I47: =ROUND(($I$29+$I$38)*H47,2) -> 0
A48: F | B48: FGTS | H48: 0.08 | I48: =ROUND(($I$29+$I$38)*H48,2) -> 0
A49: G | B49: Seguro Acidente de Trabalho = SAT = (RAT x FAP) SAT = ( %Riscos Ambientais do Trabalho x Fator Acidentário de Prevenção de cada empresa ) | D49: RAT = | F49: FAP = | H49: =ROUND((E49*G49),6) -> 0 | I49: =ROUND(($I$29+$I$38)*H49,2) -> 0
A50: H | B50: SEBRAE | H50: 0.006 | I50: =ROUND(($I$29+$I$38)*H50,2) -> 0
A51: TOTAL | H51: =SUM(H43:H50) -> 0.338 | I51: =SUM(I43:I50) -> 0
A52: Nota 1: Os percentuais dos encargos previdenciários, do FGTS e das demais contribuições são aqueles estabelecidos pela legislação vigente.
A53: Nota 2: O SAT, a depender do grau de risco do serviço, irá variar entre 1% para risco leve, 2% para risco médio e 3% para risco grave
A54: Nota 3: Esses percentuais incidem sobre algumas rubricas constantes nos Módulos 3 e 4
A55: Nota 4: Riscos Ambientais do Trabalho = 1%, 2% ou 3%. Depende do CNAE (Classificação Nacional de Atividade Econômica) da empresa.
A56: Nota 5: Fator Acidentário de Prevenção (particular de cada empresa, vai de 0,50 a 2,00
A57: Submódulo 2.3 - Benefícios Mensais e Diários
A58: 2.3 | B58: Benefícios Mensais e Diários | H58: Valor unit.(R$) | I58: Valor (R$)
A59: A | B59: Transporte: Cálculo do valor: [(QtdexVTxNºdiasÚteis) – (%xSB)] | I59: =ROUND(((H61*H60*E23)-(I71*I23)),2) -> 0
A60: A.1 | B60: Valor da passagem do transporte coletivo no município de prestação dos serviços: CONFORME DECRETO MUNICIPAL Nº 252/2021
A61: A.2 | B61: Quantidade de passagens por dia por empregado:
A62: B | B62: Auxílio-alimentação (vales, cesta básica, entre outros) Cálculo do valor = [(NºdiasÚteisxVA)x(1-%)] | I62: =ROUND(((E23*H63*(1-I72))),2) -> 0
A63: B.1 | B63: Valor do auxílio alimentação diário: (ver existência de acordo ou Cláusula em CCT)
A64: C | B64: Plano de Saúde mensal | I64: =H64 -> 0
A65: D | B65: Auxílio-creche mensal | I65: =H65 -> 0
A66: E | B66: Outros - Plano de Benefício Familiar (ver existência de acordo ou Cláusula em CCT) | I66: =H66 -> 0
A67: F | B67: Outros – especificar: | I67: =H67 -> 0
A68: TOTAL | I68: =SUM(I59:I67) -> 0
A69: Nota 1: Podem ser incluídos nesta rubrica itens como seguro de vida, invalidez, outros conforme ACT/CCT e ainda eventuais benefícios devidos ao substituto
A70: Nota 2: O valor informado deverá ser o custo real do benefício (descontado o valor eventualmente pelo empregado)
A71: Nota 3: O percentual de desconto do Vale Transporte deve estar de acordo com a CCT. Para construção do exemplo, utilizamos 6% | H71: Percentual: | I71: 0.06
A72: Nota 4: O percentual de desconto do Vale Alimentação/Refeição deve estar de acordo com a CCT. Para construção do exemplo, utilizamos a estimativa de 20% | H72: Percentual: | I72: 0.2
A73: Nota 5: Auxílio creche Portaria MTb 3.296/86
A74: Quadro-Resumo - Módulo 2 - Encargos e Benefícios Anuais, Mensais e Diários
A75: 2 | B75: Encargos e Benefícios Anuais, Mensais e Diários | I75: Valor (R$)
A76: 2.1 | B76: 13º Salário, Férias e Adicional de Férias | I76: =+I38 -> 0
A77: 2.2 | B77: Encargos Previdenciários, FGTS e outras contribuições | I77: =+I51 -> 0
A78: 2.3 | B78: Benefícios Mensais e Diários | I78: =+I68 -> 0
A79: TOTAL | I79: =SUM(I76:I78) -> 0
A80: MÓDULO 3: PROVISÃO MENSAL PARA RESCISÃO
A81: 3 | B81: Provisão para rescisão mensal | I81: Valor (R$)
A82: A | B82: Aviso-prévio indenizado: Cálculo do valor = (Rem/12)x(nº de dias de indenização/30)x (Estatística de rotatividade anual) - utilizado 33 dias | I82: =ROUND(($I$29/12)*(33/30)*I89,2) -> 0
A83: B | B83: Incidência do FGTS sobre aviso-prévio indenizado | I83: =ROUND($H$48*I82,2) -> 0
A84: C | B84: Multa sobre FGTS referente ao aviso-prévio indenizado Cálculo do valor: Rem + 13º + férias (40%) x 8% x (Estatística de rotatividade anual) | I84: =ROUND(($I$29+$I$38)*(40%)*8%*I89,2) -> 0
A85: D | B85: Aviso-previo trabalhado Cálculo do valor= [(Rem/30)x7]/nº de meses do contrato | I85: =ROUND(((($I$29/30)*7)/$H$8),2) -> 0
A86: E | B86: Incidência dos encargos do submódulo 2.2 sobre o aviso-prévio trabalhado | I86: =ROUND($H$51*I85,2) -> 0
A87: F | B87: Multa sobre FGTS referente ao aviso-prévio trabalhado Cálculo do valor: Rem + 13º salário + férias (40%) x 8% x 100% | I87: =ROUND(($I$29+$I$38)*(40%)*8%*100%,2) -> 0
A88: TOTAL | I88: =SUM(I82:I87) -> 0
A89: Nota 1: A ocorrência de aviso-prévio indenizado deverá ser apurada com uso de dados referenciais levantados no histórico de contratos. Para construção do exemplo, utilizamos a estimativa que 2,5% dos empregados serão substituídos durante 6 meses. | H89: Estatística: | I89: 0.025
A90: MÓDULO 4: CUSTO MENSAL DE REPOSIÇÃO DO PROFISSIONAL AUSENTE
A91: Submódulo 4.1 - Ausências Legais
A92: 4.1 | B92: Ausências Legais | I92: Valor (R$)
A93: A | B93: Férias: Considerado no Submódulo 2.1
A94: B | B94: Ausências legais: Cálculo do valor = [(Rem/30)x(Estatística)]/12 | I94: =ROUND((($I$29/30)*I103)/12,2) -> 0
A95: C | B95: Licença-paternidade: Cálculo do valor = {[(Rem/30)x5dias]/12}x[Estatística] | I95: =ROUND((($I$29/30)*5)/12*I104,2) -> 0
A96: D | B96: Ausência por acidente de trabalho: Cálculo do valor = {[(Rem/30)x15dias]/12}x[Estatística] | I96: =ROUND(((($I$29/30)*15)/12)*I105,2) -> 0
A97: E | B97: Ausência por doença: Cálculo do valor = [(Rem/30)x(Estatística)]/12 | I97: =ROUND(((($I$29/30)*I106)/12),2) -> 0
A98: F | B98: Outros – especificar:
A99: Subtotal | I99: =SUM(I93:I98) -> 0
A100: G | B100: Incidência dos encargos do submódulo 4.1 sobre o custo de reposição do profissional ausente | I100: =ROUND(H51*I99,2) -> 0
A101: TOTAL | I101: =SUM(I99:I100) -> 0
A102: Nota 1: Férias – considerando que o valor pago ao substituto durante as férias do empregado já consta na remuneração (Módulo 1) e que o valor pago ao empregado para fazer frente ao custo de suas férias acrescidas de um terço constitucional já foram apuradas na letra B do submódulo 2.1., não existe o custo a ser aportado nesta rubrica
...

Sheet Anexo_sub-item 1.1.9
A1: [LOGOTIPO] ------------------- [DADOS DA EMPRESA:RAZÃO SOCIAL/CNPJ/ENDEREÇO/CONTATOS(TELEFONE/EMAIL)]
A2: Regime de Tributação:
A3: PLANILHA DE CUSTOS E FORMAÇÃO DE PREÇOS Nota 1: Apresentar uma planilha para cada tipo de profissional em regime de dedicação exclusiva (itens 1.1.3 à 1.1.11) Nota 2: A planilha será calculada considerando o valor mensal do serviço Nota 3: Preencher ou editar apenas os campos em amarelo Nota 4: Proibido modificar a estrutura da planilha, acrescentar ou suprimir linhas e/ou colunas
A4: Discriminação dos Serviços (dados referentes à contratação)
A5: A | B5: Data de apresentação da proposta (dia/mês/ano) | H5: ___/____/2026
A6: B | B6: Município de prestação dos serviços | H6: CANOAS/RS
A7: C | B7: Processo de contratação | H7: 26.0.000015198-9
A8: D | B8: Número de meses de execução contratual | H8: 12
A10: Dados complementares para composição dos custos referente à mão de obra
A11: 1. | B11: Tipo de serviço: | H11: Item 09 - Assistente Administrativo
A12: 2. | B12: Classificação Brasileira de Ocupações (CBO): | H12: 4110-10
A13: 3. | B13: Salário Base para Jornada de 44 horas/semanais:
A14: 4. | B14: Informar Sindicato da Categoria Profissional (vinculada à execução contratual) – se houver:
A15: 5. | B15: Possui Acordo, Convenção Coletiva ou Sentença Normativa em Dissídio Coletivo?
A16: 6. | B16: Indicar eventuais instrumentos de referência considerados para elaboração da proposta:
A17: 7. | B17: Data base da categoria (dia/mês/ano):
A18: 8. | B18: Unidade de Medida | H18: Posto de trabalho
A19: 9. | B19: Quantidade Total a Contratar (em função da unidade de medida) | H19: 1
A21: MÓDULO 1: COMPOSIÇÃO DA REMUNERAÇÃO MENSAL
A22: 1 | B22: Composição da Remuneração | E22: Nº de dias úteis | G22: Nº Horas/Mês | H22: % | I22: Valor (R$)
A23: A | B23: Salário-base | E23: 21 | G23: 220 | I23: =ROUND(H13/G23*G23,2) -> 0
A24: B | B24: Adicional de Insalubridade | I24: =IF(H15="Sim",(I23*H24),(I32*H24)) -> 0
A25: C | B25: Adicional de Periculosidade | I25: =I23*H25 -> 0
A26: D | B26: Adicional Noturno | I26: =I23*H26 -> 0
A27: E | B27: Gratificação de Função | I27: =I23*H27 -> 0
A28: F | B28: Outros – especificar: | I28: =I23*H28 -> 0
A29: Total da Remuneração | I29: =SUM(I23:I28) -> 0
A30: Nota 1: O Módulo 1 refere-se ao valor devido ao empregado pela prestação do serviço.
A31: Nota 2: Para o empregado que labora a jornada 12x36, em caso da não concessão ou concessão parcial do intervalo intrajornada (§4º do art. 71 da CLT), o valor a ser pago será inserido na remuneração utilizando a alínea C
A32: Nota 3: O adicional de insalubridade deve observar, se houver, norma coletiva, instrumento de pactuação ou política interna da empresa que fixe base distinta. Na ausência dessas, aplicar-se o cálculo de insalubridade sobre o valor do Salário Mínimo Nacional vigente. | F32: Ano: | G32: 2026 | H32: Salário Mínimo Nacional: | I32: 1621
A33: MÓDULO 2 : ENCARGOS E BENEFÍCIOS ANUAIS, MENSAIS E DIÁRIOS
A34: Submódulo 2.1 - 13º Salário e Adicional de Férias
A35: 2.1 | B35: 13º Salário, Férias e Adicional de Férias | H35: Percentual (%) | I35: Valor (R$)
A36: A | B36: 13º Salário | H36: 0.083333 | I36: =ROUND($I$29*H36,2) -> 0
A37: B | B37: Férias e Adicional de Férias | H37: 0.111111 | I37: =ROUND($I$29*H37,2) -> 0
A38: TOTAL | H38: =SUM(H36:H37) -> 0.194444 | I38: =SUM(I36:I37) -> 0
A39: Nota 1: Como a planilha de custos e formação de preços é calculada mensalmente, provisiona-se proporcionalmente 1/12 (um doze avos) dos valores referentes á gratificação natalina e ao adicional de férias
A40: Nota 2: O adicional de férias contido no submódulo 2.1 corresponde a 1/3 (um terço) da remuneração, que, por sua vez, é dividido por 12, conforme Nota 1
A41: Submódulo 2.2 - Encargos Previdenciários, FGTS e outras contribuições:
A42: 2.2 | B42: Encargos Previdenciários e FGTS | H42: Percentual (%) | I42: Valor (R$)
A43: A | B43: INSS | H43: 0.2 | I43: =ROUND(($I$29+$I$38)*H43,2) -> 0
A44: B | B44: SESI ou SESC | H44: 0.015 | I44: =ROUND(($I$29+$I$38)*H44,2) -> 0
A45: C | B45: SENAI ou SENAC | H45: 0.01 | I45: =ROUND(($I$29+$I$38)*H45,2) -> 0
A46: D | B46: INCRA | H46: 0.002 | I46: =ROUND(($I$29+$I$38)*H46,2) -> 0
A47: E | B47: Salário educação | H47: 0.025 | I47: =ROUND(($I$29+$I$38)*H47,2) -> 0
A48: F | B48: FGTS | H48: 0.08 | I48: =ROUND(($I$29+$I$38)*H48,2) -> 0
A49: G | B49: Seguro Acidente de Trabalho = SAT = (RAT x FAP) SAT = ( %Riscos Ambientais do Trabalho x Fator Acidentário de Prevenção de cada empresa ) | D49: RAT = | F49: FAP = | H49: =ROUND((E49*G49),6) -> 0 | I49: =ROUND(($I$29+$I$38)*H49,2) -> 0
A50: H | B50: SEBRAE | H50: 0.006 | I50: =ROUND(($I$29+$I$38)*H50,2) -> 0
A51: TOTAL | H51: =SUM(H43:H50) -> 0.338 | I51: =SUM(I43:I50) -> 0
A52: Nota 1: Os percentuais dos encargos previdenciários, do FGTS e das demais contribuições são aqueles estabelecidos pela legislação vigente.
A53: Nota 2: O SAT, a depender do grau de risco do serviço, irá variar entre 1% para risco leve, 2% para risco médio e 3% para risco grave
A54: Nota 3: Esses percentuais incidem sobre algumas rubricas constantes nos Módulos 3 e 4
A55: Nota 4: Riscos Ambientais do Trabalho = 1%, 2% ou 3%. Depende do CNAE (Classificação Nacional de Atividade Econômica) da empresa.
A56: Nota 5: Fator Acidentário de Prevenção (particular de cada empresa, vai de 0,50 a 2,00
A57: Submódulo 2.3 - Benefícios Mensais e Diários
A58: 2.3 | B58: Benefícios Mensais e Diários | H58: Valor unit.(R$) | I58: Valor (R$)
A59: A | B59: Transporte: Cálculo do valor: [(QtdexVTxNºdiasÚteis) – (%xSB)] | I59: =ROUND(((H61*H60*E23)-(I71*I23)),2) -> 0
A60: A.1 | B60: Valor da passagem do transporte coletivo no município de prestação dos serviços: CONFORME DECRETO MUNICIPAL Nº 252/2021
A61: A.2 | B61: Quantidade de passagens por dia por empregado:
A62: B | B62: Auxílio-alimentação (vales, cesta básica, entre outros) Cálculo do valor = [(NºdiasÚteisxVA)x(1-%)] | I62: =ROUND(((E23*H63*(1-I72))),2) -> 0
A63: B.1 | B63: Valor do auxílio alimentação diário: (ver existência de acordo ou Cláusula em CCT)
A64: C | B64: Plano de Saúde mensal | I64: =H64 -> 0
A65: D | B65: Auxílio-creche mensal | I65: =H65 -> 0
A66: E | B66: Outros - Plano de Benefício Familiar (ver existência de acordo ou Cláusula em CCT) | I66: =H66 -> 0
A67: F | B67: Outros – especificar: | I67: =H67 -> 0
A68: TOTAL | I68: =SUM(I59:I67) -> 0
A69: Nota 1: Podem ser incluídos nesta rubrica itens como seguro de vida, invalidez, outros conforme ACT/CCT e ainda eventuais benefícios devidos ao substituto
A70: Nota 2: O valor informado deverá ser o custo real do benefício (descontado o valor eventualmente pelo empregado)
A71: Nota 3: O percentual de desconto do Vale Transporte deve estar de acordo com a CCT. Para construção do exemplo, utilizamos 6% | H71: Percentual: | I71: 0.06
A72: Nota 4: O percentual de desconto do Vale Alimentação/Refeição deve estar de acordo com a CCT. Para construção do exemplo, utilizamos a estimativa de 20% | H72: Percentual: | I72: 0.2
A73: Nota 5: Auxílio creche Portaria MTb 3.296/86
A74: Quadro-Resumo - Módulo 2 - Encargos e Benefícios Anuais, Mensais e Diários
A75: 2 | B75: Encargos e Benefícios Anuais, Mensais e Diários | I75: Valor (R$)
A76: 2.1 | B76: 13º Salário, Férias e Adicional de Férias | I76: =+I38 -> 0
A77: 2.2 | B77: Encargos Previdenciários, FGTS e outras contribuições | I77: =+I51 -> 0
A78: 2.3 | B78: Benefícios Mensais e Diários | I78: =+I68 -> 0
A79: TOTAL | I79: =SUM(I76:I78) -> 0
A80: MÓDULO 3: PROVISÃO MENSAL PARA RESCISÃO
A81: 3 | B81: Provisão para rescisão mensal | I81: Valor (R$)
A82: A | B82: Aviso-prévio indenizado: Cálculo do valor = (Rem/12)x(nº de dias de indenização/30)x (Estatística de rotatividade anual) - utilizado 33 dias | I82: =ROUND(($I$29/12)*(33/30)*I89,2) -> 0
A83: B | B83: Incidência do FGTS sobre aviso-prévio indenizado | I83: =ROUND($H$48*I82,2) -> 0
A84: C | B84: Multa sobre FGTS referente ao aviso-prévio indenizado Cálculo do valor: Rem + 13º + férias (40%) x 8% x (Estatística de rotatividade anual) | I84: =ROUND(($I$29+$I$38)*(40%)*8%*I89,2) -> 0
A85: D | B85: Aviso-previo trabalhado Cálculo do valor= [(Rem/30)x7]/nº de meses do contrato | I85: =ROUND(((($I$29/30)*7)/$H$8),2) -> 0
A86: E | B86: Incidência dos encargos do submódulo 2.2 sobre o aviso-prévio trabalhado | I86: =ROUND($H$51*I85,2) -> 0
A87: F | B87: Multa sobre FGTS referente ao aviso-prévio trabalhado Cálculo do valor: Rem + 13º salário + férias (40%) x 8% x 100% | I87: =ROUND(($I$29+$I$38)*(40%)*8%*100%,2) -> 0
A88: TOTAL | I88: =SUM(I82:I87) -> 0
A89: Nota 1: A ocorrência de aviso-prévio indenizado deverá ser apurada com uso de dados referenciais levantados no histórico de contratos. Para construção do exemplo, utilizamos a estimativa que 2,5% dos empregados serão substituídos durante 6 meses. | H89: Estatística: | I89: 0.025
A90: MÓDULO 4: CUSTO MENSAL DE REPOSIÇÃO DO PROFISSIONAL AUSENTE
A91: Submódulo 4.1 - Ausências Legais
A92: 4.1 | B92: Ausências Legais | I92: Valor (R$)
A93: A | B93: Férias: Considerado no Submódulo 2.1
A94: B | B94: Ausências legais: Cálculo do valor = [(Rem/30)x(Estatística)]/12 | I94: =ROUND((($I$29/30)*I103)/12,2) -> 0
A95: C | B95: Licença-paternidade: Cálculo do valor = {[(Rem/30)x5dias]/12}x[Estatística] | I95: =ROUND((($I$29/30)*5)/12*I104,2) -> 0
A96: D | B96: Ausência por acidente de trabalho: Cálculo do valor = {[(Rem/30)x15dias]/12}x[Estatística] | I96: =ROUND(((($I$29/30)*15)/12)*I105,2) -> 0
A97: E | B97: Ausência por doença: Cálculo do valor = [(Rem/30)x(Estatística)]/12 | I97: =ROUND(((($I$29/30)*I106)/12),2) -> 0
A98: F | B98: Outros – especificar:
A99: Subtotal | I99: =SUM(I93:I98) -> 0
A100: G | B100: Incidência dos encargos do submódulo 4.1 sobre o custo de reposição do profissional ausente | I100: =ROUND(H51*I99,2) -> 0
A101: TOTAL | I101: =SUM(I99:I100) -> 0
A102: Nota 1: Férias – considerando que o valor pago ao substituto durante as férias do empregado já consta na remuneração (Módulo 1) e que o valor pago ao empregado para fazer frente ao custo de suas férias acrescidas de um terço constitucional já foram apuradas na letra B do submódulo 2.1., não existe o custo a ser aportado nesta rubrica
...

Sheet Anexo_sub-item 1.1.10
A1: [LOGOTIPO] ------------------- [DADOS DA EMPRESA:RAZÃO SOCIAL/CNPJ/ENDEREÇO/CONTATOS(TELEFONE/EMAIL)]
A2: Regime de Tributação:
A3: PLANILHA DE CUSTOS E FORMAÇÃO DE PREÇOS Nota 1: Apresentar uma planilha para cada tipo de profissional em regime de dedicação exclusiva (itens 1.1.3 à 1.1.11) Nota 2: A planilha será calculada considerando o valor mensal do serviço Nota 3: Preencher ou editar apenas os campos em amarelo Nota 4: Proibido modificar a estrutura da planilha, acrescentar ou suprimir linhas e/ou colunas
A4: Discriminação dos Serviços (dados referentes à contratação)
A5: A | B5: Data de apresentação da proposta (dia/mês/ano) | H5: ___/____/2026
A6: B | B6: Município de prestação dos serviços | H6: CANOAS/RS
A7: C | B7: Processo de contratação | H7: 26.0.000015198-9
A8: D | B8: Número de meses de execução contratual | H8: 12
A10: Dados complementares para composição dos custos referente à mão de obra
A11: 1. | B11: Tipo de serviço: | H11: Item 10 - Auxiliar de Limpeza
A12: 2. | B12: Classificação Brasileira de Ocupações (CBO): | H12: 5143-20
A13: 3. | B13: Salário Base para Jornada de 44 horas/semanais:
A14: 4. | B14: Informar Sindicato da Categoria Profissional (vinculada à execução contratual) – se houver:
A15: 5. | B15: Possui Acordo, Convenção Coletiva ou Sentença Normativa em Dissídio Coletivo?
A16: 6. | B16: Indicar eventuais instrumentos de referência considerados para elaboração da proposta:
A17: 7. | B17: Data base da categoria (dia/mês/ano):
A18: 8. | B18: Unidade de Medida | H18: Posto de trabalho
A19: 9. | B19: Quantidade Total a Contratar (em função da unidade de medida) | H19: 4
A21: MÓDULO 1: COMPOSIÇÃO DA REMUNERAÇÃO MENSAL
A22: 1 | B22: Composição da Remuneração | E22: Nº de dias úteis | G22: Nº Horas/Mês | H22: % | I22: Valor (R$)
A23: A | B23: Salário-base | E23: 21 | G23: 220 | I23: =ROUND(H13/G23*G23,2) -> 0
A24: B | B24: Adicional de Insalubridade | I24: =IF(H15="Sim",(I23*H24),(I32*H24)) -> 0
A25: C | B25: Adicional de Periculosidade | I25: =I23*H25 -> 0
A26: D | B26: Adicional Noturno | I26: =I23*H26 -> 0
A27: E | B27: Gratificação de Função | I27: =I23*H27 -> 0
A28: F | B28: Outros – especificar: | I28: =I23*H28 -> 0
A29: Total da Remuneração | I29: =SUM(I23:I28) -> 0
A30: Nota 1: O Módulo 1 refere-se ao valor devido ao empregado pela prestação do serviço.
A31: Nota 2: Para o empregado que labora a jornada 12x36, em caso da não concessão ou concessão parcial do intervalo intrajornada (§4º do art. 71 da CLT), o valor a ser pago será inserido na remuneração utilizando a alínea C
A32: Nota 3: O adicional de insalubridade deve observar, se houver, norma coletiva, instrumento de pactuação ou política interna da empresa que fixe base distinta. Na ausência dessas, aplicar-se o cálculo de insalubridade sobre o valor do Salário Mínimo Nacional vigente. | F32: Ano: | G32: 2026 | H32: Salário Mínimo Nacional: | I32: 1621
A33: MÓDULO 2 : ENCARGOS E BENEFÍCIOS ANUAIS, MENSAIS E DIÁRIOS
A34: Submódulo 2.1 - 13º Salário e Adicional de Férias
A35: 2.1 | B35: 13º Salário, Férias e Adicional de Férias | H35: Percentual (%) | I35: Valor (R$)
A36: A | B36: 13º Salário | H36: 0.083333 | I36: =ROUND($I$29*H36,2) -> 0
A37: B | B37: Férias e Adicional de Férias | H37: 0.111111 | I37: =ROUND($I$29*H37,2) -> 0
A38: TOTAL | H38: =SUM(H36:H37) -> 0.194444 | I38: =SUM(I36:I37) -> 0
A39: Nota 1: Como a planilha de custos e formação de preços é calculada mensalmente, provisiona-se proporcionalmente 1/12 (um doze avos) dos valores referentes á gratificação natalina e ao adicional de férias
A40: Nota 2: O adicional de férias contido no submódulo 2.1 corresponde a 1/3 (um terço) da remuneração, que, por sua vez, é dividido por 12, conforme Nota 1
A41: Submódulo 2.2 - Encargos Previdenciários, FGTS e outras contribuições:
A42: 2.2 | B42: Encargos Previdenciários e FGTS | H42: Percentual (%) | I42: Valor (R$)
A43: A | B43: INSS | H43: 0.2 | I43: =ROUND(($I$29+$I$38)*H43,2) -> 0
A44: B | B44: SESI ou SESC | H44: 0.015 | I44: =ROUND(($I$29+$I$38)*H44,2) -> 0
A45: C | B45: SENAI ou SENAC | H45: 0.01 | I45: =ROUND(($I$29+$I$38)*H45,2) -> 0
A46: D | B46: INCRA | H46: 0.002 | I46: =ROUND(($I$29+$I$38)*H46,2) -> 0
A47: E | B47: Salário educação | H47: 0.025 | I47: =ROUND(($I$29+$I$38)*H47,2) -> 0
A48: F | B48: FGTS | H48: 0.08 | I48: =ROUND(($I$29+$I$38)*H48,2) -> 0
A49: G | B49: Seguro Acidente de Trabalho = SAT = (RAT x FAP) SAT = ( %Riscos Ambientais do Trabalho x Fator Acidentário de Prevenção de cada empresa ) | D49: RAT = | F49: FAP = | H49: =ROUND((E49*G49),6) -> 0 | I49: =ROUND(($I$29+$I$38)*H49,2) -> 0
A50: H | B50: SEBRAE | H50: 0.006 | I50: =ROUND(($I$29+$I$38)*H50,2) -> 0
A51: TOTAL | H51: =SUM(H43:H50) -> 0.338 | I51: =SUM(I43:I50) -> 0
A52: Nota 1: Os percentuais dos encargos previdenciários, do FGTS e das demais contribuições são aqueles estabelecidos pela legislação vigente.
A53: Nota 2: O SAT, a depender do grau de risco do serviço, irá variar entre 1% para risco leve, 2% para risco médio e 3% para risco grave
A54: Nota 3: Esses percentuais incidem sobre algumas rubricas constantes nos Módulos 3 e 4
A55: Nota 4: Riscos Ambientais do Trabalho = 1%, 2% ou 3%. Depende do CNAE (Classificação Nacional de Atividade Econômica) da empresa.
A56: Nota 5: Fator Acidentário de Prevenção (particular de cada empresa, vai de 0,50 a 2,00
A57: Submódulo 2.3 - Benefícios Mensais e Diários
A58: 2.3 | B58: Benefícios Mensais e Diários | H58: Valor unit.(R$) | I58: Valor (R$)
A59: A | B59: Transporte: Cálculo do valor: [(QtdexVTxNºdiasÚteis) – (%xSB)] | I59: =ROUND(((H61*H60*E23)-(I71*I23)),2) -> 0
A60: A.1 | B60: Valor da passagem do transporte coletivo no município de prestação dos serviços: CONFORME DECRETO MUNICIPAL Nº 252/2021
A61: A.2 | B61: Quantidade de passagens por dia por empregado:
A62: B | B62: Auxílio-alimentação (vales, cesta básica, entre outros) Cálculo do valor = [(NºdiasÚteisxVA)x(1-%)] | I62: =ROUND(((E23*H63*(1-I72))),2) -> 0
A63: B.1 | B63: Valor do auxílio alimentação diário: (ver existência de acordo ou Cláusula em CCT)
A64: C | B64: Plano de Saúde mensal | I64: =H64 -> 0
A65: D | B65: Auxílio-creche mensal | I65: =H65 -> 0
A66: E | B66: Outros - Plano de Benefício Familiar (ver existência de acordo ou Cláusula em CCT) | I66: =H66 -> 0
A67: F | B67: Outros – especificar: | I67: =H67 -> 0
A68: TOTAL | I68: =SUM(I59:I67) -> 0
A69: Nota 1: Podem ser incluídos nesta rubrica itens como seguro de vida, invalidez, outros conforme ACT/CCT e ainda eventuais benefícios devidos ao substituto
A70: Nota 2: O valor informado deverá ser o custo real do benefício (descontado o valor eventualmente pelo empregado)
A71: Nota 3: O percentual de desconto do Vale Transporte deve estar de acordo com a CCT. Para construção do exemplo, utilizamos 6% | H71: Percentual: | I71: 0.06
A72: Nota 4: O percentual de desconto do Vale Alimentação/Refeição deve estar de acordo com a CCT. Para construção do exemplo, utilizamos a estimativa de 20% | H72: Percentual: | I72: 0.2
A73: Nota 5: Auxílio creche Portaria MTb 3.296/86
A74: Quadro-Resumo - Módulo 2 - Encargos e Benefícios Anuais, Mensais e Diários
A75: 2 | B75: Encargos e Benefícios Anuais, Mensais e Diários | I75: Valor (R$)
A76: 2.1 | B76: 13º Salário, Férias e Adicional de Férias | I76: =+I38 -> 0
A77: 2.2 | B77: Encargos Previdenciários, FGTS e outras contribuições | I77: =+I51 -> 0
A78: 2.3 | B78: Benefícios Mensais e Diários | I78: =+I68 -> 0
A79: TOTAL | I79: =SUM(I76:I78) -> 0
A80: MÓDULO 3: PROVISÃO MENSAL PARA RESCISÃO
A81: 3 | B81: Provisão para rescisão mensal | I81: Valor (R$)
A82: A | B82: Aviso-prévio indenizado: Cálculo do valor = (Rem/12)x(nº de dias de indenização/30)x (Estatística de rotatividade anual) - utilizado 33 dias | I82: =ROUND(($I$29/12)*(33/30)*I89,2) -> 0
A83: B | B83: Incidência do FGTS sobre aviso-prévio indenizado | I83: =ROUND($H$48*I82,2) -> 0
A84: C | B84: Multa sobre FGTS referente ao aviso-prévio indenizado Cálculo do valor: Rem + 13º + férias (40%) x 8% x (Estatística de rotatividade anual) | I84: =ROUND(($I$29+$I$38)*(40%)*8%*I89,2) -> 0
A85: D | B85: Aviso-previo trabalhado Cálculo do valor= [(Rem/30)x7]/nº de meses do contrato | I85: =ROUND(((($I$29/30)*7)/$H$8),2) -> 0
A86: E | B86: Incidência dos encargos do submódulo 2.2 sobre o aviso-prévio trabalhado | I86: =ROUND($H$51*I85,2) -> 0
A87: F | B87: Multa sobre FGTS referente ao aviso-prévio trabalhado Cálculo do valor: Rem + 13º salário + férias (40%) x 8% x 100% | I87: =ROUND(($I$29+$I$38)*(40%)*8%*100%,2) -> 0
A88: TOTAL | I88: =SUM(I82:I87) -> 0
A89: Nota 1: A ocorrência de aviso-prévio indenizado deverá ser apurada com uso de dados referenciais levantados no histórico de contratos. Para construção do exemplo, utilizamos a estimativa que 2,5% dos empregados serão substituídos durante 6 meses. | H89: Estatística: | I89: 0.025
A90: MÓDULO 4: CUSTO MENSAL DE REPOSIÇÃO DO PROFISSIONAL AUSENTE
A91: Submódulo 4.1 - Ausências Legais
A92: 4.1 | B92: Ausências Legais | I92: Valor (R$)
A93: A | B93: Férias: Considerado no Submódulo 2.1
A94: B | B94: Ausências legais: Cálculo do valor = [(Rem/30)x(Estatística)]/12 | I94: =ROUND((($I$29/30)*I103)/12,2) -> 0
A95: C | B95: Licença-paternidade: Cálculo do valor = {[(Rem/30)x5dias]/12}x[Estatística] | I95: =ROUND((($I$29/30)*5)/12*I104,2) -> 0
A96: D | B96: Ausência por acidente de trabalho: Cálculo do valor = {[(Rem/30)x15dias]/12}x[Estatística] | I96: =ROUND(((($I$29/30)*15)/12)*I105,2) -> 0
A97: E | B97: Ausência por doença: Cálculo do valor = [(Rem/30)x(Estatística)]/12 | I97: =ROUND(((($I$29/30)*I106)/12),2) -> 0
A98: F | B98: Outros – especificar:
A99: Subtotal | I99: =SUM(I93:I98) -> 0
A100: G | B100: Incidência dos encargos do submódulo 4.1 sobre o custo de reposição do profissional ausente | I100: =ROUND(H51*I99,2) -> 0
A101: TOTAL | I101: =SUM(I99:I100) -> 0
A102: Nota 1: Férias – considerando que o valor pago ao substituto durante as férias do empregado já consta na remuneração (Módulo 1) e que o valor pago ao empregado para fazer frente ao custo de suas férias acrescidas de um terço constitucional já foram apuradas na letra B do submódulo 2.1., não existe o custo a ser aportado nesta rubrica
...

Sheet Anexo_sub-item 1.1.11
A1: [LOGOTIPO] ------------------- [DADOS DA EMPRESA:RAZÃO SOCIAL/CNPJ/ENDEREÇO/CONTATOS(TELEFONE/EMAIL)]
A2: Regime de Tributação:
A3: PLANILHA DE CUSTOS E FORMAÇÃO DE PREÇOS Nota 1: Apresentar uma planilha para cada tipo de profissional em regime de dedicação exclusiva (itens 1.1.3 à 1.1.11) Nota 2: A planilha será calculada considerando o valor mensal do serviço Nota 3: Preencher ou editar apenas os campos em amarelo Nota 4: Proibido modificar a estrutura da planilha, acrescentar ou suprimir linhas e/ou colunas
A4: Discriminação dos Serviços (dados referentes à contratação)
A5: A | B5: Data de apresentação da proposta (dia/mês/ano) | H5: ___/____/2026
A6: B | B6: Município de prestação dos serviços | H6: CANOAS/RS
A7: C | B7: Processo de contratação | H7: 26.0.000015198-9
A8: D | B8: Número de meses de execução contratual | H8: 12
A10: Dados complementares para composição dos custos referente à mão de obra
A11: 1. | B11: Tipo de serviço: | H11: Item 11 - Auxiliar de Manutenção
A12: 2. | B12: Classificação Brasileira de Ocupações (CBO): | H12: 5143-10
A13: 3. | B13: Salário Base para Jornada de 44 horas/semanais:
A14: 4. | B14: Informar Sindicato da Categoria Profissional (vinculada à execução contratual) – se houver:
A15: 5. | B15: Possui Acordo, Convenção Coletiva ou Sentença Normativa em Dissídio Coletivo?
A16: 6. | B16: Indicar eventuais instrumentos de referência considerados para elaboração da proposta:
A17: 7. | B17: Data base da categoria (dia/mês/ano):
A18: 8. | B18: Unidade de Medida | H18: Posto de trabalho
A19: 9. | B19: Quantidade Total a Contratar (em função da unidade de medida) | H19: 1
A21: MÓDULO 1: COMPOSIÇÃO DA REMUNERAÇÃO MENSAL
A22: 1 | B22: Composição da Remuneração | E22: Nº de dias úteis | G22: Nº Horas/Mês | H22: % | I22: Valor (R$)
A23: A | B23: Salário-base | E23: 21 | G23: 220 | I23: =ROUND(H13/G23*G23,2) -> 0
A24: B | B24: Adicional de Insalubridade | I24: =IF(H15="Sim",(I23*H24),(I32*H24)) -> 0
A25: C | B25: Adicional de Periculosidade | I25: =I23*H25 -> 0
A26: D | B26: Adicional Noturno | I26: =I23*H26 -> 0
A27: E | B27: Gratificação de Função | I27: =I23*H27 -> 0
A28: F | B28: Outros – especificar: | I28: =I23*H28 -> 0
A29: Total da Remuneração | I29: =SUM(I23:I28) -> 0
A30: Nota 1: O Módulo 1 refere-se ao valor devido ao empregado pela prestação do serviço.
A31: Nota 2: Para o empregado que labora a jornada 12x36, em caso da não concessão ou concessão parcial do intervalo intrajornada (§4º do art. 71 da CLT), o valor a ser pago será inserido na remuneração utilizando a alínea C
A32: Nota 3: O adicional de insalubridade deve observar, se houver, norma coletiva, instrumento de pactuação ou política interna da empresa que fixe base distinta. Na ausência dessas, aplicar-se o cálculo de insalubridade sobre o valor do Salário Mínimo Nacional vigente. | F32: Ano: | G32: 2026 | H32: Salário Mínimo Nacional: | I32: 1621
A33: MÓDULO 2 : ENCARGOS E BENEFÍCIOS ANUAIS, MENSAIS E DIÁRIOS
A34: Submódulo 2.1 - 13º Salário e Adicional de Férias
A35: 2.1 | B35: 13º Salário, Férias e Adicional de Férias | H35: Percentual (%) | I35: Valor (R$)
A36: A | B36: 13º Salário | H36: 0.083333 | I36: =ROUND($I$29*H36,2) -> 0
A37: B | B37: Férias e Adicional de Férias | H37: 0.111111 | I37: =ROUND($I$29*H37,2) -> 0
A38: TOTAL | H38: =SUM(H36:H37) -> 0.194444 | I38: =SUM(I36:I37) -> 0
A39: Nota 1: Como a planilha de custos e formação de preços é calculada mensalmente, provisiona-se proporcionalmente 1/12 (um doze avos) dos valores referentes á gratificação natalina e ao adicional de férias
A40: Nota 2: O adicional de férias contido no submódulo 2.1 corresponde a 1/3 (um terço) da remuneração, que, por sua vez, é dividido por 12, conforme Nota 1
A41: Submódulo 2.2 - Encargos Previdenciários, FGTS e outras contribuições:
A42: 2.2 | B42: Encargos Previdenciários e FGTS | H42: Percentual (%) | I42: Valor (R$)
A43: A | B43: INSS | H43: 0.2 | I43: =ROUND(($I$29+$I$38)*H43,2) -> 0
A44: B | B44: SESI ou SESC | H44: 0.015 | I44: =ROUND(($I$29+$I$38)*H44,2) -> 0
A45: C | B45: SENAI ou SENAC | H45: 0.01 | I45: =ROUND(($I$29+$I$38)*H45,2) -> 0
A46: D | B46: INCRA | H46: 0.002 | I46: =ROUND(($I$29+$I$38)*H46,2) -> 0
A47: E | B47: Salário educação | H47: 0.025 | I47: =ROUND(($I$29+$I$38)*H47,2) -> 0
A48: F | B48: FGTS | H48: 0.08 | I48: =ROUND(($I$29+$I$38)*H48,2) -> 0
A49: G | B49: Seguro Acidente de Trabalho = SAT = (RAT x FAP) SAT = ( %Riscos Ambientais do Trabalho x Fator Acidentário de Prevenção de cada empresa ) | D49: RAT = | F49: FAP = | H49: =ROUND((E49*G49),6) -> 0 | I49: =ROUND(($I$29+$I$38)*H49,2) -> 0
A50: H | B50: SEBRAE | H50: 0.006 | I50: =ROUND(($I$29+$I$38)*H50,2) -> 0
A51: TOTAL | H51: =SUM(H43:H50) -> 0.338 | I51: =SUM(I43:I50) -> 0
A52: Nota 1: Os percentuais dos encargos previdenciários, do FGTS e das demais contribuições são aqueles estabelecidos pela legislação vigente.
A53: Nota 2: O SAT, a depender do grau de risco do serviço, irá variar entre 1% para risco leve, 2% para risco médio e 3% para risco grave
A54: Nota 3: Esses percentuais incidem sobre algumas rubricas constantes nos Módulos 3 e 4
A55: Nota 4: Riscos Ambientais do Trabalho = 1%, 2% ou 3%. Depende do CNAE (Classificação Nacional de Atividade Econômica) da empresa.
A56: Nota 5: Fator Acidentário de Prevenção (particular de cada empresa, vai de 0,50 a 2,00
A57: Submódulo 2.3 - Benefícios Mensais e Diários
A58: 2.3 | B58: Benefícios Mensais e Diários | H58: Valor unit.(R$) | I58: Valor (R$)
A59: A | B59: Transporte: Cálculo do valor: [(QtdexVTxNºdiasÚteis) – (%xSB)] | I59: =ROUND(((H61*H60*E23)-(I71*I23)),2) -> 0
A60: A.1 | B60: Valor da passagem do transporte coletivo no município de prestação dos serviços: CONFORME DECRETO MUNICIPAL Nº 252/2021
A61: A.2 | B61: Quantidade de passagens por dia por empregado:
A62: B | B62: Auxílio-alimentação (vales, cesta básica, entre outros) Cálculo do valor = [(NºdiasÚteisxVA)x(1-%)] | I62: =ROUND(((E23*H63*(1-I72))),2) -> 0
A63: B.1 | B63: Valor do auxílio alimentação diário: (ver existência de acordo ou Cláusula em CCT)
A64: C | B64: Plano de Saúde mensal | I64: =H64 -> 0
A65: D | B65: Auxílio-creche mensal | I65: =H65 -> 0
A66: E | B66: Outros - Plano de Benefício Familiar (ver existência de acordo ou Cláusula em CCT) | I66: =H66 -> 0
A67: F | B67: Outros – especificar: | I67: =H67 -> 0
A68: TOTAL | I68: =SUM(I59:I67) -> 0
A69: Nota 1: Podem ser incluídos nesta rubrica itens como seguro de vida, invalidez, outros conforme ACT/CCT e ainda eventuais benefícios devidos ao substituto
A70: Nota 2: O valor informado deverá ser o custo real do benefício (descontado o valor eventualmente pelo empregado)
A71: Nota 3: O percentual de desconto do Vale Transporte deve estar de acordo com a CCT. Para construção do exemplo, utilizamos 6% | H71: Percentual: | I71: 0.06
A72: Nota 4: O percentual de desconto do Vale Alimentação/Refeição deve estar de acordo com a CCT. Para construção do exemplo, utilizamos a estimativa de 20% | H72: Percentual: | I72: 0.2
A73: Nota 5: Auxílio creche Portaria MTb 3.296/86
A74: Quadro-Resumo - Módulo 2 - Encargos e Benefícios Anuais, Mensais e Diários
A75: 2 | B75: Encargos e Benefícios Anuais, Mensais e Diários | I75: Valor (R$)
A76: 2.1 | B76: 13º Salário, Férias e Adicional de Férias | I76: =+I38 -> 0
A77: 2.2 | B77: Encargos Previdenciários, FGTS e outras contribuições | I77: =+I51 -> 0
A78: 2.3 | B78: Benefícios Mensais e Diários | I78: =+I68 -> 0
A79: TOTAL | I79: =SUM(I76:I78) -> 0
A80: MÓDULO 3: PROVISÃO MENSAL PARA RESCISÃO
A81: 3 | B81: Provisão para rescisão mensal | I81: Valor (R$)
A82: A | B82: Aviso-prévio indenizado: Cálculo do valor = (Rem/12)x(nº de dias de indenização/30)x (Estatística de rotatividade anual) - utilizado 33 dias | I82: =ROUND(($I$29/12)*(33/30)*I89,2) -> 0
A83: B | B83: Incidência do FGTS sobre aviso-prévio indenizado | I83: =ROUND($H$48*I82,2) -> 0
A84: C | B84: Multa sobre FGTS referente ao aviso-prévio indenizado Cálculo do valor: Rem + 13º + férias (40%) x 8% x (Estatística de rotatividade anual) | I84: =ROUND(($I$29+$I$38)*(40%)*8%*I89,2) -> 0
A85: D | B85: Aviso-previo trabalhado Cálculo do valor= [(Rem/30)x7]/nº de meses do contrato | I85: =ROUND(((($I$29/30)*7)/$H$8),2) -> 0
A86: E | B86: Incidência dos encargos do submódulo 2.2 sobre o aviso-prévio trabalhado | I86: =ROUND($H$51*I85,2) -> 0
A87: F | B87: Multa sobre FGTS referente ao aviso-prévio trabalhado Cálculo do valor: Rem + 13º salário + férias (40%) x 8% x 100% | I87: =ROUND(($I$29+$I$38)*(40%)*8%*100%,2) -> 0
A88: TOTAL | I88: =SUM(I82:I87) -> 0
A89: Nota 1: A ocorrência de aviso-prévio indenizado deverá ser apurada com uso de dados referenciais levantados no histórico de contratos. Para construção do exemplo, utilizamos a estimativa que 2,5% dos empregados serão substituídos durante 6 meses. | H89: Estatística: | I89: 0.025
A90: MÓDULO 4: CUSTO MENSAL DE REPOSIÇÃO DO PROFISSIONAL AUSENTE
A91: Submódulo 4.1 - Ausências Legais
A92: 4.1 | B92: Ausências Legais | I92: Valor (R$)
A93: A | B93: Férias: Considerado no Submódulo 2.1
A94: B | B94: Ausências legais: Cálculo do valor = [(Rem/30)x(Estatística)]/12 | I94: =ROUND((($I$29/30)*I103)/12,2) -> 0
A95: C | B95: Licença-paternidade: Cálculo do valor = {[(Rem/30)x5dias]/12}x[Estatística] | I95: =ROUND((($I$29/30)*5)/12*I104,2) -> 0
A96: D | B96: Ausência por acidente de trabalho: Cálculo do valor = {[(Rem/30)x15dias]/12}x[Estatística] | I96: =ROUND(((($I$29/30)*15)/12)*I105,2) -> 0
A97: E | B97: Ausência por doença: Cálculo do valor = [(Rem/30)x(Estatística)]/12 | I97: =ROUND(((($I$29/30)*I106)/12),2) -> 0
A98: F | B98: Outros – especificar:
A99: Subtotal | I99: =SUM(I93:I98) -> 0
A100: G | B100: Incidência dos encargos do submódulo 4.1 sobre o custo de reposição do profissional ausente | I100: =ROUND(H51*I99,2) -> 0
A101: TOTAL | I101: =SUM(I99:I100) -> 0
A102: Nota 1: Férias – considerando que o valor pago ao substituto durante as férias do empregado já consta na remuneração (Módulo 1) e que o valor pago ao empregado para fazer frente ao custo de suas férias acrescidas de um terço constitucional já foram apuradas na letra B do submódulo 2.1., não existe o custo a ser aportado nesta rubrica
...
